Workbook

Sheet 1. Ext Debt Payments
A1: Country | B1: Income category | C1: SIDS | D1: 1980 | E1: =D1+1 -> 1981 | F1: =E1+1 -> 1982 | G1: =F1+1 -> 1983 | H1: =G1+1 -> 1984 | I1: =H1+1 -> 1985 | J1: =I1+1 -> 1986 | K1: =J1+1 -> 1987 | L1: =K1+1 -> 1988 | ... BG1: =BF1+1 -> 2035 | BH1: Average 2019-2025 | BI1: Average 2020-2025 | BJ1: Average 2024-2027 | BK1: Average 2025-2035 | BL1: Average 2026-2030
A3: Mean | D3: =AVERAGE(D6:D226) -> 0.14109968 | E3: =AVERAGE(E6:E226) -> 0.14272962 | F3: =AVERAGE(F6:F226) -> 0.16356523 | G3: =AVERAGE(G6:G226) -> 0.16520708 | H3: =AVERAGE(H6:H226) -> 0.21450768 | I3: =AVERAGE(I6:I226) -> 0.20326789 | J3: =AVERAGE(J6:J226) -> 0.22723228 | K3: =AVERAGE(K6:K226) -> 0.21630917 | ... BB3: =AVERAGE(BB6:BB226) -> 0.11766188
A4: Median | D4: =MEDIAN(D6:D258) -> 0.1161094 | E4: =MEDIAN(E6:E258) -> 0.097210093 | F4: =MEDIAN(F6:F258) -> 0.12471949 | G4: =MEDIAN(G6:G258) -> 0.1406509 | H4: =MEDIAN(H6:H258) -> 0.15148953 | I4: =MEDIAN(I6:I258) -> 0.18140059 | J4: =MEDIAN(J6:J258) -> 0.17920166 | K4: =MEDIAN(K6:K258) -> 0.18810381 | ... BB4: =MEDIAN(BB6:BB258) -> 0.09375
A6: Afghanistan | B6: Low | AD6: ='2. WB and IMF ext debt pay data'!AC4 -> 0.0083034795 | AE6: ='2. WB and IMF ext debt pay data'!AD4 -> 0.0037888008 | AF6: ='2. WB and IMF ext debt pay data'!AE4 -> 0.0045780359 | AG6: ='2. WB and IMF ext debt pay data'!AF4 -> 0.0045898837 | AH6: ='2. WB and IMF ext debt pay data'!AG4 -> 0.0028395629 | AI6: ='2. WB and IMF ext debt pay data'!AH4 -> 0.0026311922 | AJ6: ='2. WB and IMF ext debt pay data'!AI4 -> 0.0026853328 | AK6: ='2. WB and IMF ext debt pay data'!AJ4 -> 0.005006629 | ... AV6: ='2. WB and IMF ext debt pay data'!AU4 -> 0.019202428 | BI6: =AVERAGE(AR6:AW6) -> 0.012669665 | BJ6: =AVERAGE(AV6:AY6) -> 0.019202428
A7: Albania | B7: Upper middle | O7: ='2. WB and IMF ext debt pay data'!N7 -> 0.014870649 | P7: ='2. WB and IMF ext debt pay data'!O7 -> 0.013317628 | Q7: ='2. WB and IMF ext debt pay data'!P7 -> 0.0306895 | R7: ='2. WB and IMF ext debt pay data'!Q7 -> 0.043017502 | S7: ='2. WB and IMF ext debt pay data'!R7 -> 0.014298177 | T7: ='2. WB and IMF ext debt pay data'!S7 -> 0.034590249 | U7: ='2. WB and IMF ext debt pay data'!T7 -> 0.052971176 | V7: ='2. WB and IMF ext debt pay data'!U7 -> 0.0272251 | ... BB7: ='2. WB and IMF ext debt pay data'!BA7 -> 0.09375 | BH7: =AVERAGE(AQ7:AW7) -> 0.11386497 | BI7: =AVERAGE(AR7:AW7) -> 0.11741212 | BJ7: =AVERAGE(AV7:AY7) -> 0.10994424
A8: Algeria | B8: Upper middle | D8: ='2. WB and IMF ext debt pay data'!C10 -> 0.31978985 | E8: ='2. WB and IMF ext debt pay data'!D10 -> 0.30094233 | F8: ='2. WB and IMF ext debt pay data'!E10 -> 0.33375674 | G8: ='2. WB and IMF ext debt pay data'!F10 -> 0.32936452 | H8: ='2. WB and IMF ext debt pay data'!G10 -> 0.32965716 | I8: ='2. WB and IMF ext debt pay data'!H10 -> 0.27210674 | J8: ='2. WB and IMF ext debt pay data'!I10 -> 0.28450395 | K8: ='2. WB and IMF ext debt pay data'!J10 -> 0.29062167 | ... BB8: ='2. WB and IMF ext debt pay data'!BA10 -> 0.0010171173 | BH8: =AVERAGE(AQ8:AW8) -> 0.0026809243 | BI8: =AVERAGE(AR8:AW8) -> 0.0027298741 | BJ8: =AVERAGE(AV8:AY8) -> 0.0019613902
A9: Angola | B9: Lower middle | M9: ='2. WB and IMF ext debt pay data'!L13 -> 0.053565998 | N9: ='2. WB and IMF ext debt pay data'!M13 -> 0.05703397 | O9: ='2. WB and IMF ext debt pay data'!N13 -> 0.069804105 | P9: ='2. WB and IMF ext debt pay data'!O13 -> 0.051607501 | Q9: ='2. WB and IMF ext debt pay data'!P13 -> 0.032920271 | R9: ='2. WB and IMF ext debt pay data'!Q13 -> 0.10421847 | S9: ='2. WB and IMF ext debt pay data'!R13 -> 0.16970729 | T9: ='2. WB and IMF ext debt pay data'!S13 -> 0.26102284 | ... BB9: ='2. WB and IMF ext debt pay data'!BA13 -> 0.51851852 | BH9: =AVERAGE(AQ9:AW9) -> 0.49867964 | BI9: =AVERAGE(AR9:AW9) -> 0.48821755 | BJ9: =AVERAGE(AV9:AY9) -> 0.50147321
A10: Antigua and Barbuda | B10: High | C10: SIDS | AT10: ='2. WB and IMF ext debt pay data'!AS16 -> 0.10555556 | AU10: ='2. WB and IMF ext debt pay data'!AT16 -> 0.1257485 | AV10: ='2. WB and IMF ext debt pay data'!AU16 -> 0.14155251 | AW10: ='2. WB and IMF ext debt pay data'!AV16 -> 0.071428571 | AX10: ='2. WB and IMF ext debt pay data'!AW16 -> 0.096330275 | AY10: ='2. WB and IMF ext debt pay data'!AX16 -> 0.11428571 | AZ10: ='2. WB and IMF ext debt pay data'!AY16 -> 0.12857143 | BA10: ='2. WB and IMF ext debt pay data'!AZ16 -> 0.12980769 | BB10: ='2. WB and IMF ext debt pay data'!BA16 -> 0.13461538 | BH10: =AVERAGE(AQ10:AW10) -> 0.11107129 | BI10: =AVERAGE(AR10:AW10) -> 0.11107129 | BJ10: =AVERAGE(AV10:AY10) -> 0.10589927
A11: Argentina | B11: Upper middle | D11: ='2. WB and IMF ext debt pay data'!C19 -> 0.042093334 | E11: ='2. WB and IMF ext debt pay data'!D19 -> 0.054535501 | F11: ='2. WB and IMF ext debt pay data'!E19 -> 0.11827983 | G11: ='2. WB and IMF ext debt pay data'!F19 -> 0.10304012 | H11: ='2. WB and IMF ext debt pay data'!G19 -> 0.13751131 | I11: ='2. WB and IMF ext debt pay data'!H19 -> 0.21869061 | J11: ='2. WB and IMF ext debt pay data'!I19 -> 0.23658921 | K11: ='2. WB and IMF ext debt pay data'!J19 -> 0.21503756 | ... BB11: ='2. WB and IMF ext debt pay data'!BA19 -> 0.36585366 | BH11: =AVERAGE(AQ11:AW11) -> 0.1284185 | BI11: =AVERAGE(AR11:AW11) -> 0.11722121 | BJ11: =AVERAGE(AV11:AY11) -> 0.21388694 | BL11: =AVERAGE(AX11:BB11) -> 0.33215715
A12: Armenia | B12: Upper middle | Q12: ='2. WB and IMF ext debt pay data'!P22 -> 0.00895304 | R12: ='2. WB and IMF ext debt pay data'!Q22 -> 0.026201122 | S12: ='2. WB and IMF ext debt pay data'!R22 -> 0.049122409 | T12: ='2. WB and IMF ext debt pay data'!S22 -> 0.17325247 | U12: ='2. WB and IMF ext debt pay data'!T22 -> 0.090340761 | V12: ='2. WB and IMF ext debt pay data'!U22 -> 0.18366441 | W12: ='2. WB and IMF ext debt pay data'!V22 -> 0.17013006 | X12: ='2. WB and IMF ext debt pay data'!W22 -> 0.1456302 | ... BB12: ='2. WB and IMF ext debt pay data'!BA22 -> 0.097276265 | BH12: =AVERAGE(AQ12:AW12) -> 0.1539904 | BI12: =AVERAGE(AR12:AW12) -> 0.13696757 | BJ12: =AVERAGE(AV12:AY12) -> 0.1115557
A13: Aruba | B13: High | AV13: ='2. WB and IMF ext debt pay data'!AU23 -> 0.29795918 | AW13: ='2. WB and IMF ext debt pay data'!AV23 -> 0.25531915 | AX13: ='2. WB and IMF ext debt pay data'!AW23 -> 0.28947368 | AY13: ='2. WB and IMF ext debt pay data'!AX23 -> 0.25 | AZ13: ='2. WB and IMF ext debt pay data'!AY23 -> 0.3245614 | BA13: ='2. WB and IMF ext debt pay data'!AZ23 -> 0.39823009 | BB13: ='2. WB and IMF ext debt pay data'!BA23 -> 0.21875 | BH13: =AVERAGE(AQ13:AW13) -> 0.27663917 | BI13: =AVERAGE(AR13:AW13) -> 0.27663917 | BJ13: =AVERAGE(AV13:AY13) -> 0.273188
A14: Azerbaijan | B14: Upper middle | S14: ='2. WB and IMF ext debt pay data'!R28 -> 0.023152865 | T14: ='2. WB and IMF ext debt pay data'!S28 -> 0.01657231 | U14: ='2. WB and IMF ext debt pay data'!T28 -> 0.10194784 | V14: ='2. WB and IMF ext debt pay data'!U28 -> 0.024438234 | W14: ='2. WB and IMF ext debt pay data'!V28 -> 0.07135144 | X14: ='2. WB and IMF ext debt pay data'!W28 -> 0.12443963 | Y14: ='2. WB and IMF ext debt pay data'!X28 -> 0.057196893 | Z14: ='2. WB and IMF ext debt pay data'!Y28 -> 0.046275423 | ... BB14: ='2. WB and IMF ext debt pay data'!BA28 -> 0.053268765 | BH14: =AVERAGE(AQ14:AW14) -> 0.072630449 | BI14: =AVERAGE(AR14:AW14) -> 0.071912937 | BJ14: =AVERAGE(AV14:AY14) -> 0.045164399
A15: Bahamas, The | B15: High | C15: SIDS | AT15: ='2. WB and IMF ext debt pay data'!AS31 -> 0.2985782 | AU15: ='2. WB and IMF ext debt pay data'!AT31 -> 0.30275229 | AV15: ='2. WB and IMF ext debt pay data'!AU31 -> 0.38862559 | AW15: ='2. WB and IMF ext debt pay data'!AV31 -> 0.54545455 | AX15: ='2. WB and IMF ext debt pay data'!AW31 -> 0.28828829 | AY15: ='2. WB and IMF ext debt pay data'!AX31 -> 0.29279279 | AZ15: ='2. WB and IMF ext debt pay data'!AY31 -> 0.29279279 | BA15: ='2. WB and IMF ext debt pay data'!AZ31 -> 0.28378378 | BB15: ='2. WB and IMF ext debt pay data'!BA31 -> 0.28828829 | BH15: =AVERAGE(AQ15:AW15) -> 0.38385266 | BI15: =AVERAGE(AR15:AW15) -> 0.38385266 | BJ15: =AVERAGE(AV15:AY15) -> 0.3787903
A16: Bangladesh | B16: Lower middle | D16: ='2. WB and IMF ext debt pay data'!C34 -> 0.17791064 | E16: ='2. WB and IMF ext debt pay data'!D34 -> 0.13104745 | F16: ='2. WB and IMF ext debt pay data'!E34 -> 0.16264571 | G16: ='2. WB and IMF ext debt pay data'!F34 -> 0.16859284 | H16: ='2. WB and IMF ext debt pay data'!G34 -> 0.20994939 | I16: ='2. WB and IMF ext debt pay data'!H34 -> 0.21374795 | J16: ='2. WB and IMF ext debt pay data'!I34 -> 0.27239621 | K16: ='2. WB and IMF ext debt pay data'!J34 -> 0.30262147 | ... BB16: ='2. WB and IMF ext debt pay data'!BA34 -> 0.111 | BH16: =AVERAGE(AQ16:AW16) -> 0.10969079 | BI16: =AVERAGE(AR16:AW16) -> 0.11616042 | BJ16: =AVERAGE(AV16:AY16) -> 0.151439
A17: Barbados | B17: High | C17: SIDS | AU17: ='2. WB and IMF ext debt pay data'!AT37 -> 0.14285714 | AV17: ='2. WB and IMF ext debt pay data'!AU37 -> 0.15972222 | AW17: ='2. WB and IMF ext debt pay data'!AV37 -> 0.19330855 | AX17: ='2. WB and IMF ext debt pay data'!AW37 -> 0.17712177 | AY17: ='2. WB and IMF ext debt pay data'!AX37 -> 0.17712177 | AZ17: ='2. WB and IMF ext debt pay data'!AY37 -> 0.1697417 | BA17: ='2. WB and IMF ext debt pay data'!AZ37 -> 0.16236162 | BB17: ='2. WB and IMF ext debt pay data'!BA37 -> 0.11808118 | BH17: =AVERAGE(AQ17:AW17) -> 0.16529597 | BI17: =AVERAGE(AR17:AW17) -> 0.16529597 | BJ17: =AVERAGE(AV17:AY17) -> 0.17681858
A18: Belize | B18: Upper middle | C18: SIDS | D18: ='2. WB and IMF ext debt pay data'!C40 -> 0.035620294 | E18: ='2. WB and IMF ext debt pay data'!D40 -> 0.076592157 | F18: ='2. WB and IMF ext debt pay data'!E40 -> 0.13309287 | G18: ='2. WB and IMF ext debt pay data'!F40 -> 0.1541148 | H18: ='2. WB and IMF ext debt pay data'!G40 -> 0.13466628 | I18: ='2. WB and IMF ext debt pay data'!H40 -> 0.32742146 | J18: ='2. WB and IMF ext debt pay data'!I40 -> 0.27859204 | K18: ='2. WB and IMF ext debt pay data'!J40 -> 0.23080462 | ... BB18: ='2. WB and IMF ext debt pay data'!BA40 -> 0.1350211 | BH18: =AVERAGE(AQ18:AW18) -> 0.14592914 | BI18: =AVERAGE(AR18:AW18) -> 0.14355645 | BJ18: =AVERAGE(AV18:AY18) -> 0.14687874
A19: Benin | B19: Lower middle | D19: ='2. WB and IMF ext debt pay data'!C43 -> 0.025442508 | E19: ='2. WB and IMF ext debt pay data'!D43 -> 0.043274687 | F19: ='2. WB and IMF ext debt pay data'!E43 -> 0.063209393 | G19: ='2. WB and IMF ext debt pay data'!F43 -> 0.12613988 | H19: ='2. WB and IMF ext debt pay data'!G43 -> 0.18552307 | I19: ='2. WB and IMF ext debt pay data'!H43 -> 0.17885615 | J19: ='2. WB and IMF ext debt pay data'!I43 -> 0.1791803 | K19: ='2. WB and IMF ext debt pay data'!J43 -> 0.088918933 | ... BB19: ='2. WB and IMF ext debt pay data'!BA43 -> 0.193 | BH19: =AVERAGE(AQ19:AW19) -> 0.22848701 | BI19: =AVERAGE(AR19:AW19) -> 0.24916369 | BJ19: =AVERAGE(AV19:AY19) -> 0.26581943
A20: Bhutan | B20: Lower middle | E20: ='2. WB and IMF ext debt pay data'!D46 -> 3.5537319e-05 | F20: ='2. WB and IMF ext debt pay data'!E46 -> 6.3057713e-05 | G20: ='2. WB and IMF ext debt pay data'!F46 -> 9.6012635e-05 | H20: ='2. WB and IMF ext debt pay data'!G46 -> 0.0004716449 | I20: ='2. WB and IMF ext debt pay data'!H46 -> 0.00036381942 | J20: ='2. WB and IMF ext debt pay data'!I46 -> 0.0017189181 | K20: ='2. WB and IMF ext debt pay data'!J46 -> 0.0046183679 | L20: ='2. WB and IMF ext debt pay data'!K46 -> 0.010296698 | ... BB20: ='2. WB and IMF ext debt pay data'!BA46 -> 0.39 | BH20: =AVERAGE(AQ20:AW20) -> 0.15757279 | BI20: =AVERAGE(AR20:AW20) -> 0.16679851 | BJ20: =AVERAGE(AV20:AY20) -> 0.32663325
A21: Bolivia | B21: Lower middle | D21: ='2. WB and IMF ext debt pay data'!C49 -> 0.43687382 | E21: ='2. WB and IMF ext debt pay data'!D49 -> 0.23105106 | F21: ='2. WB and IMF ext debt pay data'!E49 -> 0.89151536 | G21: ='2. WB and IMF ext debt pay data'!F49 -> 0.71054851 | H21: ='2. WB and IMF ext debt pay data'!G49 -> 2.5051691 | I21: ='2. WB and IMF ext debt pay data'!H49 -> 0.58106557 | J21: ='2. WB and IMF ext debt pay data'!I49 -> 0.26440661 | K21: ='2. WB and IMF ext debt pay data'!J49 -> 0.29513196 | ... BB21: ='2. WB and IMF ext debt pay data'!BA49 -> 0.055319149 | BH21: =AVERAGE(AQ21:AW21) -> 0.10814517 | BI21: =AVERAGE(AR21:AW21) -> 0.11517453 | BJ21: =AVERAGE(AV21:AY21) -> 0.1096713
A22: Bosnia and Herzegovina | B22: Upper middle | W22: ='2. WB and IMF ext debt pay data'!V52 -> 0.053240029 | X22: ='2. WB and IMF ext debt pay data'!W52 -> 0.099222107 | Y22: ='2. WB and IMF ext debt pay data'!X52 -> 0.099645375 | Z22: ='2. WB and IMF ext debt pay data'!Y52 -> 0.044444245 | AA22: ='2. WB and IMF ext debt pay data'!Z52 -> 0.037432833 | AB22: ='2. WB and IMF ext debt pay data'!AA52 -> 0.03233317 | AC22: ='2. WB and IMF ext debt pay data'!AB52 -> 0.029829329 | AD22: ='2. WB and IMF ext debt pay data'!AC52 -> 0.029609673 | ... BB22: ='2. WB and IMF ext debt pay data'!BA52 -> 0.070422535 | BH22: =AVERAGE(AQ22:AW22) -> 0.063096052 | BI22: =AVERAGE(AR22:AW22) -> 0.063228001 | BJ22: =AVERAGE(AV22:AY22) -> 0.061702813
A23: Botswana | B23: Upper middle | D23: ='2. WB and IMF ext debt pay data'!C55 -> 0.024468922 | E23: ='2. WB and IMF ext debt pay data'!D55 -> 0.019183755 | F23: ='2. WB and IMF ext debt pay data'!E55 -> 0.028659073 | G23: ='2. WB and IMF ext debt pay data'!F55 -> 0.046717147 | H23: ='2. WB and IMF ext debt pay data'!G55 -> 0.060747517 | I23: ='2. WB and IMF ext debt pay data'!H55 -> 0.096144477 | J23: ='2. WB and IMF ext debt pay data'!I55 -> 0.067933967 | K23: ='2. WB and IMF ext debt pay data'!J55 -> 0.069613024 | ... BB23: ='2. WB and IMF ext debt pay data'!BA55 -> 0.044117647 | BH23: =AVERAGE(AQ23:AW23) -> 0.0391194 | BI23: =AVERAGE(AR23:AW23) -> 0.039237634 | BJ23: =AVERAGE(AV23:AY23) -> 0.048467897
A24: Brazil | B24: Upper middle | D24: ='2. WB and IMF ext debt pay data'!C58 -> 0.15170942 | E24: ='2. WB and IMF ext debt pay data'!D58 -> 0.14986913 | F24: ='2. WB and IMF ext debt pay data'!E58 -> 0.15663557 | G24: ='2. WB and IMF ext debt pay data'!F58 -> 0.1420017 | H24: ='2. WB and IMF ext debt pay data'!G58 -> 0.15148953 | I24: ='2. WB and IMF ext debt pay data'!H58 -> 0.091303058 | J24: ='2. WB and IMF ext debt pay data'!I58 -> 0.086426497 | K24: ='2. WB and IMF ext debt pay data'!J58 -> 0.08795146 | ... BB24: ='2. WB and IMF ext debt pay data'!BA58 -> 0.012376238 | BH24: =AVERAGE(AQ24:AW24) -> 0.044465147 | BI24: =AVERAGE(AR24:AW24) -> 0.042106237 | BJ24: =AVERAGE(AV24:AY24) -> 0.022989794
A25: Burkina Faso | B25: Low | D25: ='2. WB and IMF ext debt pay data'!C62 -> 0.059242645 | E25: ='2. WB and IMF ext debt pay data'!D62 -> 0.055140574 | F25: ='2. WB and IMF ext debt pay data'!E62 -> 0.065809999 | G25: ='2. WB and IMF ext debt pay data'!F62 -> 0.071445128 | H25: ='2. WB and IMF ext debt pay data'!G62 -> 0.099367131 | I25: ='2. WB and IMF ext debt pay data'!H62 -> 0.14831704 | J25: ='2. WB and IMF ext debt pay data'!I62 -> 0.13082561 | K25: ='2. WB and IMF ext debt pay data'!J62 -> 0.085802346 | ... BB25: ='2. WB and IMF ext debt pay data'!BA62 -> 0.05 | BH25: =AVERAGE(AQ25:AW25) -> 0.054438267 | BI25: =AVERAGE(AR25:AW25) -> 0.054943823 | BJ25: =AVERAGE(AV25:AY25) -> 0.06604306
A26: Burundi | B26: Low | D26: ='2. WB and IMF ext debt pay data'!C65 -> 0.026819107 | E26: ='2. WB and IMF ext debt pay data'!D65 -> 0.022699747 | F26: ='2. WB and IMF ext debt pay data'!E65 -> 0.023094049 | G26: ='2. WB and IMF ext debt pay data'!F65 -> 0.044505838 | H26: ='2. WB and IMF ext debt pay data'!G65 -> 0.084090376 | I26: ='2. WB and IMF ext debt pay data'!H65 -> 0.077949415 | J26: ='2. WB and IMF ext debt pay data'!I65 -> 0.10036958 | K26: ='2. WB and IMF ext debt pay data'!J65 -> 0.14332799 | ... BB26: ='2. WB and IMF ext debt pay data'!BA65 -> 0.03 | BH26: =AVERAGE(AQ26:AW26) -> 0.051648186 | BI26: =AVERAGE(AR26:AW26) -> 0.050975076 | BJ26: =AVERAGE(AV26:AY26) -> 0.05684694
A27: Cabo Verde | B27: Upper middle | C27: SIDS | E27: ='2. WB and IMF ext debt pay data'!D68 -> 0.0051255999 | F27: ='2. WB and IMF ext debt pay data'!E68 -> 0.030547892 | G27: ='2. WB and IMF ext debt pay data'!F68 -> 0.064113396 | H27: ='2. WB and IMF ext debt pay data'!G68 -> 0.11218855 | I27: ='2. WB and IMF ext debt pay data'!H68 -> 0.089947279 | J27: ='2. WB and IMF ext debt pay data'!I68 -> 0.069133124 | K27: ='2. WB and IMF ext debt pay data'!J68 -> 0.092148643 | L27: ='2. WB and IMF ext debt pay data'!K68 -> 0.075702147 | ... BB27: ='2. WB and IMF ext debt pay data'!BA68 -> 0.132 | BH27: =AVERAGE(AQ27:AW27) -> 0.15520813 | BI27: =AVERAGE(AR27:AW27) -> 0.16370959 | BJ27: =AVERAGE(AV27:AY27) -> 0.17502688
A28: Cambodia | B28: Lower middle | P28: ='2. WB and IMF ext debt pay data'!O71 -> 0.06174553 | Q28: ='2. WB and IMF ext debt pay data'!P71 -> 0.17223995 | R28: ='2. WB and IMF ext debt pay data'!Q71 -> 0.0037687269 | S28: ='2. WB and IMF ext debt pay data'!R71 -> 0.023995168 | T28: ='2. WB and IMF ext debt pay data'!S71 -> 0.026155844 | U28: ='2. WB and IMF ext debt pay data'!T71 -> 0.026611511 | V28: ='2. WB and IMF ext debt pay data'!U71 -> 0.038545839 | W28: ='2. WB and IMF ext debt pay data'!V71 -> 0.047662028 | ... BB28: ='2. WB and IMF ext debt pay data'!BA71 -> 0.095 | BH28: =AVERAGE(AQ28:AW28) -> 0.069123638 | BI28: =AVERAGE(AR28:AW28) -> 0.07348872 | BJ28: =AVERAGE(AV28:AY28) -> 0.09496996
A29: Cameroon | B29: Lower middle | D29: ='2. WB and IMF ext debt pay data'!C74 -> 0.15396247 | E29: ='2. WB and IMF ext debt pay data'!D74 -> 0.14473783 | F29: ='2. WB and IMF ext debt pay data'!E74 -> 0.19008194 | G29: ='2. WB and IMF ext debt pay data'!F74 -> 0.14606203 | H29: ='2. WB and IMF ext debt pay data'!G74 -> 0.15582894 | I29: ='2. WB and IMF ext debt pay data'!H74 -> 0.16007972 | J29: ='2. WB and IMF ext debt pay data'!I74 -> 0.15474442 | K29: ='2. WB and IMF ext debt pay data'!J74 -> 0.14241368 | ... BB29: ='2. WB and IMF ext debt pay data'!BA74 -> 0.169 | BH29: =AVERAGE(AQ29:AW29) -> 0.1716289 | BI29: =AVERAGE(AR29:AW29) -> 0.18139784 | BJ29: =AVERAGE(AV29:AY29) -> 0.18520712
A30: Central African Republic | B30: Low | D30: ='2. WB and IMF ext debt pay data'!C77 -> 0.069069578 | E30: ='2. WB and IMF ext debt pay data'!D77 -> 0.070638122 | F30: ='2. WB and IMF ext debt pay data'!E77 -> 0.060324187 | G30: ='2. WB and IMF ext debt pay data'!F77 -> 0.17873982 | H30: ='2. WB and IMF ext debt pay data'!G77 -> 0.22036889 | I30: ='2. WB and IMF ext debt pay data'!H77 -> 0.17720045 | J30: ='2. WB and IMF ext debt pay data'!I77 -> 0.14523649 | K30: ='2. WB and IMF ext debt pay data'!J77 -> 0.12872844 | ... BB30: ='2. WB and IMF ext debt pay data'!BA77 -> 0.099 | BH30: =AVERAGE(AQ30:AW30) -> 0.096623557 | BI30: =AVERAGE(AR30:AW30) -> 0.10022412 | BJ30: =AVERAGE(AV30:AY30) -> 0.19524302
A31: Chad | B31: Low | D31: ='2. WB and IMF ext debt pay data'!C80 -> 0.069448729 | E31: ='2. WB and IMF ext debt pay data'!D80 -> 0.074734487 | F31: ='2. WB and IMF ext debt pay data'!E80 -> 0.017590188 | G31: ='2. WB and IMF ext debt pay data'!F80 -> 0.011421337 | H31: ='2. WB and IMF ext debt pay data'!G80 -> 0.072418313 | I31: ='2. WB and IMF ext debt pay data'!H80 -> 0.15185546 | J31: ='2. WB and IMF ext debt pay data'!I80 -> 0.055930885 | K31: ='2. WB and IMF ext debt pay data'!J80 -> 0.046983245 | ... BB31: ='2. WB and IMF ext debt pay data'!BA80 -> 0.075 | BH31: =AVERAGE(AQ31:AW31) -> 0.12435664 | BI31: =AVERAGE(AR31:AW31) -> 0.13087632 | BJ31: =AVERAGE(AV31:AY31) -> 0.10910571
A32: China | B32: Upper middle | E32: ='2. WB and IMF ext debt pay data'!D83 -> 0.025120238 | F32: ='2. WB and IMF ext debt pay data'!E83 -> 0.026919765 | G32: ='2. WB and IMF ext debt pay data'!F83 -> 0.032023085 | H32: ='2. WB and IMF ext debt pay data'!G83 -> 0.025704885 | I32: ='2. WB and IMF ext debt pay data'!H83 -> 0.025990471 | J32: ='2. WB and IMF ext debt pay data'!I83 -> 0.038668764 | K32: ='2. WB and IMF ext debt pay data'!J83 -> 0.049657123 | L32: ='2. WB and IMF ext debt pay data'!K83 -> 0.057274006 | ... BB32: ='2. WB and IMF ext debt pay data'!BA83 -> 0.024508663 | BH32: =AVERAGE(AQ32:AW32) -> 0.015823409 | BI32: =AVERAGE(AR32:AW32) -> 0.01724263 | BJ32: =AVERAGE(AV32:AY32) -> 0.015743905
A33: Colombia | B33: Upper middle | D33: ='2. WB and IMF ext debt pay data'!C86 -> 0.10759336 | E33: ='2. WB and IMF ext debt pay data'!D86 -> 0.12506346 | F33: ='2. WB and IMF ext debt pay data'!E86 -> 0.15437934 | G33: ='2. WB and IMF ext debt pay data'!F86 -> 0.15429712 | H33: ='2. WB and IMF ext debt pay data'!G86 -> 0.18300037 | I33: ='2. WB and IMF ext debt pay data'!H86 -> 0.2399 | J33: ='2. WB and IMF ext debt pay data'!I86 -> 0.30816594 | K33: ='2. WB and IMF ext debt pay data'!J86 -> 0.33207284 | ... BB33: ='2. WB and IMF ext debt pay data'!BA86 -> 0.1043956 | BH33: =AVERAGE(AQ33:AW33) -> 0.12068346 | BI33: =AVERAGE(AR33:AW33) -> 0.125921 | BJ33: =AVERAGE(AV33:AY33) -> 0.14170934
A34: Comoros | B34: Lower middle | C34: SIDS | D34: ='2. WB and IMF ext debt pay data'!C89 -> 0.0065818172 | E34: ='2. WB and IMF ext debt pay data'!D89 -> 0.012268048 | F34: ='2. WB and IMF ext debt pay data'!E89 -> 0.017683218 | G34: ='2. WB and IMF ext debt pay data'!F89 -> 0.037766152 | H34: ='2. WB and IMF ext debt pay data'!G89 -> 0.074891608 | I34: ='2. WB and IMF ext debt pay data'!H89 -> 0.04964289 | J34: ='2. WB and IMF ext debt pay data'!I89 -> 0.034987947 | K34: ='2. WB and IMF ext debt pay data'!J89 -> 0.01869067 | ... BB34: ='2. WB and IMF ext debt pay data'!BA89 -> 0.118 | BH34: =AVERAGE(AQ34:AW34) -> 0.064657582 | BI34: =AVERAGE(AR34:AW34) -> 0.067331782 | BJ34: =AVERAGE(AV34:AY34) -> 0.11683652
A35: DR Congo | B35: Low | D35: ='2. WB and IMF ext debt pay data'!C92 -> 0.072459797 | E35: ='2. WB and IMF ext debt pay data'!D92 -> 0.05831423 | F35: ='2. WB and IMF ext debt pay data'!E92 -> 0.028506297 | G35: ='2. WB and IMF ext debt pay data'!F92 -> 0.04319324 | H35: ='2. WB and IMF ext debt pay data'!G92 -> 0.11193971 | I35: ='2. WB and IMF ext debt pay data'!H92 -> 0.14870933 | J35: ='2. WB and IMF ext debt pay data'!I92 -> 0.12093259 | K35: ='2. WB and IMF ext debt pay data'!J92 -> 0.13033821 | ... BB35: ='2. WB and IMF ext debt pay data'!BA92 -> 0.088 | BH35: =AVERAGE(AQ35:AW35) -> 0.056804093 | BI35: =AVERAGE(AR35:AW35) -> 0.055929538 | BJ35: =AVERAGE(AV35:AY35) -> 0.05897207
A36: R Congo | B36: Lower middle | M36: ='2. WB and IMF ext debt pay data'!L95 -> 0.58478038 | N36: ='2. WB and IMF ext debt pay data'!M95 -> 0.61545915 | O36: ='2. WB and IMF ext debt pay data'!N95 -> 0.40592638 | P36: ='2. WB and IMF ext debt pay data'!O95 -> 0.22777031 | Q36: ='2. WB and IMF ext debt pay data'!P95 -> 0.19829464 | R36: ='2. WB and IMF ext debt pay data'!Q95 -> 0.30141668 | S36: ='2. WB and IMF ext debt pay data'!R95 -> 0.29022899 | T36: ='2. WB and IMF ext debt pay data'!S95 -> 0.48937279 | ... BB36: ='2. WB and IMF ext debt pay data'!BA95 -> 0.126 | BH36: =AVERAGE(AQ36:AW36) -> 0.22706506 | BI36: =AVERAGE(AR36:AW36) -> 0.24049634 | BJ36: =AVERAGE(AV36:AY36) -> 0.18307328
A37: Costa Rica | AV37: ='2. WB and IMF ext debt pay data'!AU97 -> 0.20805369 | AW37: ='2. WB and IMF ext debt pay data'!AV97 -> 0.21333333 | AX37: ='2. WB and IMF ext debt pay data'!AW97 -> 0.16556291 | AY37: ='2. WB and IMF ext debt pay data'!AX97 -> 0.17218543 | AZ37: ='2. WB and IMF ext debt pay data'!AY97 -> 0.1192053 | BA37: ='2. WB and IMF ext debt pay data'!AZ97 -> 0.17880795 | BB37: ='2. WB and IMF ext debt pay data'!BA97 -> 0.13907285 | BH37: =AVERAGE(AQ37:AW37) -> 0.21069351 | BI37: =AVERAGE(AR37:AW37) -> 0.21069351 | BJ37: =AVERAGE(AV37:AY37) -> 0.18978384
A38: Cote d'Ivoire | B38: Lower middle | D38: ='2. WB and IMF ext debt pay data'!C100 -> 0.48238193 | E38: ='2. WB and IMF ext debt pay data'!D100 -> 0.61826683 | F38: ='2. WB and IMF ext debt pay data'!E100 -> 0.72853882 | G38: ='2. WB and IMF ext debt pay data'!F100 -> 0.68528464 | H38: ='2. WB and IMF ext debt pay data'!G100 -> 0.6086981 | I38: ='2. WB and IMF ext debt pay data'!H100 -> 0.61504368 | J38: ='2. WB and IMF ext debt pay data'!I100 -> 0.60063069 | K38: ='2. WB and IMF ext debt pay data'!J100 -> 0.4247164 | ... BB38: ='2. WB and IMF ext debt pay data'!BA100 -> 0.169 | BH38: =AVERAGE(AQ38:AW38) -> 0.25440351 | BI38: =AVERAGE(AR38:AW38) -> 0.24828408 | BJ38: =AVERAGE(AV38:AY38) -> 0.25678072
A39: Djibouti | B39: Lower middle | N39: ='2. WB and IMF ext debt pay data'!M103 -> 0.064509227 | O39: ='2. WB and IMF ext debt pay data'!N103 -> 0.059748984 | P39: ='2. WB and IMF ext debt pay data'!O103 -> 0.052083505 | Q39: ='2. WB and IMF ext debt pay data'!P103 -> 0.046040644 | R39: ='2. WB and IMF ext debt pay data'!Q103 -> 0.059798993 | S39: ='2. WB and IMF ext debt pay data'!R103 -> 0.072909746 | T39: ='2. WB and IMF ext debt pay data'!S103 -> 0.076495721 | U39: ='2. WB and IMF ext debt pay data'!T103 -> 0.043455235 | ... BB39: ='2. WB and IMF ext debt pay data'!BA103 -> 0.169 | BH39: =AVERAGE(AQ39:AW39) -> 0.10266881 | BI39: =AVERAGE(AR39:AW39) -> 0.10420619 | BJ39: =AVERAGE(AV39:AY39) -> 0.164187
A40: Dominica | B40: Upper middle | C40: SIDS | E40: ='2. WB and IMF ext debt pay data'!D106 -> 0.028501046 | F40: ='2. WB and IMF ext debt pay data'!E106 -> 0.039221415 | G40: ='2. WB and IMF ext debt pay data'!F106 -> 0.081550474 | H40: ='2. WB and IMF ext debt pay data'!G106 -> 0.14498265 | I40: ='2. WB and IMF ext debt pay data'!H106 -> 0.1397745 | J40: ='2. WB and IMF ext debt pay data'!I106 -> 0.14797983 | K40: ='2. WB and IMF ext debt pay data'!J106 -> 0.20717186 | L40: ='2. WB and IMF ext debt pay data'!K106 -> 0.15855038 | ... BB40: ='2. WB and IMF ext debt pay data'!BA106 -> 0.059 | BH40: =AVERAGE(AQ40:AW40) -> 0.092465376 | BI40: =AVERAGE(AR40:AW40) -> 0.089468507 | BJ40: =AVERAGE(AV40:AY40) -> 0.089715554
A41: Dominican Republic | B41: Upper middle | C41: SIDS | D41: ='2. WB and IMF ext debt pay data'!C109 -> 0.20212219 | E41: ='2. WB and IMF ext debt pay data'!D109 -> 0.20729871 | F41: ='2. WB and IMF ext debt pay data'!E109 -> 0.23089591 | G41: ='2. WB and IMF ext debt pay data'!F109 -> 0.19906805 | H41: ='2. WB and IMF ext debt pay data'!G109 -> 0.10196756 | I41: ='2. WB and IMF ext debt pay data'!H109 -> 0.30515915 | J41: ='2. WB and IMF ext debt pay data'!I109 -> 0.33778032 | K41: ='2. WB and IMF ext debt pay data'!J109 -> 0.25051427 | ... BB41: ='2. WB and IMF ext debt pay data'!BA109 -> 0.23870968 | BH41: =AVERAGE(AQ41:AW41) -> 0.21360213 | BI41: =AVERAGE(AR41:AW41) -> 0.22349355 | BJ41: =AVERAGE(AV41:AY41) -> 0.18426979
A42: Ecuador | B42: Upper middle | D42: ='2. WB and IMF ext debt pay data'!C112 -> 0.18530888 | E42: ='2. WB and IMF ext debt pay data'!D112 -> 0.29678027 | F42: ='2. WB and IMF ext debt pay data'!E112 -> 0.35617756 | G42: ='2. WB and IMF ext debt pay data'!F112 -> 0.19857276 | H42: ='2. WB and IMF ext debt pay data'!G112 -> 0.3520239 | I42: ='2. WB and IMF ext debt pay data'!H112 -> 0.2847583 | J42: ='2. WB and IMF ext debt pay data'!I112 -> 0.41370748 | K42: ='2. WB and IMF ext debt pay data'!J112 -> 0.32184046 | ... BB42: ='2. WB and IMF ext debt pay data'!BA112 -> 0.094185759 | BH42: =AVERAGE(AQ42:AW42) -> 0.11821255 | BI42: =AVERAGE(AR42:AW42) -> 0.11072752 | BJ42: =AVERAGE(AV42:AY42) -> 0.11766564
A43: Egypt | B43: Lower middle | D43: ='2. WB and IMF ext debt pay data'!C115 -> 0.11714092 | E43: ='2. WB and IMF ext debt pay data'!D115 -> 0.15441642 | F43: ='2. WB and IMF ext debt pay data'!E115 -> 0.13653703 | G43: ='2. WB and IMF ext debt pay data'!F115 -> 0.13675437 | H43: ='2. WB and IMF ext debt pay data'!G115 -> 0.14336733 | I43: ='2. WB and IMF ext debt pay data'!H115 -> 0.16272088 | J43: ='2. WB and IMF ext debt pay data'!I115 -> 0.14408182 | K43: ='2. WB and IMF ext debt pay data'!J115 -> 0.054018428 | ... BB43: ='2. WB and IMF ext debt pay data'!BA115 -> 0.26923077 | BH43: =AVERAGE(AQ43:AW43) -> 0.31100111 | BI43: =AVERAGE(AR43:AW43) -> 0.33997414 | BJ43: =AVERAGE(AV43:AY43) -> 0.49507479
A44: El Salvador | B44: Upper middle | D44: ='2. WB and IMF ext debt pay data'!C118 -> 0.075580478 | E44: ='2. WB and IMF ext debt pay data'!D118 -> 0.09797656 | F44: ='2. WB and IMF ext debt pay data'!E118 -> 0.1416325 | G44: ='2. WB and IMF ext debt pay data'!F118 -> 0.32500828 | H44: ='2. WB and IMF ext debt pay data'!G118 -> 0.5805936 | I44: ='2. WB and IMF ext debt pay data'!H118 -> 0.65711064 | J44: ='2. WB and IMF ext debt pay data'!I118 -> 0.69643709 | K44: ='2. WB and IMF ext debt pay data'!J118 -> 0.65515101 | ... BB44: ='2. WB and IMF ext debt pay data'!BA118 -> 0.23863406 | BH44: =AVERAGE(AQ44:AW44) -> 0.24784028 | BI44: =AVERAGE(AR44:AW44) -> 0.24235884 | BJ44: =AVERAGE(AV44:AY44) -> 0.28721861
A45: Equatorial Guinea | B45: Upper middle | AQ45: ='2. WB and IMF ext debt pay data'!AP121 -> 0.089594005 | AR45: ='2. WB and IMF ext debt pay data'!AQ121 -> 0.13676726 | AS45: ='2. WB and IMF ext debt pay data'!AR121 -> 0.091670526 | AT45: ='2. WB and IMF ext debt pay data'!AS121 -> 0.05069052 | AU45: ='2. WB and IMF ext debt pay data'!AT121 -> 0.06345247 | AV45: ='2. WB and IMF ext debt pay data'!AU121 -> 0.076481255 | AW45: ='2. WB and IMF ext debt pay data'!AV121 -> 0.084269663 | AX45: ='2. WB and IMF ext debt pay data'!AW121 -> 0.089820359 | ... BB45: ='2. WB and IMF ext debt pay data'!BA121 -> 0.18367347 | BH45: =AVERAGE(AQ45:AW45) -> 0.084703672 | BI45: =AVERAGE(AR45:AW45) -> 0.083888616 | BJ45: =AVERAGE(AV45:AY45) -> 0.089541553
A46: Eswatini | B46: Lower middle | D46: ='2. WB and IMF ext debt pay data'!C124 -> 0.083545476 | E46: ='2. WB and IMF ext debt pay data'!D124 -> 0.12384029 | F46: ='2. WB and IMF ext debt pay data'!E124 -> 0.12314429 | G46: ='2. WB and IMF ext debt pay data'!F124 -> 0.12836137 | H46: ='2. WB and IMF ext debt pay data'!G124 -> 0.13549675 | I46: ='2. WB and IMF ext debt pay data'!H124 -> 0.25626315 | J46: ='2. WB and IMF ext debt pay data'!I124 -> 0.3126182 | K46: ='2. WB and IMF ext debt pay data'!J124 -> 0.32151925 | ... BB46: ='2. WB and IMF ext debt pay data'!BA124 -> 0.086206897 | BH46: =AVERAGE(AQ46:AW46) -> 0.066698745 | BI46: =AVERAGE(AR46:AW46) -> 0.07049351 | BJ46: =AVERAGE(AV46:AY46) -> 0.10733696
A47: Ethiopia | B47: Low | D47: ='2. WB and IMF ext debt pay data'!C127 -> 0.04495801 | E47: ='2. WB and IMF ext debt pay data'!D127 -> 0.053149064 | F47: ='2. WB and IMF ext debt pay data'!E127 -> 0.066086774 | G47: ='2. WB and IMF ext debt pay data'!F127 -> 0.083573137 | H47: ='2. WB and IMF ext debt pay data'!G127 -> 0.097326453 | I47: ='2. WB and IMF ext debt pay data'!H127 -> 0.10394506 | J47: ='2. WB and IMF ext debt pay data'!I127 -> 0.13556808 | K47: ='2. WB and IMF ext debt pay data'!J127 -> 0.15023498 | ... BB47: ='2. WB and IMF ext debt pay data'!BA127 -> 0.09 | BH47: =AVERAGE(AQ47:AW47) -> 0.1509463 | BI47: =AVERAGE(AR47:AW47) -> 0.14521822 | BJ47: =AVERAGE(AV47:AY47) -> 0.12109011
A48: Fiji | B48: Upper middle | C48: SIDS | D48: ='2. WB and IMF ext debt pay data'!C130 -> 0.090606581 | E48: ='2. WB and IMF ext debt pay data'!D130 -> 0.077910888 | F48: ='2. WB and IMF ext debt pay data'!E130 -> 0.10782455 | G48: ='2. WB and IMF ext debt pay data'!F130 -> 0.12639963 | H48: ='2. WB and IMF ext debt pay data'!G130 -> 0.16283552 | I48: ='2. WB and IMF ext debt pay data'!H130 -> 0.20089305 | J48: ='2. WB and IMF ext debt pay data'!I130 -> 0.18690241 | K48: ='2. WB and IMF ext debt pay data'!J130 -> 0.20479253 | ... BB48: ='2. WB and IMF ext debt pay data'!BA130 -> 0.076642336 | BH48: =AVERAGE(AQ48:AW48) -> 0.11587055 | BI48: =AVERAGE(AR48:AW48) -> 0.11387847 | BJ48: =AVERAGE(AV48:AY48) -> 0.092666521
A49: Gabon | B49: Upper middle | D49: ='2. WB and IMF ext debt pay data'!C133 -> 0.41644327 | E49: ='2. WB and IMF ext debt pay data'!D133 -> 0.35937871 | F49: ='2. WB and IMF ext debt pay data'!E133 -> 0.35212506 | G49: ='2. WB and IMF ext debt pay data'!F133 -> 0.28795676 | H49: ='2. WB and IMF ext debt pay data'!G133 -> 0.34401168 | I49: ='2. WB and IMF ext debt pay data'!H133 -> 0.28642259 | J49: ='2. WB and IMF ext debt pay data'!I133 -> 0.17358987 | K49: ='2. WB and IMF ext debt pay data'!J133 -> 0.086016152 | ... BB49: ='2. WB and IMF ext debt pay data'!BA133 -> 0.35294118 | BH49: =AVERAGE(AQ49:AW49) -> 0.32848755 | BI49: =AVERAGE(AR49:AW49) -> 0.34854654 | BJ49: =AVERAGE(AV49:AY49) -> 0.29602312
A50: Gambia | B50: Low | D50: ='2. WB and IMF ext debt pay data'!C136 -> 0.022597615 | E50: ='2. WB and IMF ext debt pay data'!D136 -> 0.064053542 | F50: ='2. WB and IMF ext debt pay data'!E136 -> 0.29258739 | G50: ='2. WB and IMF ext debt pay data'!F136 -> 0.24097051 | H50: ='2. WB and IMF ext debt pay data'!G136 -> 0.2627054 | I50: ='2. WB and IMF ext debt pay data'!H136 -> 0.13976263 | J50: ='2. WB and IMF ext debt pay data'!I136 -> 0.86602022 | K50: ='2. WB and IMF ext debt pay data'!J136 -> 0.52656536 | ... BB50: ='2. WB and IMF ext debt pay data'!BA136 -> 0.215 | BH50: =AVERAGE(AQ50:AW50) -> 0.12389356 | BI50: =AVERAGE(AR50:AW50) -> 0.12421649 | BJ50: =AVERAGE(AV50:AY50) -> 0.22233549
A51: Georgia | B51: Upper middle | R51: ='2. WB and IMF ext debt pay data'!Q139 -> 0.061669524 | S51: ='2. WB and IMF ext debt pay data'!R139 -> 0.094937721 | T51: ='2. WB and IMF ext debt pay data'!S139 -> 0.030436457 | U51: ='2. WB and IMF ext debt pay data'!T139 -> 0.08574406 | V51: ='2. WB and IMF ext debt pay data'!U139 -> 0.38327966 | W51: ='2. WB and IMF ext debt pay data'!V139 -> 0.26259532 | X51: ='2. WB and IMF ext debt pay data'!W139 -> 0.25741657 | Y51: ='2. WB and IMF ext debt pay data'!X139 -> 0.13778807 | ... BB51: ='2. WB and IMF ext debt pay data'!BA139 -> 0.05019305 | BH51: =AVERAGE(AQ51:AW51) -> 0.13543705 | BI51: =AVERAGE(AR51:AW51) -> 0.13819342 | BJ51: =AVERAGE(AV51:AY51) -> 0.085592718
A52: Ghana | B52: Lower middle | D52: ='2. WB and IMF ext debt pay data'!C142 -> 0.13120946 | E52: ='2. WB and IMF ext debt pay data'!D142 -> 0.069870995 | F52: ='2. WB and IMF ext debt pay data'!E142 -> 0.04098592 | G52: ='2. WB and IMF ext debt pay data'!F142 -> 0.11274859 | H52: ='2. WB and IMF ext debt pay data'!G142 -> 0.17555634 | I52: ='2. WB and IMF ext debt pay data'!H142 -> 0.18159284 | J52: ='2. WB and IMF ext debt pay data'!I142 -> 0.22590413 | K52: ='2. WB and IMF ext debt pay data'!J142 -> 0.48543789 | ... BB52: ='2. WB and IMF ext debt pay data'!BA142 -> 0.148 | BH52: =AVERAGE(AQ52:AW52) -> 0.16808837 | BI52: =AVERAGE(AR52:AW52) -> 0.15802271 | BJ52: =AVERAGE(AV52:AY52) -> 0.10664501
A53: Grenada | B53: Upper middle | C53: SIDS | D53: ='2. WB and IMF ext debt pay data'!C145 -> 0.09254619 | E53: ='2. WB and IMF ext debt pay data'!D145 -> 0.051840534 | F53: ='2. WB and IMF ext debt pay data'!E145 -> 0.09716301 | G53: ='2. WB and IMF ext debt pay data'!F145 -> 0.16185402 | H53: ='2. WB and IMF ext debt pay data'!G145 -> 0.16126205 | I53: ='2. WB and IMF ext debt pay data'!H145 -> 0.17514527 | J53: ='2. WB and IMF ext debt pay data'!I145 -> 0.16218707 | K53: ='2. WB and IMF ext debt pay data'!J145 -> 0.1306482 | ... BB53: ='2. WB and IMF ext debt pay data'!BA145 -> 0.097 | BH53: =AVERAGE(AQ53:AW53) -> 0.15230974 | BI53: =AVERAGE(AR53:AW53) -> 0.14944382 | BJ53: =AVERAGE(AV53:AY53) -> 0.15615354
A54: Guatemala | B54: Upper middle | D54: ='2. WB and IMF ext debt pay data'!C148 -> 0.068233998 | E54: ='2. WB and IMF ext debt pay data'!D148 -> 0.079128217 | F54: ='2. WB and IMF ext debt pay data'!E148 -> 0.13661904 | G54: ='2. WB and IMF ext debt pay data'!F148 -> 0.18174566 | H54: ='2. WB and IMF ext debt pay data'!G148 -> 0.2315427 | I54: ='2. WB and IMF ext debt pay data'!H148 -> 0.29919905 | J54: ='2. WB and IMF ext debt pay data'!I148 -> 0.6484976 | K54: ='2. WB and IMF ext debt pay data'!J148 -> 0.50989799 | ... BB54: ='2. WB and IMF ext debt pay data'!BA148 -> 0.078740157 | BH54: =AVERAGE(AQ54:AW54) -> 0.095366807 | BI54: =AVERAGE(AR54:AW54) -> 0.095737265 | BJ54: =AVERAGE(AV54:AY54) -> 0.099445041
A55: Guinea | B55: Lower middle | D55: ='2. WB and IMF ext debt pay data'!C151 -> 0.32019837 | E55: ='2. WB and IMF ext debt pay data'!D151 -> 0.29654268 | F55: ='2. WB and IMF ext debt pay data'!E151 -> 0.2685859 | G55: ='2. WB and IMF ext debt pay data'!F151 -> 0.22045743 | H55: ='2. WB and IMF ext debt pay data'!G151 -> 0.3472494 | I55: ='2. WB and IMF ext debt pay data'!H151 -> 0.20664758 | J55: ='2. WB and IMF ext debt pay data'!I151 -> 0.19189168 | K55: ='2. WB and IMF ext debt pay data'!J151 -> 0.42859335 | ... BB55: ='2. WB and IMF ext debt pay data'!BA151 -> 0.11 | BH55: =AVERAGE(AQ55:AW55) -> 0.080914852 | BI55: =AVERAGE(AR55:AW55) -> 0.085548196 | BJ55: =AVERAGE(AV55:AY55) -> 0.11543222
A56: Guinea-Bissau | B56: Low | C56: SIDS | D56: ='2. WB and IMF ext debt pay data'!C154 -> 0.12977517 | E56: ='2. WB and IMF ext debt pay data'!D154 -> 0.10319909 | F56: ='2. WB and IMF ext debt pay data'!E154 -> 0.10091263 | G56: ='2. WB and IMF ext debt pay data'!F154 -> 0.05535805 | H56: ='2. WB and IMF ext debt pay data'!G154 -> 0.082846496 | I56: ='2. WB and IMF ext debt pay data'!H154 -> 0.11257616 | J56: ='2. WB and IMF ext debt pay data'!I154 -> 0.12670333 | K56: ='2. WB and IMF ext debt pay data'!J154 -> 0.19606674 | ... BB56: ='2. WB and IMF ext debt pay data'!BA154 -> 0.126 | BH56: =AVERAGE(AQ56:AW56) -> 0.16805769 | BI56: =AVERAGE(AR56:AW56) -> 0.1757796 | BJ56: =AVERAGE(AV56:AY56) -> 0.10991291
A57: Guyana | B57: High | C57: SIDS | D57: ='2. WB and IMF ext debt pay data'!C157 -> 0.62416252 | E57: ='2. WB and IMF ext debt pay data'!D157 -> 0.66980414 | F57: ='2. WB and IMF ext debt pay data'!E157 -> 0.44868559 | G57: ='2. WB and IMF ext debt pay data'!F157 -> 0.43569894 | H57: ='2. WB and IMF ext debt pay data'!G157 -> 0.39003628 | I57: ='2. WB and IMF ext debt pay data'!H157 -> 0.26962804 | J57: ='2. WB and IMF ext debt pay data'!I157 -> 0.21336194 | K57: ='2. WB and IMF ext debt pay data'!J157 -> 0.20858046 | ... BB57: ='2. WB and IMF ext debt pay data'!BA157 -> 0.01 | BH57: =AVERAGE(AQ57:AW57) -> 0.042908196 | BI57: =AVERAGE(AR57:AW57) -> 0.04021767 | BJ57: =AVERAGE(AV57:AY57) -> 0.017647055
A58: Haiti | B58: Lower middle | C58: SIDS | D58: ='2. WB and IMF ext debt pay data'!C160 -> 0.18027391 | E58: ='2. WB and IMF ext debt pay data'!D160 -> 0.18558851 | F58: ='2. WB and IMF ext debt pay data'!E160 -> 0.12629468 | G58: ='2. WB and IMF ext debt pay data'!F160 -> 0.11432607 | H58: ='2. WB and IMF ext debt pay data'!G160 -> 0.13099892 | I58: ='2. WB and IMF ext debt pay data'!H160 -> 0.17093454 | J58: ='2. WB and IMF ext debt pay data'!I160 -> 0.17922302 | K58: ='2. WB and IMF ext debt pay data'!J160 -> 0.46147175 | ... BB58: ='2. WB and IMF ext debt pay data'!BA160 -> 0.036 | BH58: =AVERAGE(AQ58:AW58) -> 0.046370083 | BI58: =AVERAGE(AR58:AW58) -> 0.050935178 | BJ58: =AVERAGE(AV58:AY58) -> 0.064806232
A59: Honduras | B59: Lower middle | D59: ='2. WB and IMF ext debt pay data'!C163 -> 0.13930314 | E59: ='2. WB and IMF ext debt pay data'!D163 -> 0.16273115 | F59: ='2. WB and IMF ext debt pay data'!E163 -> 0.19801886 | G59: ='2. WB and IMF ext debt pay data'!F163 -> 0.16476349 | H59: ='2. WB and IMF ext debt pay data'!G163 -> 0.16105767 | I59: ='2. WB and IMF ext debt pay data'!H163 -> 0.20243638 | J59: ='2. WB and IMF ext debt pay data'!I163 -> 0.2417991 | K59: ='2. WB and IMF ext debt pay data'!J163 -> 0.25413368 | ... BB59: ='2. WB and IMF ext debt pay data'!BA163 -> 0.109 | BH59: =AVERAGE(AQ59:AW59) -> 0.11504175 | BI59: =AVERAGE(AR59:AW59) -> 0.11921712 | BJ59: =AVERAGE(AV59:AY59) -> 0.11251491
A60: India | B60: Lower middle | D60: ='2. WB and IMF ext debt pay data'!C166 -> 0.034118502 | E60: ='2. WB and IMF ext debt pay data'!D166 -> 0.035460074 | F60: ='2. WB and IMF ext debt pay data'!E166 -> 0.03895214 | G60: ='2. WB and IMF ext debt pay data'!F166 -> 0.046553914 | H60: ='2. WB and IMF ext debt pay data'!G166 -> 0.053507567 | I60: ='2. WB and IMF ext debt pay data'!H166 -> 0.060937622 | J60: ='2. WB and IMF ext debt pay data'!I166 -> 0.089146787 | K60: ='2. WB and IMF ext debt pay data'!J166 -> 0.087075398 | ... BB60: ='2. WB and IMF ext debt pay data'!BA166 -> 0.0099009901 | BH60: =AVERAGE(AQ60:AW60) -> 0.030837961 | BI60: =AVERAGE(AR60:AW60) -> 0.030896062 | BJ60: =AVERAGE(AV60:AY60) -> 0.019764588
A61: Indonesia | B61: Upper middle | D61: ='2. WB and IMF ext debt pay data'!C169 -> 0.098655906 | E61: ='2. WB and IMF ext debt pay data'!D169 -> 0.096443625 | F61: ='2. WB and IMF ext debt pay data'!E169 -> 0.11500662 | G61: ='2. WB and IMF ext debt pay data'!F169 -> 0.1393001 | H61: ='2. WB and IMF ext debt pay data'!G169 -> 0.16394032 | I61: ='2. WB and IMF ext debt pay data'!H169 -> 0.23227512 | J61: ='2. WB and IMF ext debt pay data'!I169 -> 0.30730875 | K61: ='2. WB and IMF ext debt pay data'!J169 -> 0.41090175 | ... BB61: ='2. WB and IMF ext debt pay data'!BA169 -> 0.10655738 | BH61: =AVERAGE(AQ61:AW61) -> 0.16911495 | BI61: =AVERAGE(AR61:AW61) -> 0.17508719 | BJ61: =AVERAGE(AV61:AY61) -> 0.13469163
A62: Iran | B62: Upper middle | D62: ='2. WB and IMF ext debt pay data'!C172 -> 0.059326572 | E62: ='2. WB and IMF ext debt pay data'!D172 -> 0.043549282 | F62: ='2. WB and IMF ext debt pay data'!E172 -> 0.030975811 | G62: ='2. WB and IMF ext debt pay data'!F172 -> 0.024843111 | H62: ='2. WB and IMF ext debt pay data'!G172 -> 0.016683545 | I62: ='2. WB and IMF ext debt pay data'!H172 -> 0.012787656 | J62: ='2. WB and IMF ext debt pay data'!I172 -> 0.010346813 | K62: ='2. WB and IMF ext debt pay data'!J172 -> 0.0052446365 | ... BB62: ='2. WB and IMF ext debt pay data'!BA172 -> 0 | BH62: =AVERAGE(AQ62:AW62) -> 0.0050782772 | BI62: =AVERAGE(AR62:AW62) -> 0.0050111839 | BJ62: =AVERAGE(AV62:AY62) -> 0.0025221473
A63: Iraq | B63: Upper middle | AM63: ='2. WB and IMF ext debt pay data'!AL175 -> 0.034629721 | AN63: ='2. WB and IMF ext debt pay data'!AM175 -> 0.02850373 | AO63: ='2. WB and IMF ext debt pay data'!AN175 -> 0.022394834 | AP63: ='2. WB and IMF ext debt pay data'!AO175 -> 0.022278246 | AQ63: ='2. WB and IMF ext debt pay data'!AP175 -> 0.032143542 | AR63: ='2. WB and IMF ext debt pay data'!AQ175 -> 0.07577415 | AS63: ='2. WB and IMF ext debt pay data'!AR175 -> 0.054373708 | AT63: ='2. WB and IMF ext debt pay data'!AS175 -> 0.037840449 | ... BB63: ='2. WB and IMF ext debt pay data'!BA175 -> 0.017241379 | BH63: =AVERAGE(AQ63:AW63) -> 0.045496656 | BI63: =AVERAGE(AR63:AW63) -> 0.047722175 | BJ63: =AVERAGE(AV63:AY63) -> 0.042341474
A64: Jamaica | B64: Upper middle | C64: SIDS | N64: ='2. WB and IMF ext debt pay data'!M178 -> 0.53359787 | O64: ='2. WB and IMF ext debt pay data'!N178 -> 0.66076206 | P64: ='2. WB and IMF ext debt pay data'!O178 -> 0.7075394 | Q64: ='2. WB and IMF ext debt pay data'!P178 -> 0.42286061 | R64: ='2. WB and IMF ext debt pay data'!Q178 -> 0.45295911 | S64: ='2. WB and IMF ext debt pay data'!R178 -> 0.39787166 | T64: ='2. WB and IMF ext debt pay data'!S178 -> 0.36844826 | U64: ='2. WB and IMF ext debt pay data'!T178 -> 0.31677686 | ... BB64: ='2. WB and IMF ext debt pay data'!BA178 -> 0.20357143 | BH64: =AVERAGE(AQ64:AW64) -> 0.27661316 | BI64: =AVERAGE(AR64:AW64) -> 0.25112265 | BJ64: =AVERAGE(AV64:AY64) -> 0.2158579
A65: Jordan | B65: Lower middle | D65: ='2. WB and IMF ext debt pay data'!C181 -> 0.14897164 | E65: ='2. WB and IMF ext debt pay data'!D181 -> 0.1932359 | F65: ='2. WB and IMF ext debt pay data'!E181 -> 0.15749906 | G65: ='2. WB and IMF ext debt pay data'!F181 -> 0.19695081 | H65: ='2. WB and IMF ext debt pay data'!G181 -> 0.21601214 | I65: ='2. WB and IMF ext debt pay data'!H181 -> 0.25696665 | J65: ='2. WB and IMF ext debt pay data'!I181 -> 0.26825697 | K65: ='2. WB and IMF ext debt pay data'!J181 -> 0.35242324 | ... BB65: ='2. WB and IMF ext debt pay data'!BA181 -> 0.31896552 | BH65: =AVERAGE(AQ65:AW65) -> 0.23841275 | BI65: =AVERAGE(AR65:AW65) -> 0.24006872 | BJ65: =AVERAGE(AV65:AY65) -> 0.26233374
A66: Kazakhstan | B66: Upper middle | R66: ='2. WB and IMF ext debt pay data'!Q184 -> 0.021156021 | S66: ='2. WB and IMF ext debt pay data'!R184 -> 0.075659392 | T66: ='2. WB and IMF ext debt pay data'!S184 -> 0.096349731 | U66: ='2. WB and IMF ext debt pay data'!T184 -> 0.11589277 | V66: ='2. WB and IMF ext debt pay data'!U184 -> 0.12795407 | W66: ='2. WB and IMF ext debt pay data'!V184 -> 0.28520969 | X66: ='2. WB and IMF ext debt pay data'!W184 -> 0.23121524 | Y66: ='2. WB and IMF ext debt pay data'!X184 -> 0.089551827 | ... BB66: ='2. WB and IMF ext debt pay data'!BA184 -> 0.036842105 | BH66: =AVERAGE(AQ66:AW66) -> 0.11223376 | BI66: =AVERAGE(AR66:AW66) -> 0.11292001 | BJ66: =AVERAGE(AV66:AY66) -> 0.057640954
A67: Kenya | B67: Lower middle | D67: ='2. WB and IMF ext debt pay data'!C187 -> 0.15401019 | E67: ='2. WB and IMF ext debt pay data'!D187 -> 0.19309452 | F67: ='2. WB and IMF ext debt pay data'!E187 -> 0.21880981 | G67: ='2. WB and IMF ext debt pay data'!F187 -> 0.26083983 | H67: ='2. WB and IMF ext debt pay data'!G187 -> 0.28045475 | I67: ='2. WB and IMF ext debt pay data'!H187 -> 0.31656931 | J67: ='2. WB and IMF ext debt pay data'!I187 -> 0.3021817 | K67: ='2. WB and IMF ext debt pay data'!J187 -> 0.28497595 | ... BB67: ='2. WB and IMF ext debt pay data'!BA187 -> 0.16 | BH67: =AVERAGE(AQ67:AW67) -> 0.18997144 | BI67: =AVERAGE(AR67:AW67) -> 0.18119656 | BJ67: =AVERAGE(AV67:AY67) -> 0.21468937
A68: Kiribati | B68: Lower middle | C68: SIDS | AQ68: ='2. WB and IMF ext debt pay data'!AP190 -> 0.008 | AR68: ='2. WB and IMF ext debt pay data'!AQ190 -> 0.011 | AS68: ='2. WB and IMF ext debt pay data'!AR190 -> 0.011 | AT68: ='2. WB and IMF ext debt pay data'!AS190 -> 0.015 | AU68: ='2. WB and IMF ext debt pay data'!AT190 -> 0.011 | AV68: ='2. WB and IMF ext debt pay data'!AU190 -> 0.01 | AW68: ='2. WB and IMF ext debt pay data'!AV190 -> 0.011 | AX68: ='2. WB and IMF ext debt pay data'!AW190 -> 0.009 | ... BB68: ='2. WB and IMF ext debt pay data'!BA190 -> 0.012 | BH68: =AVERAGE(AQ68:AW68) -> 0.011 | BI68: =AVERAGE(AR68:AW68) -> 0.0115 | BJ68: =AVERAGE(AV68:AY68) -> 0.00975
A69: Kosovo | B69: Upper middle | AG69: ='2. WB and IMF ext debt pay data'!AF193 -> 0.14369865 | AH69: ='2. WB and IMF ext debt pay data'!AG193 -> 0.016840867 | AI69: ='2. WB and IMF ext debt pay data'!AH193 -> 0.015832514 | AJ69: ='2. WB and IMF ext debt pay data'!AI193 -> 0.015559011 | AK69: ='2. WB and IMF ext debt pay data'!AJ193 -> 0.018622803 | AL69: ='2. WB and IMF ext debt pay data'!AK193 -> 0.024188865 | AM69: ='2. WB and IMF ext debt pay data'!AL193 -> 0.026832371 | AN69: ='2. WB and IMF ext debt pay data'!AM193 -> 0.0476983 | ... BB69: ='2. WB and IMF ext debt pay data'!BA193 -> 0.0032894737 | BH69: =AVERAGE(AQ69:AW69) -> 0.030633659 | BI69: =AVERAGE(AR69:AW69) -> 0.030085692 | BJ69: =AVERAGE(AV69:AY69) -> 0.010684176
A70: Kyrgyz Republic | B70: Lower middle | Q70: ='2. WB and IMF ext debt pay data'!P196 -> 0.0086267243 | R70: ='2. WB and IMF ext debt pay data'!Q196 -> 0.07119607 | S70: ='2. WB and IMF ext debt pay data'!R196 -> 0.16432044 | T70: ='2. WB and IMF ext debt pay data'!S196 -> 0.14181378 | U70: ='2. WB and IMF ext debt pay data'!T196 -> 0.10972265 | V70: ='2. WB and IMF ext debt pay data'!U196 -> 0.13906759 | W70: ='2. WB and IMF ext debt pay data'!V196 -> 0.11185586 | X70: ='2. WB and IMF ext debt pay data'!W196 -> 0.21712471 | ... BB70: ='2. WB and IMF ext debt pay data'!BA196 -> 0.164 | BH70: =AVERAGE(AQ70:AW70) -> 0.067969327 | BI70: =AVERAGE(AR70:AW70) -> 0.06748968 | BJ70: =AVERAGE(AV70:AY70) -> 0.06533339
A71: Laos | B71: Lower middle | D71: ='2. WB and IMF ext debt pay data'!C199 -> 0.0086702694 | E71: ='2. WB and IMF ext debt pay data'!D199 -> 0.013566694 | F71: ='2. WB and IMF ext debt pay data'!E199 -> 0.026856426 | G71: ='2. WB and IMF ext debt pay data'!F199 -> 0.012355289 | H71: ='2. WB and IMF ext debt pay data'!G199 -> 0.015528716 | I71: ='2. WB and IMF ext debt pay data'!H199 -> 0.012472803 | J71: ='2. WB and IMF ext debt pay data'!I199 -> 0.021849228 | K71: ='2. WB and IMF ext debt pay data'!J199 -> 0.038397767 | ... BB71: ='2. WB and IMF ext debt pay data'!BA199 -> 0.38 | BH71: =AVERAGE(AQ71:AW71) -> 0.3133403 | BI71: =AVERAGE(AR71:AW71) -> 0.31878103 | BJ71: =AVERAGE(AV71:AY71) -> 0.42487305
A72: Lebanon | B72: Lower middle | D72: ='2. WB and IMF ext debt pay data'!C202 -> 0.022201453 | E72: ='2. WB and IMF ext debt pay data'!D202 -> 0.093368445 | F72: ='2. WB and IMF ext debt pay data'!E202 -> 0.18346472 | G72: ='2. WB and IMF ext debt pay data'!F202 -> 0.11990947 | H72: ='2. WB and IMF ext debt pay data'!G202 -> 0.11859481 | I72: ='2. WB and IMF ext debt pay data'!H202 -> 0.16565837 | J72: ='2. WB and IMF ext debt pay data'!I202 -> 0.16674295 | K72: ='2. WB and IMF ext debt pay data'!J202 -> 0.13532526 | ... AV72: ='2. WB and IMF ext debt pay data'!AU202 -> 0.047168449 | BH72: =AVERAGE(AQ72:AW72) -> 0.16033139 | BI72: =AVERAGE(AR72:AW72) -> 0.096705817 | BJ72: =AVERAGE(AV72:AY72) -> 0.047168449
A73: Lesotho | B73: Lower middle | D73: ='2. WB and IMF ext debt pay data'!C205 -> 0.039091847 | E73: ='2. WB and IMF ext debt pay data'!D205 -> 0.035266833 | F73: ='2. WB and IMF ext debt pay data'!E205 -> 0.09270492 | G73: ='2. WB and IMF ext debt pay data'!F205 -> 0.18171665 | H73: ='2. WB and IMF ext debt pay data'!G205 -> 0.1221674 | I73: ='2. WB and IMF ext debt pay data'!H205 -> 0.18895987 | J73: ='2. WB and IMF ext debt pay data'!I205 -> 0.12817428 | K73: ='2. WB and IMF ext debt pay data'!J205 -> 0.093210276 | ... BB73: ='2. WB and IMF ext debt pay data'!BA205 -> 0.045 | BH73: =AVERAGE(AQ73:AW73) -> 0.063371769 | BI73: =AVERAGE(AR73:AW73) -> 0.06261439 | BJ73: =AVERAGE(AV73:AY73) -> 0.054145621
A74: Liberia | B74: Low | X74: ='2. WB and IMF ext debt pay data'!W208 -> 0.01487711 | Y74: ='2. WB and IMF ext debt pay data'!X208 -> 0.014239351 | Z74: ='2. WB and IMF ext debt pay data'!Y208 -> 0.014025929 | AA74: ='2. WB and IMF ext debt pay data'!Z208 -> 0.0099636013 | AB74: ='2. WB and IMF ext debt pay data'!AA208 -> 0.013385369 | AC74: ='2. WB and IMF ext debt pay data'!AB208 -> 0.017465184 | AD74: ='2. WB and IMF ext debt pay data'!AC208 -> 0.012701165 | AE74: ='2. WB and IMF ext debt pay data'!AD208 -> 0.028 | ... BB74: ='2. WB and IMF ext debt pay data'!BA208 -> 0.092 | BH74: =AVERAGE(AQ74:AW74) -> 0.080336106 | BI74: =AVERAGE(AR74:AW74) -> 0.088018124 | BJ74: =AVERAGE(AV74:AY74) -> 0.12518768
A75: Madagascar | B75: Low | D75: ='2. WB and IMF ext debt pay data'!C211 -> 0.11777457 | E75: ='2. WB and IMF ext debt pay data'!D211 -> 0.21076926 | F75: ='2. WB and IMF ext debt pay data'!E211 -> 0.28053398 | G75: ='2. WB and IMF ext debt pay data'!F211 -> 0.205409 | H75: ='2. WB and IMF ext debt pay data'!G211 -> 0.36107328 | I75: ='2. WB and IMF ext debt pay data'!H211 -> 0.39663181 | J75: ='2. WB and IMF ext debt pay data'!I211 -> 0.53434383 | K75: ='2. WB and IMF ext debt pay data'!J211 -> 0.90982484 | ... BB75: ='2. WB and IMF ext debt pay data'!BA211 -> 0.07 | BH75: =AVERAGE(AQ75:AW75) -> 0.095076563 | BI75: =AVERAGE(AR75:AW75) -> 0.10221024 | BJ75: =AVERAGE(AV75:AY75) -> 0.11711836
A76: Malawi | B76: Low | D76: ='2. WB and IMF ext debt pay data'!C214 -> 0.16762806 | E76: ='2. WB and IMF ext debt pay data'!D214 -> 0.23683774 | F76: ='2. WB and IMF ext debt pay data'!E214 -> 0.21040444 | G76: ='2. WB and IMF ext debt pay data'!F214 -> 0.17404931 | H76: ='2. WB and IMF ext debt pay data'!G214 -> 0.2413354 | I76: ='2. WB and IMF ext debt pay data'!H214 -> 0.2701286 | J76: ='2. WB and IMF ext debt pay data'!I214 -> 0.34646668 | K76: ='2. WB and IMF ext debt pay data'!J214 -> 0.27513843 | ... BB76: ='2. WB and IMF ext debt pay data'!BA214 -> 0.072 | BH76: =AVERAGE(AQ76:AW76) -> 0.11817826 | BI76: =AVERAGE(AR76:AW76) -> 0.12810912 | BJ76: =AVERAGE(AV76:AY76) -> 0.19753429
A77: Malaysia | B77: Upper middle | AV77: ='2. WB and IMF ext debt pay data'!AU216 -> 0.005952381 | AW77: ='2. WB and IMF ext debt pay data'!AV216 -> 0.018292683 | AX77: ='2. WB and IMF ext debt pay data'!AW216 -> 0.0062893082 | AY77: ='2. WB and IMF ext debt pay data'!AX216 -> 0 | AZ77: ='2. WB and IMF ext debt pay data'!AY216 -> 0 | BA77: ='2. WB and IMF ext debt pay data'!AZ216 -> 0.012820513 | BB77: ='2. WB and IMF ext debt pay data'!BA216 -> 0 | BH77: =AVERAGE(AQ77:AW77) -> 0.012122532 | BI77: =AVERAGE(AR77:AW77) -> 0.012122532 | BJ77: =AVERAGE(AV77:AY77) -> 0.007633593
A78: Maldives | B78: Upper middle | C78: SIDS | D78: ='2. WB and IMF ext debt pay data'!C219 -> 0.019518461 | E78: ='2. WB and IMF ext debt pay data'!D219 -> 0.039918273 | F78: ='2. WB and IMF ext debt pay data'!E219 -> 0.078214733 | G78: ='2. WB and IMF ext debt pay data'!F219 -> 0.1971896 | H78: ='2. WB and IMF ext debt pay data'!G219 -> 0.61875085 | I78: ='2. WB and IMF ext debt pay data'!H219 -> 0.27630266 | J78: ='2. WB and IMF ext debt pay data'!I219 -> 0.30811313 | K78: ='2. WB and IMF ext debt pay data'!J219 -> 0.18811449 | ... BB78: ='2. WB and IMF ext debt pay data'!BA219 -> 0.13 | BH78: =AVERAGE(AQ78:AW78) -> 0.27839367 | BI78: =AVERAGE(AR78:AW78) -> 0.27922946 | BJ78: =AVERAGE(AV78:AY78) -> 0.22294283
A79: Mali | B79: Low | D79: ='2. WB and IMF ext debt pay data'!C222 -> 0.03784816 | E79: ='2. WB and IMF ext debt pay data'!D222 -> 0.045694148 | F79: ='2. WB and IMF ext debt pay data'!E222 -> 0.055002112 | G79: ='2. WB and IMF ext debt pay data'!F222 -> 0.07707243 | H79: ='2. WB and IMF ext debt pay data'!G222 -> 0.1103342 | I79: ='2. WB and IMF ext debt pay data'!H222 -> 0.19798201 | J79: ='2. WB and IMF ext debt pay data'!I222 -> 0.17038226 | K79: ='2. WB and IMF ext debt pay data'!J222 -> 0.16562635 | ... BB79: ='2. WB and IMF ext debt pay data'!BA222 -> 0.05 | BH79: =AVERAGE(AQ79:AW79) -> 0.070688023 | BI79: =AVERAGE(AR79:AW79) -> 0.072341137 | BJ79: =AVERAGE(AV79:AY79) -> 0.067182222
A80: Marshall Islands | B80: Upper middle | C80: SIDS | AH80: ='2. WB and IMF ext debt pay data'!AG225 -> 0.223 | AI80: ='2. WB and IMF ext debt pay data'!AH225 -> 0.155 | AJ80: ='2. WB and IMF ext debt pay data'!AI225 -> 0.207 | AK80: ='2. WB and IMF ext debt pay data'!AJ225 -> 0.155 | AL80: ='2. WB and IMF ext debt pay data'!AK225 -> 0.155 | AM80: ='2. WB and IMF ext debt pay data'!AL225 -> 0.153 | AN80: ='2. WB and IMF ext debt pay data'!AM225 -> 0.109 | AO80: ='2. WB and IMF ext debt pay data'!AN225 -> 0.082 | ... BB80: ='2. WB and IMF ext debt pay data'!BA225 -> 0.035 | BH80: =AVERAGE(AQ80:AW80) -> 0.087142857 | BI80: =AVERAGE(AR80:AW80) -> 0.085 | BJ80: =AVERAGE(AV80:AY80) -> 0.07175
A81: Mauritania | B81: Lower middle | N81: ='2. WB and IMF ext debt pay data'!M228 -> 0.33896888 | O81: ='2. WB and IMF ext debt pay data'!N228 -> 0.22147098 | P81: ='2. WB and IMF ext debt pay data'!O228 -> 0.20925223 | Q81: ='2. WB and IMF ext debt pay data'!P228 -> 0.31598391 | R81: ='2. WB and IMF ext debt pay data'!Q228 -> 0.26904372 | S81: ='2. WB and IMF ext debt pay data'!R228 -> 0.27736133 | T81: ='2. WB and IMF ext debt pay data'!S228 -> 0.21866635 | U81: ='2. WB and IMF ext debt pay data'!T228 -> 0.2431586 | ... BB81: ='2. WB and IMF ext debt pay data'!BA228 -> 0.091 | BH81: =AVERAGE(AQ81:AW81) -> 0.16799867 | BI81: =AVERAGE(AR81:AW81) -> 0.15722462 | BJ81: =AVERAGE(AV81:AY81) -> 0.1309118
A82: Mauritius | B82: Upper middle | C82: SIDS | D82: ='2. WB and IMF ext debt pay data'!C231 -> 0.17877433 | E82: ='2. WB and IMF ext debt pay data'!D231 -> 0.35686181 | F82: ='2. WB and IMF ext debt pay data'!E231 -> 0.43278701 | G82: ='2. WB and IMF ext debt pay data'!F231 -> 0.55248002 | H82: ='2. WB and IMF ext debt pay data'!G231 -> 0.65803722 | I82: ='2. WB and IMF ext debt pay data'!H231 -> 0.69114296 | J82: ='2. WB and IMF ext debt pay data'!I231 -> 0.48226071 | K82: ='2. WB and IMF ext debt pay data'!J231 -> 0.37732748 | ... BB82: ='2. WB and IMF ext debt pay data'!BA231 -> 0.046607773 | BH82: =AVERAGE(AQ82:AW82) -> 0.16820081 | BI82: =AVERAGE(AR82:AW82) -> 0.18630739 | BJ82: =AVERAGE(AV82:AY82) -> 0.16238574
A83: Mexico | B83: Upper middle | D83: ='2. WB and IMF ext debt pay data'!C234 -> 0.15827622 | E83: ='2. WB and IMF ext debt pay data'!D234 -> 0.13211877 | F83: ='2. WB and IMF ext debt pay data'!E234 -> 0.19905248 | G83: ='2. WB and IMF ext debt pay data'!F234 -> 0.29693717 | H83: ='2. WB and IMF ext debt pay data'!G234 -> 0.25046295 | I83: ='2. WB and IMF ext debt pay data'!H234 -> 0.22327704 | J83: ='2. WB and IMF ext debt pay data'!I234 -> 0.27005346 | K83: ='2. WB and IMF ext debt pay data'!J234 -> 0.25347545 | ... BB83: ='2. WB and IMF ext debt pay data'!BA234 -> 0.074074074 | BH83: =AVERAGE(AQ83:AW83) -> 0.10715197 | BI83: =AVERAGE(AR83:AW83) -> 0.1014858 | BJ83: =AVERAGE(AV83:AY83) -> 0.071014633
A84: Micronesia | B84: Lower middle | C84: SIDS | AI84: ='2. WB and IMF ext debt pay data'!AH237 -> 0.078 | AJ84: ='2. WB and IMF ext debt pay data'!AI237 -> 0.068 | AK84: ='2. WB and IMF ext debt pay data'!AJ237 -> 0.07 | AL84: ='2. WB and IMF ext debt pay data'!AK237 -> 0.031 | AM84: ='2. WB and IMF ext debt pay data'!AL237 -> 0.032 | AN84: ='2. WB and IMF ext debt pay data'!AM237 -> 0.021 | AO84: ='2. WB and IMF ext debt pay data'!AN237 -> 0.062 | AP84: ='2. WB and IMF ext debt pay data'!AO237 -> 0.03 | ... BB84: ='2. WB and IMF ext debt pay data'!BA237 -> 0.013 | BH84: =AVERAGE(AQ84:AW84) -> 0.044428571 | BI84: =AVERAGE(AR84:AW84) -> 0.045 | BJ84: =AVERAGE(AV84:AY84) -> 0.02425
A85: Moldova | B85: Upper middle | Q85: ='2. WB and IMF ext debt pay data'!P240 -> 0.0047356823 | R85: ='2. WB and IMF ext debt pay data'!Q240 -> 0.030867362 | S85: ='2. WB and IMF ext debt pay data'!R240 -> 0.12027481 | T85: ='2. WB and IMF ext debt pay data'!S240 -> 0.13084064 | U85: ='2. WB and IMF ext debt pay data'!T240 -> 0.15904832 | V85: ='2. WB and IMF ext debt pay data'!U240 -> 0.28885263 | W85: ='2. WB and IMF ext debt pay data'!V240 -> 0.50073781 | X85: ='2. WB and IMF ext debt pay data'!W240 -> 0.27261449 | ... BB85: ='2. WB and IMF ext debt pay data'!BA240 -> 0.054 | BH85: =AVERAGE(AQ85:AW85) -> 0.068259727 | BI85: =AVERAGE(AR85:AW85) -> 0.069611236 | BJ85: =AVERAGE(AV85:AY85) -> 0.061921734
A86: Mongolia | B86: Upper middle | P86: ='2. WB and IMF ext debt pay data'!O243 -> 0.20327547 | Q86: ='2. WB and IMF ext debt pay data'!P243 -> 0.12135216 | R86: ='2. WB and IMF ext debt pay data'!Q243 -> 0.2126332 | S86: ='2. WB and IMF ext debt pay data'!R243 -> 0.16441741 | T86: ='2. WB and IMF ext debt pay data'!S243 -> 0.17951001 | U86: ='2. WB and IMF ext debt pay data'!T243 -> 0.23210912 | V86: ='2. WB and IMF ext debt pay data'!U243 -> 0.11026346 | W86: ='2. WB and IMF ext debt pay data'!V243 -> 0.092390605 | ... BB86: ='2. WB and IMF ext debt pay data'!BA243 -> 0.24912281 | BH86: =AVERAGE(AQ86:AW86) -> 0.23222666 | BI86: =AVERAGE(AR86:AW86) -> 0.2530338 | BJ86: =AVERAGE(AV86:AY86) -> 0.13069192
A87: Montenegro | B87: Upper middle | AD87: ='2. WB and IMF ext debt pay data'!AC246 -> 0.032669401 | AE87: ='2. WB and IMF ext debt pay data'!AD246 -> 0.073185739 | AF87: ='2. WB and IMF ext debt pay data'!AE246 -> 0.023596638 | AG87: ='2. WB and IMF ext debt pay data'!AF246 -> 0.027615932 | AH87: ='2. WB and IMF ext debt pay data'!AG246 -> 0.053584752 | AI87: ='2. WB and IMF ext debt pay data'!AH246 -> 0.11519188 | AJ87: ='2. WB and IMF ext debt pay data'!AI246 -> 0.15594573 | AK87: ='2. WB and IMF ext debt pay data'!AJ246 -> 0.18840683 | ... BB87: ='2. WB and IMF ext debt pay data'!BA246 -> 0.057589229 | BH87: =AVERAGE(AQ87:AW87) -> 0.20886783 | BI87: =AVERAGE(AR87:AW87) -> 0.20467414 | BJ87: =AVERAGE(AV87:AY87) -> 0.19596853
A88: Morocco | B88: Lower middle | D88: ='2. WB and IMF ext debt pay data'!C249 -> 0.27397653 | E88: ='2. WB and IMF ext debt pay data'!D249 -> 0.36484962 | F88: ='2. WB and IMF ext debt pay data'!E249 -> 0.39301878 | G88: ='2. WB and IMF ext debt pay data'!F249 -> 0.38758401 | H88: ='2. WB and IMF ext debt pay data'!G249 -> 0.28299731 | I88: ='2. WB and IMF ext debt pay data'!H249 -> 0.40220289 | J88: ='2. WB and IMF ext debt pay data'!I249 -> 0.39286758 | K88: ='2. WB and IMF ext debt pay data'!J249 -> 0.35144558 | ... BB88: ='2. WB and IMF ext debt pay data'!BA249 -> 0.051851852 | BH88: =AVERAGE(AQ88:AW88) -> 0.11823289 | BI88: =AVERAGE(AR88:AW88) -> 0.12114315 | BJ88: =AVERAGE(AV88:AY88) -> 0.085016085
A89: Mozambique | B89: Low | H89: ='2. WB and IMF ext debt pay data'!G252 -> 0.028004349 | I89: ='2. WB and IMF ext debt pay data'!H252 -> 0.10287012 | J89: ='2. WB and IMF ext debt pay data'!I252 -> 0.14544962 | K89: ='2. WB and IMF ext debt pay data'!J252 -> 0.10227873 | L89: ='2. WB and IMF ext debt pay data'!K252 -> 0.1182173 | M89: ='2. WB and IMF ext debt pay data'!L252 -> 0.11265599 | N89: ='2. WB and IMF ext debt pay data'!M252 -> 0.08879276 | O89: ='2. WB and IMF ext debt pay data'!N252 -> 0.12160382 | ... BB89: ='2. WB and IMF ext debt pay data'!BA252 -> 0.121 | BH89: =AVERAGE(AQ89:AW89) -> 0.12266493 | BI89: =AVERAGE(AR89:AW89) -> 0.12699475 | BJ89: =AVERAGE(AV89:AY89) -> 0.14091543
A90: Myanmar | B90: Lower middle | V90: ='2. WB and IMF ext debt pay data'!U255 -> 0.094035559 | W90: ='2. WB and IMF ext debt pay data'!V255 -> 0.086718682 | X90: ='2. WB and IMF ext debt pay data'!W255 -> 0.01753512 | Y90: ='2. WB and IMF ext debt pay data'!X255 -> 0.017629895 | Z90: ='2. WB and IMF ext debt pay data'!Y255 -> 0.023113661 | AA90: ='2. WB and IMF ext debt pay data'!Z255 -> 0.021775349 | AB90: ='2. WB and IMF ext debt pay data'!AA255 -> 0.020490571 | AC90: ='2. WB and IMF ext debt pay data'!AB255 -> 0.018508818 | ... BB90: ='2. WB and IMF ext debt pay data'!BA255 -> 0 | BH90: =AVERAGE(AQ90:AW90) -> 0.079629728 | BI90: =AVERAGE(AR90:AW90) -> 0.084044181 | BJ90: =AVERAGE(AV90:AY90) -> 0.081036654
A91: Namibia | B91: Lower middle | AM91: ='2. WB and IMF ext debt pay data'!AL258 -> 0.014 | AN91: ='2. WB and IMF ext debt pay data'!AM258 -> 0.035 | AO91: ='2. WB and IMF ext debt pay data'!AN258 -> 0.037 | AP91: ='2. WB and IMF ext debt pay data'!AO258 -> 0.042 | AQ91: ='2. WB and IMF ext debt pay data'!AP258 -> 0.043 | AR91: ='2. WB and IMF ext debt pay data'!AQ258 -> 0.058 | AS91: ='2. WB and IMF ext debt pay data'!AR258 -> 0.176 | AT91: ='2. WB and IMF ext debt pay data'!AS258 -> 0.076 | ... BB91: ='2. WB and IMF ext debt pay data'!BA258 -> 0.029220779 | BH91: =AVERAGE(AQ91:AW91) -> 0.090002607 | BI91: =AVERAGE(AR91:AW91) -> 0.097836374 | BJ91: =AVERAGE(AV91:AY91) -> 0.080939615
A92: Nepal | B92: Lower middle | X92: ='2. WB and IMF ext debt pay data'!W261 -> 0.15401839 | Y92: ='2. WB and IMF ext debt pay data'!X261 -> 0.13087822 | Z92: ='2. WB and IMF ext debt pay data'!Y261 -> 0.14121992 | AA92: ='2. WB and IMF ext debt pay data'!Z261 -> 0.134663 | AB92: ='2. WB and IMF ext debt pay data'!AA261 -> 0.12022162 | AC92: ='2. WB and IMF ext debt pay data'!AB261 -> 0.10147812 | AD92: ='2. WB and IMF ext debt pay data'!AC261 -> 0.11460242 | AE92: ='2. WB and IMF ext debt pay data'!AD261 -> 0.09760283 | ... BB92: ='2. WB and IMF ext debt pay data'!BA261 -> 0.044 | BH92: =AVERAGE(AQ92:AW92) -> 0.037806469 | BI92: =AVERAGE(AR92:AW92) -> 0.038683239 | BJ92: =AVERAGE(AV92:AY92) -> 0.04625
A93: Nicaragua | B93: Lower middle | D93: ='2. WB and IMF ext debt pay data'!C264 -> 0.24020945 | E93: ='2. WB and IMF ext debt pay data'!D264 -> 0.40354401 | F93: ='2. WB and IMF ext debt pay data'!E264 -> 0.32222624 | G93: ='2. WB and IMF ext debt pay data'!F264 -> 0.14904179 | H93: ='2. WB and IMF ext debt pay data'!G264 -> 0.085064907 | I93: ='2. WB and IMF ext debt pay data'!H264 -> 0.082836608 | J93: ='2. WB and IMF ext debt pay data'!I264 -> 0.031598226 | K93: ='2. WB and IMF ext debt pay data'!J264 -> 0.095373818 | ... BB93: ='2. WB and IMF ext debt pay data'!BA264 -> 0.066 | BH93: =AVERAGE(AQ93:AW93) -> 0.10094139 | BI93: =AVERAGE(AR93:AW93) -> 0.10243348 | BJ93: =AVERAGE(AV93:AY93) -> 0.083585906
A94: Niger | B94: Low | D94: ='2. WB and IMF ext debt pay data'!C267 -> 0.1002511 | E94: ='2. WB and IMF ext debt pay data'!D267 -> 0.18764707 | F94: ='2. WB and IMF ext debt pay data'!E267 -> 0.35539374 | G94: ='2. WB and IMF ext debt pay data'!F267 -> 0.22171096 | H94: ='2. WB and IMF ext debt pay data'!G267 -> 0.18589246 | I94: ='2. WB and IMF ext debt pay data'!H267 -> 0.25720834 | J94: ='2. WB and IMF ext debt pay data'!I267 -> 0.27239997 | K94: ='2. WB and IMF ext debt pay data'!J267 -> 0.32173023 | ... BB94: ='2. WB and IMF ext debt pay data'!BA267 -> 0.12 | BH94: =AVERAGE(AQ94:AW94) -> 0.1254392 | BI94: =AVERAGE(AR94:AW94) -> 0.13620977 | BJ94: =AVERAGE(AV94:AY94) -> 0.17904357
A95: Nigeria | B95: Lower middle | N95: ='2. WB and IMF ext debt pay data'!M270 -> 0.27387769 | O95: ='2. WB and IMF ext debt pay data'!N270 -> 0.27137915 | P95: ='2. WB and IMF ext debt pay data'!O270 -> 0.18982834 | Q95: ='2. WB and IMF ext debt pay data'!P270 -> 0.12825532 | R95: ='2. WB and IMF ext debt pay data'!Q270 -> 0.17616369 | S95: ='2. WB and IMF ext debt pay data'!R270 -> 0.082366232 | T95: ='2. WB and IMF ext debt pay data'!S270 -> 0.078775814 | U95: ='2. WB and IMF ext debt pay data'!T270 -> 0.04757849 | ... BB95: ='2. WB and IMF ext debt pay data'!BA270 -> 0.18269231 | BH95: =AVERAGE(AQ95:AW95) -> 0.11071814 | BI95: =AVERAGE(AR95:AW95) -> 0.12283294 | BJ95: =AVERAGE(AV95:AY95) -> 0.15835773
A96: North Macedonia | B96: Upper middle | Q96: ='2. WB and IMF ext debt pay data'!P273 -> 0.017137749 | R96: ='2. WB and IMF ext debt pay data'!Q273 -> 0.11905753 | S96: ='2. WB and IMF ext debt pay data'!R273 -> 0.020067147 | T96: ='2. WB and IMF ext debt pay data'!S273 -> 0.035229692 | U96: ='2. WB and IMF ext debt pay data'!T273 -> 0.077641327 | V96: ='2. WB and IMF ext debt pay data'!U273 -> 0.089837418 | W96: ='2. WB and IMF ext debt pay data'!V273 -> 0.07792056 | X96: ='2. WB and IMF ext debt pay data'!W273 -> 0.060128598 | ... BB96: ='2. WB and IMF ext debt pay data'!BA273 -> 0.10280374 | BH96: =AVERAGE(AQ96:AW96) -> 0.15472961 | BI96: =AVERAGE(AR96:AW96) -> 0.16545501 | BJ96: =AVERAGE(AV96:AY96) -> 0.14586423
A97: Pakistan | B97: Lower middle | D97: ='2. WB and IMF ext debt pay data'!C276 -> 0.18415609 | E97: ='2. WB and IMF ext debt pay data'!D276 -> 0.15004449 | F97: ='2. WB and IMF ext debt pay data'!E276 -> 0.14602615 | G97: ='2. WB and IMF ext debt pay data'!F276 -> 0.24922302 | H97: ='2. WB and IMF ext debt pay data'!G276 -> 0.18551972 | I97: ='2. WB and IMF ext debt pay data'!H276 -> 0.22365644 | J97: ='2. WB and IMF ext debt pay data'!I276 -> 0.22172463 | K97: ='2. WB and IMF ext debt pay data'!J276 -> 0.22522102 | ... BB97: ='2. WB and IMF ext debt pay data'!BA276 -> 0.25088289 | BH97: =AVERAGE(AQ97:AW97) -> 0.27915738 | BI97: =AVERAGE(AR97:AW97) -> 0.28060009 | BJ97: =AVERAGE(AV97:AY97) -> 0.23881832
A98: Panama | B98: High | AR98: ='2. WB and IMF ext debt pay data'!AQ279 -> 0.288 | AS98: ='2. WB and IMF ext debt pay data'!AR279 -> 0.237 | AT98: ='2. WB and IMF ext debt pay data'!AS279 -> 0.157 | AU98: ='2. WB and IMF ext debt pay data'!AT279 -> 0.17 | AV98: ='2. WB and IMF ext debt pay data'!AU279 -> 0.21640909 | AW98: ='2. WB and IMF ext debt pay data'!AV279 -> 0.25875 | AX98: ='2. WB and IMF ext debt pay data'!AW279 -> 0.253 | AY98: ='2. WB and IMF ext debt pay data'!AX279 -> 0.16268293 | ... BB98: ='2. WB and IMF ext debt pay data'!BA279 -> 0.16116788 | BH98: =AVERAGE(AQ98:AW98) -> 0.22119318 | BI98: =AVERAGE(AR98:AW98) -> 0.22119318 | BJ98: =AVERAGE(AV98:AY98) -> 0.2227105
A99: Papua New Guinea | B99: Lower middle | C99: SIDS | D99: ='2. WB and IMF ext debt pay data'!C282 -> 0.073002594 | E99: ='2. WB and IMF ext debt pay data'!D282 -> 0.079449783 | F99: ='2. WB and IMF ext debt pay data'!E282 -> 0.11312763 | G99: ='2. WB and IMF ext debt pay data'!F282 -> 0.13356825 | H99: ='2. WB and IMF ext debt pay data'!G282 -> 0.20023532 | I99: ='2. WB and IMF ext debt pay data'!H282 -> 0.18120834 | J99: ='2. WB and IMF ext debt pay data'!I282 -> 0.16411576 | K99: ='2. WB and IMF ext debt pay data'!J282 -> 0.18809313 | ... BB99: ='2. WB and IMF ext debt pay data'!BA282 -> 0.146 | BH99: =AVERAGE(AQ99:AW99) -> 0.14394293 | BI99: =AVERAGE(AR99:AW99) -> 0.15008432 | BJ99: =AVERAGE(AV99:AY99) -> 0.14833181
A100: Paraguay | B100: Upper middle | D100: ='2. WB and IMF ext debt pay data'!C285 -> 0.1431885 | E100: ='2. WB and IMF ext debt pay data'!D285 -> 0.11182042 | F100: ='2. WB and IMF ext debt pay data'!E285 -> 0.11201145 | G100: ='2. WB and IMF ext debt pay data'!F285 -> 0.1150493 | H100: ='2. WB and IMF ext debt pay data'!G285 -> 0.19631668 | I100: ='2. WB and IMF ext debt pay data'!H285 -> 0.30733995 | J100: ='2. WB and IMF ext debt pay data'!I285 -> 0.33910567 | K100: ='2. WB and IMF ext debt pay data'!J285 -> 0.41841311 | ... BB100: ='2. WB and IMF ext debt pay data'!BA285 -> 0.15602837 | BH100: =AVERAGE(AQ100:AW100) -> 0.14461898 | BI100: =AVERAGE(AR100:AW100) -> 0.15531059 | BJ100: =AVERAGE(AV100:AY100) -> 0.19163137
A101: Peru | B101: Upper middle | D101: ='2. WB and IMF ext debt pay data'!C288 -> 0.42675461 | E101: ='2. WB and IMF ext debt pay data'!D288 -> 0.41244943 | F101: ='2. WB and IMF ext debt pay data'!E288 -> 0.33631486 | G101: ='2. WB and IMF ext debt pay data'!F288 -> 0.24423342 | H101: ='2. WB and IMF ext debt pay data'!G288 -> 0.21773338 | I101: ='2. WB and IMF ext debt pay data'!H288 -> 0.24475334 | J101: ='2. WB and IMF ext debt pay data'!I288 -> 0.11326128 | K101: ='2. WB and IMF ext debt pay data'!J288 -> 0.044513647 | ... BB101: ='2. WB and IMF ext debt pay data'!BA288 -> 0.093264249 | BH101: =AVERAGE(AQ101:AW101) -> 0.061740327 | BI101: =AVERAGE(AR101:AW101) -> 0.063281937 | BJ101: =AVERAGE(AV101:AY101) -> 0.076405216
A102: Philippines | B102: Lower middle | D102: ='2. WB and IMF ext debt pay data'!C291 -> 0.11733561 | E102: ='2. WB and IMF ext debt pay data'!D291 -> 0.13331621 | F102: ='2. WB and IMF ext debt pay data'!E291 -> 0.15700961 | G102: ='2. WB and IMF ext debt pay data'!F291 -> 0.21081151 | H102: ='2. WB and IMF ext debt pay data'!G291 -> 0.22794907 | I102: ='2. WB and IMF ext debt pay data'!H291 -> 0.23742028 | J102: ='2. WB and IMF ext debt pay data'!I291 -> 0.3656428 | K102: ='2. WB and IMF ext debt pay data'!J291 -> 0.40581167 | ... BB102: ='2. WB and IMF ext debt pay data'!BA291 -> 0.087804878 | BH102: =AVERAGE(AQ102:AW102) -> 0.081866816 | BI102: =AVERAGE(AR102:AW102) -> 0.081205948 | BJ102: =AVERAGE(AV102:AY102) -> 0.079997867
...

Sheet 2. WB and IMF ext debt pay data
C1: =D1-1 -> 1980 | D1: =E1-1 -> 1981 | E1: =F1-1 -> 1982 | F1: =G1-1 -> 1983 | G1: =H1-1 -> 1984 | H1: =I1-1 -> 1985 | I1: =J1-1 -> 1986 | J1: =K1-1 -> 1987 | ... AT1: =AU1-1 -> 2023 | AU1: 2024 | AV1: =AU1+1 -> 2025 | AW1: =AV1+1 -> 2026 | AX1: =AW1+1 -> 2027 | AY1: =AX1+1 -> 2028 | AZ1: =AY1+1 -> 2029 | BA1: =AZ1+1 -> 2030
A2: Afghanistan | B2: IMF data
B3: World Bank data | AC3: 0.0083034795 | AD3: 0.0037888008 | AE3: 0.0045780359 | AF3: 0.0045898837 | AG3: 0.0028395629 | AH3: 0.0026311922 | AI3: 0.0026853328 | AJ3: 0.005006629 | AK3: 0.0083628653 | AL3: 0.0097040888 | AM3: 0.010130684 | AN3: 0.010087342 | AO3: 0.0087918064 | AP3: 0.0087833427 | AQ3: 0.0074461189 | AR3: 0.0099199726 | AS3: 0.011512743 | AT3: 0.015267062 | AU3: 0.019202428
B4: Final | AC4: 0.0083034795 | AD4: 0.0037888008 | AE4: 0.0045780359 | AF4: 0.0045898837 | AG4: 0.0028395629 | AH4: 0.0026311922 | AI4: 0.0026853328 | AJ4: 0.005006629 | AK4: 0.0083628653 | AL4: 0.0097040888 | AM4: 0.010130684 | AN4: 0.010087342 | AO4: 0.0087918064 | AP4: 0.0087833427 | AQ4: 0.0074461189 | AR4: 0.0099199726 | AS4: 0.011512743 | AT4: 0.015267062 | AU4: 0.019202428
A5: Albania | B5: IMF data | AU5: 0.10035842 | AV5: 0.14893617 | AW5: 0.066433566 | AX5: 0.1358885 | AY5: 0.12152778 | AZ5: 0.053191489 | BA5: 0.09375 | BC5: https://www.imf.org/en/Publications/CR/Issues/2025/01/24/Albania-2024-Article-IV-Consultation-Press-Release-Staff-Report-and-Statement-by-the-561199 | BD5: Foreign currency
B6: World Bank data | N6: 0.014870649 | O6: 0.013317628 | P6: 0.0306895 | Q6: 0.043017502 | R6: 0.014298177 | S6: 0.034590249 | T6: 0.052971176 | U6: 0.0272251 | V6: 0.022554259 | W6: 0.030148439 | X6: 0.033183352 | Y6: 0.047850915 | Z6: 0.038051135 | AA6: 0.038278749 | AB6: 0.036567313 | AC6: 0.041783308 | AD6: 0.037289985 | AE6: 0.034141467 | AF6: 0.052818934 | AG6: 0.082007843 | AH6: 0.094029986 | AI6: 0.099035714 | AJ6: 0.06723907 | AK6: 0.07598949 | AL6: 0.19818076 | AM6: 0.085915177 | AN6: 0.086765255 | AO6: 0.16561376 | AP6: 0.092582061 | AQ6: 0.17338575 | AR6: 0.1105124 | AS6: 0.090491035 | AT6: 0.092628626 | AU6: 0.08851873 | AV6: 0.16927446
B7: FInal | N7: 0.014870649 | O7: 0.013317628 | P7: 0.0306895 | Q7: 0.043017502 | R7: 0.014298177 | S7: 0.034590249 | T7: 0.052971176 | U7: 0.0272251 | V7: 0.022554259 | W7: 0.030148439 | X7: 0.033183352 | Y7: 0.047850915 | Z7: 0.038051135 | AA7: 0.038278749 | AB7: 0.036567313 | AC7: 0.041783308 | AD7: 0.037289985 | AE7: 0.034141467 | AF7: 0.052818934 | AG7: 0.082007843 | AH7: 0.094029986 | AI7: 0.099035714 | AJ7: 0.06723907 | AK7: 0.07598949 | AL7: 0.19818076 | AM7: 0.085915177 | AN7: 0.086765255 | AO7: 0.16561376 | AP7: 0.092582061 | AQ7: 0.17338575 | AR7: 0.1105124 | AS7: 0.090491035 | AT7: 0.092628626 | AU7: 0.08851873 | AV7: 0.14893617 | AW7: 0.066433566 | AX7: 0.1358885 | AY7: 0.12152778 | AZ7: 0.053191489 | BA7: 0.09375
A8: Algeria | B8: IMF data | AU8: 0 | AV8: 0 | AW8: 0 | AX8: 0 | AY8: 0 | AZ8: 0 | BA8: 0 | BC8: https://www.imf.org/en/Publications/CR/Issues/2025/09/18/Algeria-2025-Article-IV-Consultation-Press-Release-and-Staff-Report-570472 | BD8: Foreign currency
B9: World Bank data | C9: 0.31978985 | D9: 0.30094233 | E9: 0.33375674 | F9: 0.32936452 | G9: 0.32965716 | H9: 0.27210674 | I9: 0.28450395 | J9: 0.29062167 | K9: 0.41473288 | L9: 0.44680067 | M9: 0.48250908 | N9: 0.61522164 | O9: 0.62946673 | P9: 0.66075084 | Q9: 0.41048229 | R9: 0.33540923 | S9: 0.27872836 | T9: 0.27434451 | U9: 0.38803992 | V9: 0.35495614 | W9: 0.21302977 | X9: 0.22802524 | Y9: 0.2036089 | Z9: 0.17050265 | AA9: 0.17893592 | AB9: 0.13600713 | AC9: 0.26356172 | AD9: 0.014099361 | AE9: 0.012583413 | AF9: 0.0092522597 | AG9: 0.0065710588 | AH9: 0.0059223212 | AI9: 0.0081344932 | AJ9: 0.0040165654 | AK9: 0.0033613122 | AL9: 0.0037238483 | AM9: 0.003653425 | AN9: 0.0030648684 | AO9: 0.0025468035 | AP9: 0.0023872257 | AQ9: 0.0023514621 | AR9: 0.0025560974 | AS9: 0.0026751944 | AT9: 0.0034350548 | AU9: 0.0042130304 | AV9: 0.0011484053 | AW9: 0.0012678663 | AX9: 0.0012162588 | AY9: 0.0011343234 | AZ9: 0.0010402362 | BA9: 0.0010171173
B10: Final | C10: 0.31978985 | D10: 0.30094233 | E10: 0.33375674 | F10: 0.32936452 | G10: 0.32965716 | H10: 0.27210674 | I10: 0.28450395 | J10: 0.29062167 | K10: 0.41473288 | L10: 0.44680067 | M10: 0.48250908 | N10: 0.61522164 | O10: 0.62946673 | P10: 0.66075084 | Q10: 0.41048229 | R10: 0.33540923 | S10: 0.27872836 | T10: 0.27434451 | U10: 0.38803992 | V10: 0.35495614 | W10: 0.21302977 | X10: 0.22802524 | Y10: 0.2036089 | Z10: 0.17050265 | AA10: 0.17893592 | AB10: 0.13600713 | AC10: 0.26356172 | AD10: 0.014099361 | AE10: 0.012583413 | AF10: 0.0092522597 | AG10: 0.0065710588 | AH10: 0.0059223212 | AI10: 0.0081344932 | AJ10: 0.0040165654 | AK10: 0.0033613122 | AL10: 0.0037238483 | AM10: 0.003653425 | AN10: 0.0030648684 | AO10: 0.0025468035 | AP10: 0.0023872257 | AQ10: 0.0023514621 | AR10: 0.0025560974 | AS10: 0.0026751944 | AT10: 0.0034350548 | AU10: 0.0042130304 | AV10: 0.0011484053 | AW10: 0.0012678663 | AX10: 0.0012162588 | AY10: 0.0011343234 | AZ10: 0.0010402362 | BA10: 0.0010171173
A11: Angola | B11: IMF data | AU11: ='3. MAC DSF calcs'!D6 -> 0.51807229 | AV11: ='3. MAC DSF calcs'!E6 -> 0.43243243 | AW11: ='3. MAC DSF calcs'!F6 -> 0.4375 | AX11: ='3. MAC DSF calcs'!G6 -> 0.61764706 | AY11: ='3. MAC DSF calcs'!H6 -> 0.56617647 | AZ11: ='3. MAC DSF calcs'!I6 -> 0.49264706 | BA11: ='3. MAC DSF calcs'!J6 -> 0.51851852 | BB11: 46143 | BC11: https://www.imf.org/en/publications/cr/issues/2026/05/08/angola-2026-article-iv-consultation-press-release-staff-report-and-statement-by-the-575947 | BD11: Foreign currency
B12: World Bank data | L12: 0.053565998 | M12: 0.05703397 | N12: 0.069804105 | O12: 0.051607501 | P12: 0.032920271 | Q12: 0.10421847 | R12: 0.16970729 | S12: 0.26102284 | T12: 0.25369455 | U12: 0.58250119 | V12: 0.38903486 | W12: 0.35423549 | X12: 0.54139255 | Y12: 0.32654454 | Z12: 0.28004457 | AA12: 0.25714644 | AB12: 0.20531719 | AC12: 0.20726256 | AD12: 0.15801482 | AE12: 0.03685067 | AF12: 0.13540283 | AG12: 0.06405137 | AH12: 0.055406105 | AI12: 0.08196584 | AJ12: 0.10344724 | AK12: 0.16907275 | AL12: 0.24472523 | AM12: 0.53368015 | AN12: 0.38114962 | AO12: 0.39894678 | AP12: 0.56145214 | AQ12: 0.57297135 | AR12: 0.51486997 | AS12: 0.30693191 | AT12: 0.58378632 | AU12: 0.51831333 | AV12: 0.84248568
B13: Final | L13: 0.053565998 | M13: 0.05703397 | N13: 0.069804105 | O13: 0.051607501 | P13: 0.032920271 | Q13: 0.10421847 | R13: 0.16970729 | S13: 0.26102284 | T13: 0.25369455 | U13: 0.58250119 | V13: 0.38903486 | W13: 0.35423549 | X13: 0.54139255 | Y13: 0.32654454 | Z13: 0.28004457 | AA13: 0.25714644 | AB13: 0.20531719 | AC13: 0.20726256 | AD13: 0.15801482 | AE13: 0.03685067 | AF13: 0.13540283 | AG13: 0.06405137 | AH13: 0.055406105 | AI13: 0.08196584 | AJ13: 0.10344724 | AK13: 0.16907275 | AL13: 0.24472523 | AM13: 0.53368015 | AN13: 0.38114962 | AO13: 0.39894678 | AP13: 0.56145214 | AQ13: 0.57297135 | AR13: 0.51486997 | AS13: 0.30693191 | AT13: 0.58378632 | AU13: 0.51831333 | AV13: 0.43243243 | AW13: 0.4375 | AX13: 0.61764706 | AY13: 0.56617647 | AZ13: 0.49264706 | BA13: 0.51851852
A14: Antigua & Barbuda | B14: IMF data | AS14: ='3. MAC DSF calcs'!B14 -> 0.10555556 | AT14: ='3. MAC DSF calcs'!C14 -> 0.1257485 | AU14: ='3. MAC DSF calcs'!D14 -> 0.14155251 | AV14: ='3. MAC DSF calcs'!E14 -> 0.071428571 | AW14: ='3. MAC DSF calcs'!F14 -> 0.096330275 | AX14: ='3. MAC DSF calcs'!G14 -> 0.11428571 | AY14: ='3. MAC DSF calcs'!H14 -> 0.12857143 | AZ14: ='3. MAC DSF calcs'!I14 -> 0.12980769 | BA14: ='3. MAC DSF calcs'!J14 -> 0.13461538 | BB14: 46143 | BC14: https://www.imf.org/en/publications/cr/issues/2026/05/12/antigua-and-barbuda-2026-article-iv-consultation-press-release-staff-report-and-statement-576012 | BD14: Foreign currency
B15: World Bank data | C15: None
B16: Final | AS16: 0.10555556 | AT16: 0.1257485 | AU16: 0.14155251 | AV16: 0.071428571 | AW16: 0.096330275 | AX16: 0.11428571 | AY16: 0.12857143 | AZ16: 0.12980769 | BA16: 0.13461538
A17: Argentina | B17: IMF data | AU17: ='3. MAC DSF calcs'!D18 -> 0.30357143 | AV17: ='3. MAC DSF calcs'!E18 -> 0.16352201 | AW17: ='3. MAC DSF calcs'!F18 -> 0.30322581 | AX17: ='3. MAC DSF calcs'!G18 -> 0.27848101 | AY17: ='3. MAC DSF calcs'!H18 -> 0.32298137 | AZ17: ='3. MAC DSF calcs'!I18 -> 0.3902439 | BA17: ='3. MAC DSF calcs'!J18 -> 0.36585366 | BB17: 46143 | BC17: https://www.imf.org/en/publications/cr/issues/2026/05/22/argentina-2026-article-iv-consultation-second-review-under-the-extended-arrangement-under-576253 | BD17: Foreign currency
B18: World Bank data | C18: 0.042093334 | D18: 0.054535501 | E18: 0.11827983 | F18: 0.10304012 | G18: 0.13751131 | H18: 0.21869061 | I18: 0.23658921 | J18: 0.21503756 | K18: 0.15182014 | L18: 0.19729336 | M18: 0.17508345 | N18: 0.11241633 | O18: 0.080182139 | P18: 0.086610223 | Q18: 0.067783184 | R18: 0.1002434 | S18: 0.12724763 | T18: 0.14852466 | U18: 0.14787725 | V18: 0.18519293 | W18: 0.22451676 | X18: 0.18329178 | Y18: 0.22318525 | Z18: 0.39057842 | AA18: 0.19435085 | AB18: 0.13146103 | AC18: 0.21114589 | AD18: 0.057622733 | AE18: 0.051971346 | AF18: 0.069745705 | AG18: 0.064411206 | AH18: 0.046111804 | AI18: 0.031157022 | AJ18: 0.035334622 | AK18: 0.051840988 | AL18: 0.050666939 | AM18: 0.091018097 | AN18: 0.13648914 | AO18: 0.15331481 | AP18: 0.19560228 | AQ18: 0.092151865 | AR18: 0.066799378 | AS18: 0.12424372 | AT18: 0.14629133 | AU18: 0.11031893 | AV18: 0.049965353
B19: Final | C19: 0.042093334 | D19: 0.054535501 | E19: 0.11827983 | F19: 0.10304012 | G19: 0.13751131 | H19: 0.21869061 | I19: 0.23658921 | J19: 0.21503756 | K19: 0.15182014 | L19: 0.19729336 | M19: 0.17508345 | N19: 0.11241633 | O19: 0.080182139 | P19: 0.086610223 | Q19: 0.067783184 | R19: 0.1002434 | S19: 0.12724763 | T19: 0.14852466 | U19: 0.14787725 | V19: 0.18519293 | W19: 0.22451676 | X19: 0.18329178 | Y19: 0.22318525 | Z19: 0.39057842 | AA19: 0.19435085 | AB19: 0.13146103 | AC19: 0.21114589 | AD19: 0.057622733 | AE19: 0.051971346 | AF19: 0.069745705 | AG19: 0.064411206 | AH19: 0.046111804 | AI19: 0.031157022 | AJ19: 0.035334622 | AK19: 0.051840988 | AL19: 0.050666939 | AM19: 0.091018097 | AN19: 0.13648914 | AO19: 0.15331481 | AP19: 0.19560228 | AQ19: 0.092151865 | AR19: 0.066799378 | AS19: 0.12424372 | AT19: 0.14629133 | AU19: 0.11031893 | AV19: 0.16352201 | AW19: 0.30322581 | AX19: 0.27848101 | AY19: 0.32298137 | AZ19: 0.3902439 | BA19: 0.36585366
A20: Armenia | B20: IMF data | AU20: 0.1 | AV20: 0.1496063 | AW20: 0.09765625 | AX20: 0.08203125 | AY20: 0.081712062 | AZ20: 0.14396887 | BA20: 0.097276265 | BB20: 45992 | BC20: https://www.imf.org/en/Publications/CR/Issues/2024/12/17/Republic-of-Armenia-Fourth-Review-Under-the-Stand-By-Arrangement-and-Request-for-559673 | BD20: Foreign currency
B21: World Bank data | P21: 0.00895304 | Q21: 0.026201122 | R21: 0.049122409 | S21: 0.17325247 | T21: 0.090340761 | U21: 0.18366441 | V21: 0.17013006 | W21: 0.1456302 | X21: 0.1509905 | Y21: 0.17637506 | Z21: 0.23641521 | AA21: 0.17915014 | AB21: 0.073329484 | AC21: 0.055061284 | AD21: 0.030149922 | AE21: 0.023011518 | AF21: 0.0396489 | AG21: 0.045488103 | AH21: 0.045398104 | AI21: 0.10781547 | AJ21: 0.3485449 | AK21: 0.10381258 | AL21: 0.17070466 | AM21: 0.10364209 | AN21: 0.11626412 | AO21: 0.1340414 | AP21: 0.25612738 | AQ21: 0.17590957 | AR21: 0.1388843 | AS21: 0.10066698 | AT21: 0.13980926 | AU21: 0.11692901 | AV21: 0.14837064
B22: Final | P22: 0.00895304 | Q22: 0.026201122 | R22: 0.049122409 | S22: 0.17325247 | T22: 0.090340761 | U22: 0.18366441 | V22: 0.17013006 | W22: 0.1456302 | X22: 0.1509905 | Y22: 0.17637506 | Z22: 0.23641521 | AA22: 0.17915014 | AB22: 0.073329484 | AC22: 0.055061284 | AD22: 0.030149922 | AE22: 0.023011518 | AF22: 0.0396489 | AG22: 0.045488103 | AH22: 0.045398104 | AI22: 0.10781547 | AJ22: 0.3485449 | AK22: 0.10381258 | AL22: 0.17070466 | AM22: 0.10364209 | AN22: 0.11626412 | AO22: 0.1340414 | AP22: 0.25612738 | AQ22: 0.17590957 | AR22: 0.1388843 | AS22: 0.10066698 | AT22: 0.13980926 | AU22: 0.11692901 | AV22: 0.1496063 | AW22: 0.09765625 | AX22: 0.08203125 | AY22: 0.081712062 | AZ22: 0.14396887 | BA22: 0.097276265
A23: Aruba | B23: IMF data | AU23: 0.29795918 | AV23: 0.25531915 | AW23: 0.28947368 | AX23: 0.25 | AY23: 0.3245614 | AZ23: 0.39823009 | BA23: 0.21875 | BB23: 45992 | BC23: https://www.imf.org/en/publications/cr/issues/2025/12/01/kingdom-of-the-netherlands-aruba-2025-article-iv-consultation-discussions-press-release-572146 | BD23: Foreign currency
B24: World Bank data | C24: None
B25: Final | AU25: 0.29795918 | AV25: 0.25531915 | AW25: 0.28947368 | AX25: 0.25 | AY25: 0.3245614 | AZ25: 0.39823009 | BA25: 0.21875
A26: Azerbaijan | B26: IMF data | AU26: ='3. MAC DSF calcs'!D34 -> 0.012589928 | AV26: ='3. MAC DSF calcs'!E34 -> 0.019230769 | AW26: ='3. MAC DSF calcs'!F34 -> 0.017681729 | AX26: ='3. MAC DSF calcs'!G34 -> 0.025641026 | AY26: ='3. MAC DSF calcs'!H34 -> 0.034013605 | AZ26: ='3. MAC DSF calcs'!I34 -> 0.042154567 | BA26: ='3. MAC DSF calcs'!J34 -> 0.053268765 | BB26: 46143 | BC26: https://www.imf.org/-/media/files/publications/cr/2026/english/1azeea2026001.pdf | BD26: Foreign currency
B27: World Bank data | R27: 0.023152865 | S27: 0.01657231 | T27: 0.10194784 | U27: 0.024438234 | V27: 0.07135144 | W27: 0.12443963 | X27: 0.057196893 | Y27: 0.046275423 | Z27: 0.097910803 | AA27: 0.060681634 | AB27: 0.039386694 | AC27: 0.026477194 | AD27: 0.019445855 | AE27: 0.010630344 | AF27: 0.016104345 | AG27: 0.013007162 | AH27: 0.012116876 | AI27: 0.013903583 | AJ27: 0.029109175 | AK27: 0.023696419 | AL27: 0.044228981 | AM27: 0.076803983 | AN27: 0.11247737 | AO27: 0.11551333 | AP27: 0.07693552 | AQ27: 0.094662553 | AR27: 0.090797807 | AS27: 0.056306898 | AT27: 0.052375525 | AU27: 0.11810407 | AV27: 0.057633593
B28: Final | R28: 0.023152865 | S28: 0.01657231 | T28: 0.10194784 | U28: 0.024438234 | V28: 0.07135144 | W28: 0.12443963 | X28: 0.057196893 | Y28: 0.046275423 | Z28: 0.097910803 | AA28: 0.060681634 | AB28: 0.039386694 | AC28: 0.026477194 | AD28: 0.019445855 | AE28: 0.010630344 | AF28: 0.016104345 | AG28: 0.013007162 | AH28: 0.012116876 | AI28: 0.013903583 | AJ28: 0.029109175 | AK28: 0.023696419 | AL28: 0.044228981 | AM28: 0.076803983 | AN28: 0.11247737 | AO28: 0.11551333 | AP28: 0.07693552 | AQ28: 0.094662553 | AR28: 0.090797807 | AS28: 0.056306898 | AT28: 0.052375525 | AU28: 0.11810407 | AV28: 0.019230769 | AW28: 0.017681729 | AX28: 0.025641026 | AY28: 0.034013605 | AZ28: 0.042154567 | BA28: 0.053268765
A29: Bahamas, The | B29: IMF data | AS29: 0.2985782 | AT29: 0.30275229 | AU29: 0.38862559 | AV29: 0.54545455 | AW29: 0.28828829 | AX29: 0.29279279 | AY29: 0.29279279 | AZ29: 0.28378378 | BA29: 0.28828829 | BB29: 46054 | BC29: https://www.imf.org/en/Publications/CR/Issues/2025/01/17/The-Bahamas-2024-Article-IV-Consultation-Press-Release-Staff-Report-and-Statement-by-the-561018 | BD29: Foreign currency
B30: World Bank data | C30: None
B31: Final | AS31: 0.2985782 | AT31: 0.30275229 | AU31: 0.38862559 | AV31: 0.54545455 | AW31: 0.28828829 | AX31: 0.29279279 | AY31: 0.29279279 | AZ31: 0.28378378 | BA31: 0.28828829
A32: Bangladesh | B32: IMF data | AU32: 0.119 | AV32: 0.185 | AW32: 0.148 | AX32: 0.125 | AY32: 0.123 | AZ32: 0.114 | BA32: 0.111 | BB32: 46023 | BC32: https://www.imf.org/en/publications/cr/issues/2026/01/30/bangladesh-2025-article-iv-consultation-press-release-staff-report-and-statement-by-the-573579 | BD32: Foreign currency
B33: World Bank data | C33: 0.17791064 | D33: 0.13104745 | E33: 0.16264571 | F33: 0.16859284 | G33: 0.20994939 | H33: 0.21374795 | I33: 0.27239621 | J33: 0.30262147 | K33: 0.27249673 | L33: 0.25000288 | M33: 0.19451503 | N33: 0.14772441 | O33: 0.13110161 | P33: 0.11467614 | Q33: 0.11263266 | R33: 0.14193741 | S33: 0.14957918 | T33: 0.14543838 | U33: 0.13409507 | V33: 0.15059882 | W33: 0.16771142 | X33: 0.14268757 | Y33: 0.13268267 | Z33: 0.10989721 | AA33: 0.10629835 | AB33: 0.12424469 | AC33: 0.095292718 | AD33: 0.12347609 | AE33: 0.094705898 | AF33: 0.095621834 | AG33: 0.083886713 | AH33: 0.10123804 | AI33: 0.10070436 | AJ33: 0.10142287 | AK33: 0.089066354 | AL33: 0.069963255 | AM33: 0.055754416 | AN33: 0.063308392 | AO33: 0.061683252 | AP33: 0.070873018 | AQ33: 0.067773336 | AR33: 0.076152256 | AS33: 0.091857351 | AT33: 0.12842354 | AU33: 0.14775601 | AV33: 0.19490671
B34: Final | C34: 0.17791064 | D34: 0.13104745 | E34: 0.16264571 | F34: 0.16859284 | G34: 0.20994939 | H34: 0.21374795 | I34: 0.27239621 | J34: 0.30262147 | K34: 0.27249673 | L34: 0.25000288 | M34: 0.19451503 | N34: 0.14772441 | O34: 0.13110161 | P34: 0.11467614 | Q34: 0.11263266 | R34: 0.14193741 | S34: 0.14957918 | T34: 0.14543838 | U34: 0.13409507 | V34: 0.15059882 | W34: 0.16771142 | X34: 0.14268757 | Y34: 0.13268267 | Z34: 0.10989721 | AA34: 0.10629835 | AB34: 0.12424469 | AC34: 0.095292718 | AD34: 0.12347609 | AE34: 0.094705898 | AF34: 0.095621834 | AG34: 0.083886713 | AH34: 0.10123804 | AI34: 0.10070436 | AJ34: 0.10142287 | AK34: 0.089066354 | AL34: 0.069963255 | AM34: 0.055754416 | AN34: 0.063308392 | AO34: 0.061683252 | AP34: 0.070873018 | AQ34: 0.067773336 | AR34: 0.076152256 | AS34: 0.091857351 | AT34: 0.12842354 | AU34: 0.14775601 | AV34: 0.185 | AW34: 0.148 | AX34: 0.125 | AY34: 0.123 | AZ34: 0.114 | BA34: 0.111
A35: Barbados | B35: IMF data | AT35: 0.14285714 | AU35: 0.15972222 | AV35: 0.19330855 | AW35: 0.17712177 | AX35: 0.17712177 | AY35: 0.1697417 | AZ35: 0.16236162 | BA35: 0.11808118 | BB35: 45809 | BC35: https://www.imf.org/en/Publications/CR/Issues/2025/06/27/Barbados-Fifth-Reviews-Under-the-Extended-Arrangement-Under-the-Extended-Fund-Facility-and-568113 | BD35: Foreign currency
B36: World Bank data | C36: None
B37: Final | AT37: 0.14285714 | AU37: 0.15972222 | AV37: 0.19330855 | AW37: 0.17712177 | AX37: 0.17712177 | AY37: 0.1697417 | AZ37: 0.16236162 | BA37: 0.11808118
A38: Belize | B38: IMF data | AU38: 0.15546218 | AV38: 0.14345992 | AW38: 0.14345992 | AX38: 0.14345992 | AY38: 0.14345992 | AZ38: 0.14345992 | BA38: 0.1350211 | BC38: https://www.imf.org/en/Publications/CR/Issues/2025/09/15/Belize-2025-Article-IV-Consultation-Press-Release-Staff-Report-and-Statement-by-the-570371 | BD38: Foreign currency
B39: World Bank data | C39: 0.035620294 | D39: 0.076592157 | E39: 0.13309287 | F39: 0.1541148 | G39: 0.13466628 | H39: 0.32742146 | I39: 0.27859204 | J39: 0.23080462 | K39: 0.21208098 | L39: 0.1954073 | M39: 0.18176213 | N39: 0.14822735 | O39: 0.12553675 | P39: 0.12765762 | Q39: 0.17201632 | R39: 0.23916209 | S39: 0.24917766 | T39: 0.22009177 | U39: 0.23707341 | V39: 0.25817809 | W39: 0.39363417 | X39: 0.43366038 | Y39: 0.79225904 | Z39: 0.71746437 | AA39: 1.3616009 | AB39: 0.87830517 | AC39: 0.46010423 | AD39: 1.7422616 | AE39: 0.25295554 | AF39: 0.27490647 | AG39: 0.25791441 | AH39: 0.21593722 | AI39: 0.23060121 | AJ39: 0.24940518 | AK39: 0.1523866 | AL39: 0.15397255 | AM39: 0.16336258 | AN39: 0.15691243 | AO39: 0.14645798 | AP39: 0.16016528 | AQ39: 0.15005309 | AR39: 1.125082 | AS39: 0.11386455 | AT39: 0.15282591 | AU39: 0.1571352 | AV39: 0.1546584
B40: Final | C40: 0.035620294 | D40: 0.076592157 | E40: 0.13309287 | F40: 0.1541148 | G40: 0.13466628 | H40: 0.32742146 | I40: 0.27859204 | J40: 0.23080462 | K40: 0.21208098 | L40: 0.1954073 | M40: 0.18176213 | N40: 0.14822735 | O40: 0.12553675 | P40: 0.12765762 | Q40: 0.17201632 | R40: 0.23916209 | S40: 0.24917766 | T40: 0.22009177 | U40: 0.23707341 | V40: 0.25817809 | W40: 0.39363417 | X40: 0.43366038 | Y40: 0.79225904 | Z40: 0.71746437 | AA40: 0.712 | AB40: 0.87830517 | AC40: 0.46010423 | AD40: 0.467 | AE40: 0.25295554 | AF40: 0.27490647 | AG40: 0.25791441 | AH40: 0.21593722 | AI40: 0.23060121 | AJ40: 0.24940518 | AK40: 0.1523866 | AL40: 0.15397255 | AM40: 0.16336258 | AN40: 0.15691243 | AO40: 0.14645798 | AP40: 0.16016528 | AQ40: 0.15005309 | AR40: 0.144 | AS40: 0.11386455 | AT40: 0.15282591 | AU40: 0.1571352 | AV40: 0.14345992 | AW40: 0.14345992 | AX40: 0.14345992 | AY40: 0.14345992 | AZ40: 0.14345992 | BA40: 0.1350211 | BD40: 2004, 2007 and 2021 averaged to surrounding years as high payments due to way debt was restructured
A41: Benin | B41: IMF data | AU41: 0.115 | AV41: 0.306 | AW41: 0.212 | AX41: 0.216 | AY41: 0.202 | AZ41: 0.186 | BA41: 0.193 | BB41: 46113 | BC41: https://www.imf.org/en/publications/cr/issues/2026/04/30/benin-seventh-reviews-under-the-extended-fund-facility-and-the-extended-credit-facility-575747 | BD41: Foreign currency
B42: World Bank data | C42: 0.025442508 | D42: 0.043274687 | E42: 0.063209393 | F42: 0.12613988 | G42: 0.18552307 | H42: 0.17885615 | I42: 0.1791803 | J42: 0.088918933 | K42: 0.054808998 | L42: 0.049679067 | M42: 0.077929601 | N42: 0.06640862 | O42: 0.05005907 | P42: 0.059660974 | Q42: 0.10503835 | R42: 0.087835102 | S42: 0.072170883 | T42: 0.084968311 | U42: 0.092771546 | V42: 0.13911616 | W42: 0.17021974 | X42: 0.10093945 | Y42: 0.10814266 | Z42: 0.072381841 | AA42: 0.050981451 | AB42: 0.056519973 | AC42: 0.044702719 | AD42: 0.022730161 | AE42: 0.018795896 | AF42: 0.030547577 | AG42: 0.02964327 | AH42: 0.02935801 | AI42: 0.036341135 | AJ42: 0.048499557 | AK42: 0.047113871 | AL42: 0.054206027 | AM42: 0.074630855 | AN42: 0.059945808 | AO42: 0.11918806 | AP42: 0.10442695 | AQ42: 0.10459727 | AR42: 0.29692733 | AS42: 0.18855093 | AT42: 0.26962889 | AU42: 0.32927772 | AV42: 0.28548468
B43: Final | C43: 0.025442508 | D43: 0.043274687 | E43: 0.063209393 | F43: 0.12613988 | G43: 0.18552307 | H43: 0.17885615 | I43: 0.1791803 | J43: 0.088918933 | K43: 0.054808998 | L43: 0.049679067 | M43: 0.077929601 | N43: 0.06640862 | O43: 0.05005907 | P43: 0.059660974 | Q43: 0.10503835 | R43: 0.087835102 | S43: 0.072170883 | T43: 0.084968311 | U43: 0.092771546 | V43: 0.13911616 | W43: 0.17021974 | X43: 0.10093945 | Y43: 0.10814266 | Z43: 0.072381841 | AA43: 0.050981451 | AB43: 0.056519973 | AC43: 0.044702719 | AD43: 0.022730161 | AE43: 0.018795896 | AF43: 0.030547577 | AG43: 0.02964327 | AH43: 0.02935801 | AI43: 0.036341135 | AJ43: 0.048499557 | AK43: 0.047113871 | AL43: 0.054206027 | AM43: 0.074630855 | AN43: 0.059945808 | AO43: 0.11918806 | AP43: 0.10442695 | AQ43: 0.10459727 | AR43: 0.29692733 | AS43: 0.18855093 | AT43: 0.26962889 | AU43: 0.32927772 | AV43: 0.306 | AW43: 0.212 | AX43: 0.216 | AY43: 0.202 | AZ43: 0.186 | BA43: 0.193
A44: Bhutan | B44: IMF data | AU44: 0.181 | AV44: 0.193 | AW44: 0.558 | AX44: 0.365 | AY44: 0.295 | AZ44: 0.39 | BA44: 0.39 | BC44: https://www.imf.org/en/Publications/CR/Issues/2025/07/14/Benin-Sixth-Reviews-Under-the-Extended-Fund-Facility-and-the-Extended-Credit-Facility-568592 | BD44: Foreign currency
B45: World Bank data | D45: 3.5537319e-05 | E45: 6.3057713e-05 | F45: 9.6012635e-05 | G45: 0.0004716449 | H45: 0.00036381942 | I45: 0.0017189181 | J45: 0.0046183679 | K45: 0.010296698 | L45: 0.063810608 | M45: 0.059417449 | N45: 0.093049907 | O45: 0.076160496 | P45: 0.067674638 | Q45: 0.075832977 | R45: 0.084363433 | S45: 0.052773485 | T45: 0.054636328 | U45: 0.071194294 | V45: 0.044509835 | W45: 0.03826207 | X45: 0.035608666 | Y45: 0.036484553 | Z45: 0.048209804 | AA45: 0.05273891 | AB45: 0.028611729 | AC45: 0.0330749 | AD45: 0.085534445 | AE45: 0.17898901 | AF45: 0.15405782 | AG45: 0.13152711 | AH45: 0.13724632 | AI45: 0.20886007 | AJ45: 0.14146307 | AK45: 0.14121162 | AL45: 0.22924628 | AM45: 0.12992943 | AN45: 0.12773738 | AO45: 0.11416757 | AP45: 0.10221845 | AQ45: 0.079998608 | AR45: 0.16031211 | AS45: 0.17996397 | AT45: 0.19698336 | AU45: 0.190533 | AV45: 0.4027036
B46: Final | D46: 3.5537319e-05 | E46: 6.3057713e-05 | F46: 9.6012635e-05 | G46: 0.0004716449 | H46: 0.00036381942 | I46: 0.0017189181 | J46: 0.0046183679 | K46: 0.010296698 | L46: 0.063810608 | M46: 0.059417449 | N46: 0.093049907 | O46: 0.076160496 | P46: 0.067674638 | Q46: 0.075832977 | R46: 0.084363433 | S46: 0.052773485 | T46: 0.054636328 | U46: 0.071194294 | V46: 0.044509835 | W46: 0.03826207 | X46: 0.035608666 | Y46: 0.036484553 | Z46: 0.048209804 | AA46: 0.05273891 | AB46: 0.028611729 | AC46: 0.0330749 | AD46: 0.085534445 | AE46: 0.17898901 | AF46: 0.15405782 | AG46: 0.13152711 | AH46: 0.13724632 | AI46: 0.20886007 | AJ46: 0.14146307 | AK46: 0.14121162 | AL46: 0.22924628 | AM46: 0.12992943 | AN46: 0.12773738 | AO46: 0.11416757 | AP46: 0.10221845 | AQ46: 0.079998608 | AR46: 0.16031211 | AS46: 0.17996397 | AT46: 0.19698336 | AU46: 0.190533 | AV46: 0.193 | AW46: 0.558 | AX46: 0.365 | AY46: 0.295 | AZ46: 0.39 | BA46: 0.39
A47: Bolivia | B47: IMF data | AU47: 0.10915493 | AV47: 0.11290323 | AW47: 0.11570248 | AX47: 0.096638655 | AY47: 0.097046414 | AZ47: 0.063559322 | BA47: 0.055319149 | BC47: https://www.imf.org/en/Publications/CR/Issues/2025/06/02/Bolivia-2025-Article-IV-Consultation-Press-Release-Staff-Report-and-Statement-by-the-567384 | BD47: Foreign currency
B48: World Bank data | C48: 0.43687382 | D48: 0.23105106 | E48: 0.89151536 | F48: 0.71054851 | G48: 2.5051691 | H48: 0.58106557 | I48: 0.26440661 | J48: 0.29513196 | K48: 0.45086763 | L48: 0.31177938 | M48: 0.3802717 | N48: 0.26274344 | O48: 0.23109458 | P48: 0.25818002 | Q48: 0.21744577 | R48: 0.20221163 | S48: 0.19264473 | T48: 0.18160212 | U48: 0.18227789 | V48: 0.12901908 | W48: 0.1366268 | X48: 0.13134843 | Y48: 0.12311858 | Z48: 0.14786178 | AA48: 0.1222941 | AB48: 0.11224418 | AC48: 0.080063073 | AD48: 0.069608309 | AE48: 0.072830584 | AF48: 0.042969868 | AG48: 0.045995357 | AH48: 0.026503338 | AI48: 0.042985253 | AJ48: 0.025615434 | AK48: 0.029498412 | AL48: 0.042158357 | AM48: 0.041546066 | AN48: 0.04998744 | AO48: 0.056382587 | AP48: 0.065969018 | AQ48: 0.092811846 | AR48: 0.11055397 | AS48: 0.1418792 | AT48: 0.1194581 | AU48: 0.11344084 | AV48: 0.088744322
B49: Final | C49: 0.43687382 | D49: 0.23105106 | E49: 0.89151536 | F49: 0.71054851 | G49: 2.5051691 | H49: 0.58106557 | I49: 0.26440661 | J49: 0.29513196 | K49: 0.45086763 | L49: 0.31177938 | M49: 0.3802717 | N49: 0.26274344 | O49: 0.23109458 | P49: 0.25818002 | Q49: 0.21744577 | R49: 0.20221163 | S49: 0.19264473 | T49: 0.18160212 | U49: 0.18227789 | V49: 0.12901908 | W49: 0.1366268 | X49: 0.13134843 | Y49: 0.12311858 | Z49: 0.14786178 | AA49: 0.1222941 | AB49: 0.11224418 | AC49: 0.080063073 | AD49: 0.069608309 | AE49: 0.072830584 | AF49: 0.042969868 | AG49: 0.045995357 | AH49: 0.026503338 | AI49: 0.042985253 | AJ49: 0.025615434 | AK49: 0.029498412 | AL49: 0.042158357 | AM49: 0.041546066 | AN49: 0.04998744 | AO49: 0.056382587 | AP49: 0.065969018 | AQ49: 0.092811846 | AR49: 0.11055397 | AS49: 0.1418792 | AT49: 0.1194581 | AU49: 0.11344084 | AV49: 0.11290323 | AW49: 0.11570248 | AX49: 0.096638655 | AY49: 0.097046414 | AZ49: 0.063559322 | BA49: 0.055319149
A50: Bosnia and Herzegovina | B50: IMF data | AU50: ='3. MAC DSF calcs'!D54 -> 0 | AV50: ='3. MAC DSF calcs'!E54 -> 0.060747664 | AW50: ='3. MAC DSF calcs'!F54 -> 0.056737589 | AX50: ='3. MAC DSF calcs'!G54 -> 0.063529412 | AY50: ='3. MAC DSF calcs'!H54 -> 0.068235294 | AZ50: ='3. MAC DSF calcs'!I54 -> 0.068075117 | BA50: ='3. MAC DSF calcs'!J54 -> 0.070422535 | BB50: 46204 | BC50: https://www.imf.org/-/media/files/publications/cr/2026/english/1bihea2026001.pdf | BD50: Foreign currency
B51: World Bank data | V51: 0.053240029 | W51: 0.099222107 | X51: 0.099645375 | Y51: 0.044444245 | Z51: 0.037432833 | AA51: 0.03233317 | AB51: 0.029829329 | AC51: 0.029609673 | AD51: 0.023901946 | AE51: 0.020542014 | AF51: 0.022979102 | AG51: 0.027152078 | AH51: 0.030420319 | AI51: 0.036529139 | AJ51: 0.060284826 | AK51: 0.067448095 | AL51: 0.066467759 | AM51: 0.060952533 | AN51: 0.077954983 | AO51: 0.073323648 | AP51: 0.062304361 | AQ51: 0.05794018 | AR51: 0.054388034 | AS51: 0.051242356 | AT51: 0.089253187 | AU51: 0.065796586 | AV51: 0.050111909 | AW51: 0.087777064 | AX51: 0.038611502 | AY51: 0.034528631 | AZ51: 0.029734526 | BA51: 0.026053172
B52: Final | V52: 0.053240029 | W52: 0.099222107 | X52: 0.099645375 | Y52: 0.044444245 | Z52: 0.037432833 | AA52: 0.03233317 | AB52: 0.029829329 | AC52: 0.029609673 | AD52: 0.023901946 | AE52: 0.020542014 | AF52: 0.022979102 | AG52: 0.027152078 | AH52: 0.030420319 | AI52: 0.036529139 | AJ52: 0.060284826 | AK52: 0.067448095 | AL52: 0.066467759 | AM52: 0.060952533 | AN52: 0.077954983 | AO52: 0.073323648 | AP52: 0.062304361 | AQ52: 0.05794018 | AR52: 0.054388034 | AS52: 0.051242356 | AT52: 0.089253187 | AU52: 0.065796586 | AV52: 0.060747664 | AW52: 0.056737589 | AX52: 0.063529412 | AY52: 0.068235294 | AZ52: 0.068075117 | BA52: 0.070422535
A53: Botswana | B53: IMF data | AU53: 0.026819923 | AV53: 0.041493776 | AW53: 0.048192771 | AX53: 0.050980392 | AY53: 0.049618321 | AZ53: 0.044776119 | BA53: 0.044117647 | BB53: 45992 | BC53: https://www.imf.org/en/publications/cr/issues/2025/12/08/botswana-2025-article-iv-consultation-press-release-staff-report-and-statement-by-the-572347 | BD53: Foreign currency
B54: World Bank data | C54: 0.024468922 | D54: 0.019183755 | E54: 0.028659073 | F54: 0.046717147 | G54: 0.060747517 | H54: 0.096144477 | I54: 0.067933967 | J54: 0.069613024 | K54: 0.056154511 | L54: 0.047837541 | M54: 0.062865898 | N54: 0.052697662 | O54: 0.055818858 | P54: 0.051172594 | Q54: 0.048953371 | R54: 0.043134902 | S54: 0.069588084 | T54: 0.046171152 | U54: 0.035852804 | V54: 0.029414497 | W54: 0.025028532 | X54: 0.023937419 | Y54: 0.026979445 | Z54: 0.015594883 | AA54: 0.013161749 | AB54: 0.012076136 | AC54: 0.011943105 | AD54: 0.010344907 | AE54: 0.015790036 | AF54: 0.011650828 | AG54: 0.017317354 | AH54: 0.013118454 | AI54: 0.010380759 | AJ54: 0.032657657 | AK54: 0.0091861859 | AL54: 0.034908651 | AM54: 0.030163286 | AN54: 0.031863604 | AO54: 0.033391504 | AP54: 0.038409992 | AQ54: 0.044183306 | AR54: 0.027399926 | AS54: 0.02762341 | AT54: 0.04152074 | AU54: 0.053204648 | AV54: 0.054470661
B55: Final | C55: 0.024468922 | D55: 0.019183755 | E55: 0.028659073 | F55: 0.046717147 | G55: 0.060747517 | H55: 0.096144477 | I55: 0.067933967 | J55: 0.069613024 | K55: 0.056154511 | L55: 0.047837541 | M55: 0.062865898 | N55: 0.052697662 | O55: 0.055818858 | P55: 0.051172594 | Q55: 0.048953371 | R55: 0.043134902 | S55: 0.069588084 | T55: 0.046171152 | U55: 0.035852804 | V55: 0.029414497 | W55: 0.025028532 | X55: 0.023937419 | Y55: 0.026979445 | Z55: 0.015594883 | AA55: 0.013161749 | AB55: 0.012076136 | AC55: 0.011943105 | AD55: 0.010344907 | AE55: 0.015790036 | AF55: 0.011650828 | AG55: 0.017317354 | AH55: 0.013118454 | AI55: 0.010380759 | AJ55: 0.032657657 | AK55: 0.0091861859 | AL55: 0.034908651 | AM55: 0.030163286 | AN55: 0.031863604 | AO55: 0.033391504 | AP55: 0.038409992 | AQ55: 0.044183306 | AR55: 0.027399926 | AS55: 0.02762341 | AT55: 0.04152074 | AU55: 0.053204648 | AV55: 0.041493776 | AW55: 0.048192771 | AX55: 0.050980392 | AY55: 0.049618321 | AZ55: 0.044776119 | BA55: 0.044117647
A56: Brazil | B56: IMF data | AU56: ='3. MAC DSF calcs'!D62 -> 0.0050632911 | AV56: ='3. MAC DSF calcs'!E62 -> 0.017766497 | AW56: ='3. MAC DSF calcs'!F62 -> 0.012658228 | AX56: ='3. MAC DSF calcs'!G62 -> 0.012285012 | AY56: ='3. MAC DSF calcs'!H62 -> 0.012406948 | AZ56: ='3. MAC DSF calcs'!I62 -> 0.012345679 | BA56: ='3. MAC DSF calcs'!J62 -> 0.012376238 | BB56: 46204 | BC56: https://www.imf.org/-/media/files/publications/cr/2026/english/1braea2026001.pdf | BD56: Foreign currency
B57: World Bank data | C57: 0.15170942 | D57: 0.14986913 | E57: 0.15663557 | F57: 0.1420017 | G57: 0.15148953 | H57: 0.091303058 | I57: 0.086426497 | J57: 0.08795146 | K57: 0.11613981 | L57: 0.065073804 | M57: 0.040101451 | N57: 0.040365804 | O57: 0.042664847 | P57: 0.036970285 | Q57: 0.043622327 | R57: 0.046515332 | S57: 0.041516986 | T57: 0.040859225 | U57: 0.054403863 | V57: 0.11030142 | W57: 0.10277488 | X57: 0.078609274 | Y57: 0.13130406 | Z57: 0.16940121 | AA57: 0.10623199 | AB57: 0.11966412 | AC57: 0.076147268 | AD57: 0.040298716 | AE57: 0.035223126 | AF57: 0.022201604 | AG57: 0.018651104 | AH57: 0.022250393 | AI57: 0.012928428 | AJ57: 0.023233287 | AK57: 0.01725427 | AL57: 0.043389115 | AM57: 0.036387994 | AN57: 0.039906835 | AO57: 0.047853498 | AP57: 0.058618608 | AQ57: 0.060688048 | AR57: 0.045879957 | AS57: 0.040335103 | AT57: 0.038718382 | AU57: 0.049249437 | AV57: 0.031748676
B58: Final | C58: 0.15170942 | D58: 0.14986913 | E58: 0.15663557 | F58: 0.1420017 | G58: 0.15148953 | H58: 0.091303058 | I58: 0.086426497 | J58: 0.08795146 | K58: 0.11613981 | L58: 0.065073804 | M58: 0.040101451 | N58: 0.040365804 | O58: 0.042664847 | P58: 0.036970285 | Q58: 0.043622327 | R58: 0.046515332 | S58: 0.041516986 | T58: 0.040859225 | U58: 0.054403863 | V58: 0.11030142 | W58: 0.10277488 | X58: 0.078609274 | Y58: 0.13130406 | Z58: 0.16940121 | AA58: 0.10623199 | AB58: 0.11966412 | AC58: 0.076147268 | AD58: 0.040298716 | AE58: 0.035223126 | AF58: 0.022201604 | AG58: 0.018651104 | AH58: 0.022250393 | AI58: 0.012928428 | AJ58: 0.023233287 | AK58: 0.01725427 | AL58: 0.043389115 | AM58: 0.036387994 | AN58: 0.039906835 | AO58: 0.047853498 | AP58: 0.058618608 | AQ58: 0.060688048 | AR58: 0.045879957 | AS58: 0.040335103 | AT58: 0.038718382 | AU58: 0.049249437 | AV58: 0.017766497 | AW58: 0.012658228 | AX58: 0.012285012 | AY58: 0.012406948 | AZ58: 0.012345679 | BA58: 0.012376238
A59: Bulgaria | AU59: 0.06031746 | AV59: 0.018018018 | AW59: 0.024539877 | AX59: 0.055384615 | AY59: 0.055214724 | AZ59: 0.07120743 | BA59: 0.053125 | BB59: 45962 | BC59: https://www.imf.org/en/publications/cr/issues/2025/11/21/bulgaria-2025-article-iv-consultation-press-release-staff-report-and-staff-supplement-571994 | BD59: Foreign currency
A60: Burkina Faso | B60: IMF data | AU60: 0.062 | AV60: 0.064 | AW60: 0.072 | AX60: 0.064 | AY60: 0.058 | AZ60: 0.056 | BA60: 0.05 | BB60: 46204 | BC60: https://www.imf.org/-/media/files/publications/cr/2026/english/1bfaea2026002.pdf | BD60: Foreign currency
B61: World Bank data | C61: 0.059242645 | D61: 0.055140574 | E61: 0.065809999 | F61: 0.071445128 | G61: 0.099367131 | H61: 0.14831704 | I61: 0.13082561 | J61: 0.085802346 | K61: 0.10842106 | L61: 0.070213106 | M61: 0.07537388 | N61: 0.080437421 | O61: 0.053453235 | P61: 0.071081728 | Q61: 0.12105483 | R61: 0.10370462 | S61: 0.088735979 | T61: 0.10200623 | U61: 0.094894763 | V61: 0.10103547 | W61: 0.092920157 | X61: 0.069878425 | Y61: 0.077874021 | Z61: 0.062457361 | AA61: 0.059589143 | AB61: 0.048466982 | AC61: 0.018539204 | AD61: 0.028121045 | AE61: 0.029908933 | AF61: 0.027120457 | AG61: 0.027966641 | AH61: 0.030595226 | AI61: 0.028952037 | AJ61: 0.0278039 | AK61: 0.036981367 | AL61: 0.05479202 | AM61: 0.053288879 | AN61: 0.051719383 | AO61: 0.047698362 | AP61: 0.051404935 | AQ61: 0.049054751 | AR61: 0.043430112 | AS61: 0.051509265 | AT61: 0.057496568 | AU61: 0.06417224 | AV61: 0.089057311
B62: Final | C62: 0.059242645 | D62: 0.055140574 | E62: 0.065809999 | F62: 0.071445128 | G62: 0.099367131 | H62: 0.14831704 | I62: 0.13082561 | J62: 0.085802346 | K62: 0.10842106 | L62: 0.070213106 | M62: 0.07537388 | N62: 0.080437421 | O62: 0.053453235 | P62: 0.071081728 | Q62: 0.12105483 | R62: 0.10370462 | S62: 0.088735979 | T62: 0.10200623 | U62: 0.094894763 | V62: 0.10103547 | W62: 0.092920157 | X62: 0.069878425 | Y62: 0.077874021 | Z62: 0.062457361 | AA62: 0.059589143 | AB62: 0.048466982 | AC62: 0.018539204 | AD62: 0.028121045 | AE62: 0.029908933 | AF62: 0.027120457 | AG62: 0.027966641 | AH62: 0.030595226 | AI62: 0.028952037 | AJ62: 0.0278039 | AK62: 0.036981367 | AL62: 0.05479202 | AM62: 0.053288879 | AN62: 0.051719383 | AO62: 0.047698362 | AP62: 0.051404935 | AQ62: 0.049054751 | AR62: 0.043430112 | AS62: 0.051509265 | AT62: 0.057496568 | AU62: 0.06417224 | AV62: 0.064 | AW62: 0.072 | AX62: 0.064 | AY62: 0.058 | AZ62: 0.056 | BA62: 0.05
A63: Burundi | B63: IMF data | AU63: 0.085 | AV63: 0.086 | AW63: 0.052 | AX63: 0.047 | AY63: 0.043 | AZ63: 0.04 | BA63: 0.03 | BB63: 46174 | BC63: https://www.imf.org/-/media/files/publications/cr/2026/english/1bdiea2026001.pdf
B64: World Bank data | C64: 0.026819107 | D64: 0.022699747 | E64: 0.023094049 | F64: 0.044505838 | G64: 0.084090376 | H64: 0.077949415 | I64: 0.10036958 | J64: 0.14332799 | K64: 0.15312581 | L64: 0.13717307 | M64: 0.12105233 | N64: 0.11959202 | O64: 0.13853601 | P64: 0.14200836 | Q64: 0.2132177 | R64: 0.17790253 | S64: 0.19125582 | T64: 0.18099572 | U64: 0.18482325 | V64: 0.18731042 | W64: 0.12180238 | X64: 0.14671657 | Y64: 0.13928945 | Z64: 0.16795532 | AA64: 0.380644 | AB64: 0.15814848 | AC64: 0.058903385 | AD64: 0.036722847 | AE64: 0.031352072 | AF64: 0.03384893 | AG64: 0.0055999321 | AH64: 0.011024014 | AI64: 0.026188073 | AJ64: 0.039357704 | AK64: 0.038782668 | AL64: 0.055585859 | AM64: 0.072983495 | AN64: 0.045125815 | AO64: 0.048987208 | AP64: 0.055686846 | AQ64: 0.0525529 | AR64: 0.037284135 | AS64: 0.03732811 | AT64: 0.050297554 | AU64: 0.042387759 | AV64: 0.065055367 | AW64: 0.056511832
B65: Final | C65: 0.026819107 | D65: 0.022699747 | E65: 0.023094049 | F65: 0.044505838 | G65: 0.084090376 | H65: 0.077949415 | I65: 0.10036958 | J65: 0.14332799 | K65: 0.15312581 | L65: 0.13717307 | M65: 0.12105233 | N65: 0.11959202 | O65: 0.13853601 | P65: 0.14200836 | Q65: 0.2132177 | R65: 0.17790253 | S65: 0.19125582 | T65: 0.18099572 | U65: 0.18482325 | V65: 0.18731042 | W65: 0.12180238 | X65: 0.14671657 | Y65: 0.13928945 | Z65: 0.16795532 | AA65: 0.380644 | AB65: 0.15814848 | AC65: 0.058903385 | AD65: 0.036722847 | AE65: 0.031352072 | AF65: 0.03384893 | AG65: 0.0055999321 | AH65: 0.011024014 | AI65: 0.026188073 | AJ65: 0.039357704 | AK65: 0.038782668 | AL65: 0.055585859 | AM65: 0.072983495 | AN65: 0.045125815 | AO65: 0.048987208 | AP65: 0.055686846 | AQ65: 0.0525529 | AR65: 0.037284135 | AS65: 0.03732811 | AT65: 0.050297554 | AU65: 0.042387759 | AV65: 0.086 | AW65: 0.052 | AX65: 0.047 | AY65: 0.043 | AZ65: 0.04 | BA65: 0.03
A66: Cabo Verde | B66: IMF data | AU66: 0.194 | AV66: 0.177 | AW66: 0.17 | AX66: 0.162 | AY66: 0.151 | AZ66: 0.141 | BA66: 0.132 | BB66: 46054 | BC66: https://www.imf.org/en/Publications/CR/Issues/2025/02/11/Cabo-Verde-Fifth-Review-Under-the-Extended-Credit-Facility-Arrangement-Request-for-a-Waiver-561836 | BD66: Foreign currency
B67: World Bank data | D67: 0.0051255999 | E67: 0.030547892 | F67: 0.064113396 | G67: 0.11218855 | H67: 0.089947279 | I67: 0.069133124 | J67: 0.092148643 | K67: 0.075702147 | L67: 0.060777247 | M67: 0.042534686 | N67: 0.055272837 | O67: 0.068365536 | P67: 0.047279632 | Q67: 0.057790206 | R67: 0.047254834 | S67: 0.045921426 | T67: 0.097250707 | U67: 0.11278727 | V67: 0.11895127 | W67: 0.10928614 | X67: 0.09060027 | Y67: 0.11800361 | Z67: 0.087127841 | AA67: 0.081742765 | AB67: 0.11891895 | AC67: 0.090311681 | AD67: 0.068223884 | AE67: 0.061093646 | AF67: 0.070231423 | AG67: 0.073483985 | AH67: 0.079019317 | AI67: 0.083871133 | AJ67: 0.085783498 | AK67: 0.10154203 | AL67: 0.097485131 | AM67: 0.098787155 | AN67: 0.10015969 | AO67: 0.10065556 | AP67: 0.10419939 | AQ67: 0.12831584 | AR67: 0.11402897 | AS67: 0.1724089 | AT67: 0.19939629 | AU67: 0.19110753 | AV67: 0.20972798
B68: Final | D68: 0.0051255999 | E68: 0.030547892 | F68: 0.064113396 | G68: 0.11218855 | H68: 0.089947279 | I68: 0.069133124 | J68: 0.092148643 | K68: 0.075702147 | L68: 0.060777247 | M68: 0.042534686 | N68: 0.055272837 | O68: 0.068365536 | P68: 0.047279632 | Q68: 0.057790206 | R68: 0.047254834 | S68: 0.045921426 | T68: 0.097250707 | U68: 0.11278727 | V68: 0.11895127 | W68: 0.10928614 | X68: 0.09060027 | Y68: 0.11800361 | Z68: 0.087127841 | AA68: 0.081742765 | AB68: 0.11891895 | AC68: 0.090311681 | AD68: 0.068223884 | AE68: 0.061093646 | AF68: 0.070231423 | AG68: 0.073483985 | AH68: 0.079019317 | AI68: 0.083871133 | AJ68: 0.085783498 | AK68: 0.10154203 | AL68: 0.097485131 | AM68: 0.098787155 | AN68: 0.10015969 | AO68: 0.10065556 | AP68: 0.10419939 | AQ68: 0.12831584 | AR68: 0.11402897 | AS68: 0.1724089 | AT68: 0.19939629 | AU68: 0.19110753 | AV68: 0.177 | AW68: 0.17 | AX68: 0.162 | AY68: 0.151 | AZ68: 0.141 | BA68: 0.132
A69: Cambodia | B69: IMF data | AU69: 0.068 | AV69: 0.093 | AW69: 0.103 | AX69: 0.101 | AY69: 0.097 | AZ69: 0.099 | BA69: 0.095 | BB69: 45992 | BC69: https://www.imf.org/en/publications/cr/issues/2025/12/02/cambodia-2025-article-iv-consultation-press-release-staff-report-and-statement-by-the-572210 | BD69: Foreign currency
B70: World Bank data | O70: 0.06174553 | P70: 0.17223995 | Q70: 0.0037687269 | R70: 0.023995168 | S70: 0.026155844 | T70: 0.026611511 | U70: 0.038545839 | V70: 0.047662028 | W70: 0.03342426 | X70: 0.046337518 | Y70: 0.045358579 | Z70: 0.056768504 | AA70: 0.050007828 | AB70: 0.039552657 | AC70: 0.031482231 | AD70: 0.020965022 | AE70: 0.023557829 | AF70: 0.029021299 | AG70: 0.031153476 | AH70: 0.035173784 | AI70: 0.037008751 | AJ70: 0.042221228 | AK70: 0.040123451 | AL70: 0.040845239 | AM70: 0.046886695 | AN70: 0.046845148 | AO70: 0.049010777 | AP70: 0.042933143 | AQ70: 0.057943869 | AR70: 0.067896261 | AS70: 0.065111845 | AT70: 0.074100506 | AU70: 0.082879838 | AV70: 0.15592588
B71: Final | O71: 0.06174553 | P71: 0.17223995 | Q71: 0.0037687269 | R71: 0.023995168 | S71: 0.026155844 | T71: 0.026611511 | U71: 0.038545839 | V71: 0.047662028 | W71: 0.03342426 | X71: 0.046337518 | Y71: 0.045358579 | Z71: 0.056768504 | AA71: 0.050007828 | AB71: 0.039552657 | AC71: 0.031482231 | AD71: 0.020965022 | AE71: 0.023557829 | AF71: 0.029021299 | AG71: 0.031153476 | AH71: 0.035173784 | AI71: 0.037008751 | AJ71: 0.042221228 | AK71: 0.040123451 | AL71: 0.040845239 | AM71: 0.046886695 | AN71: 0.046845148 | AO71: 0.049010777 | AP71: 0.042933143 | AQ71: 0.057943869 | AR71: 0.067896261 | AS71: 0.065111845 | AT71: 0.074100506 | AU71: 0.082879838 | AV71: 0.093 | AW71: 0.103 | AX71: 0.101 | AY71: 0.097 | AZ71: 0.099 | BA71: 0.095
A72: Cameroon | B72: IMF data | AU72: 0.187 | AV72: 0.186 | AW72: 0.178 | AX72: 0.193 | AY72: 0.182 | AZ72: 0.182 | BA72: 0.169 | BB72: 46113 | BC72: https://www.imf.org/en/publications/cr/issues/2026/04/03/cameroon-2026-article-iv-consultation-press-release-staff-report-and-statement-by-the-575214 | BD72: Foreign currency
B73: World Bank data | C73: 0.15396247 | D73: 0.14473783 | E73: 0.19008194 | F73: 0.14606203 | G73: 0.15582894 | H73: 0.16007972 | I73: 0.15474442 | J73: 0.14241368 | K73: 0.11434983 | L73: 0.081967962 | M73: 0.14894841 | N73: 0.11994571 | O73: 0.11918511 | P73: 0.15190191 | Q73: 0.19013691 | R73: 0.23403228 | S73: 0.2773755 | T73: 0.25502898 | U73: 0.26007738 | V73: 0.21192567 | W73: 0.23307054 | X73: 0.12157083 | Y73: 0.14146544 | Z73: 0.14491373 | AA73: 0.20726484 | AB73: 0.2035747 | AC73: 0.061920878 | AD73: 0.060955095 | AE73: 0.039568977 | AF73: 0.034671027 | AG73: 0.038227829 | AH73: 0.040185346 | AI73: 0.024820159 | AJ73: 0.028579844 | AK73: 0.08402445 | AL73: 0.081763941 | AM73: 0.098312096 | AN73: 0.084639879 | AO73: 0.1017547 | AP73: 0.11301525 | AQ73: 0.17431589 | AR73: 0.12617689 | AS73: 0.23356075 | AT73: 0.18450506 | AU73: 0.18382849 | AV73: 0.22791726
B74: Final | C74: 0.15396247 | D74: 0.14473783 | E74: 0.19008194 | F74: 0.14606203 | G74: 0.15582894 | H74: 0.16007972 | I74: 0.15474442 | J74: 0.14241368 | K74: 0.11434983 | L74: 0.081967962 | M74: 0.14894841 | N74: 0.11994571 | O74: 0.11918511 | P74: 0.15190191 | Q74: 0.19013691 | R74: 0.23403228 | S74: 0.2773755 | T74: 0.25502898 | U74: 0.26007738 | V74: 0.21192567 | W74: 0.23307054 | X74: 0.12157083 | Y74: 0.14146544 | Z74: 0.14491373 | AA74: 0.20726484 | AB74: 0.2035747 | AC74: 0.061920878 | AD74: 0.060955095 | AE74: 0.039568977 | AF74: 0.034671027 | AG74: 0.038227829 | AH74: 0.040185346 | AI74: 0.024820159 | AJ74: 0.028579844 | AK74: 0.08402445 | AL74: 0.081763941 | AM74: 0.098312096 | AN74: 0.084639879 | AO74: 0.1017547 | AP74: 0.11301525 | AQ74: 0.17431589 | AR74: 0.12617689 | AS74: 0.23356075 | AT74: 0.18450506 | AU74: 0.18382849 | AV74: 0.186 | AW74: 0.178 | AX74: 0.193 | AY74: 0.182 | AZ74: 0.182 | BA74: 0.169
A75: Central African Republic | B75: IMF data | AU75: 0.085 | AV75: 0.214 | AW75: 0.228 | AX75: 0.201 | AY75: 0.137 | AZ75: 0.13 | BA75: 0.099 | BC75: https://www.imf.org/en/Publications/CR/Issues/2025/06/23/Central-African-Republic-Third-and-Fourth-Review-Under-the-Extended-Credit-Facility-567911 | BD75: Foreign currency
B76: World Bank data | C76: 0.069069578 | D76: 0.070638122 | E76: 0.060324187 | F76: 0.17873982 | G76: 0.22036889 | H76: 0.17720045 | I76: 0.14523649 | J76: 0.12872844 | K76: 0.10334508 | L76: 0.14202779 | M76: 0.11364911 | N76: 0.061452079 | O76: 0.058150975 | P76: 0.035951497 | Q76: 0.16698162 | R76: 0.082355619 | S76: 0.11512904 | T76: 0.1165972 | U76: 0.17308129 | V76: 0.093902349 | W76: 0.10041057 | X76: 0.10979865 | Y76: 0.035585803 | Z76: 0.0045554004 | AA76: 0.066654539 | AB76: 0.039411312 | AC76: 0.21040574 | AD76: 0.36698348 | AE76: 0.086119102 | AF76: 0.094763978 | AG76: 0.0066791803 | AH76: 0.0042159051 | AI76: 0.012266225 | AJ76: 0.032633789 | AK76: 0.042018785 | AL76: 0.077243136 | AM76: 0.10329004 | AN76: 0.13328078 | AO76: 0.070780355 | AP76: 0.075020203 | AQ76: 0.030855347 | AR76: 0.051041069 | AS76: 0.065065511 | AT76: 0.10241069 | AU76: 0.13797208 | AV76: 0.12796412
B77: Final | C77: 0.069069578 | D77: 0.070638122 | E77: 0.060324187 | F77: 0.17873982 | G77: 0.22036889 | H77: 0.17720045 | I77: 0.14523649 | J77: 0.12872844 | K77: 0.10334508 | L77: 0.14202779 | M77: 0.11364911 | N77: 0.061452079 | O77: 0.058150975 | P77: 0.035951497 | Q77: 0.16698162 | R77: 0.082355619 | S77: 0.11512904 | T77: 0.1165972 | U77: 0.17308129 | V77: 0.093902349 | W77: 0.10041057 | X77: 0.10979865 | Y77: 0.035585803 | Z77: 0.0045554004 | AA77: 0.066654539 | AB77: 0.039411312 | AC77: 0.21040574 | AD77: 0.36698348 | AE77: 0.086119102 | AF77: 0.094763978 | AG77: 0.0066791803 | AH77: 0.0042159051 | AI77: 0.012266225 | AJ77: 0.032633789 | AK77: 0.042018785 | AL77: 0.077243136 | AM77: 0.10329004 | AN77: 0.13328078 | AO77: 0.070780355 | AP77: 0.075020203 | AQ77: 0.030855347 | AR77: 0.051041069 | AS77: 0.065065511 | AT77: 0.10241069 | AU77: 0.13797208 | AV77: 0.214 | AW77: 0.228 | AX77: 0.201 | AY77: 0.137 | AZ77: 0.13 | BA77: 0.099
A78: Chad | B78: IMF data | AU78: 0.134 | AV78: 0.13 | AW78: 0.089 | AX78: 0.107 | AY78: 0.108 | AZ78: 0.086 | BA78: 0.075 | BC78: https://www.imf.org/en/Publications/CR/Issues/2025/08/13/Chad-Request-for-a-Four-Year-Arrangement-Under-the-Extended-Credit-Facility-Press-Release-569629 | BD78: Foreign currency
B79: World Bank data | C79: 0.069448729 | D79: 0.074734487 | E79: 0.017590188 | F79: 0.011421337 | G79: 0.072418313 | H79: 0.15185546 | I79: 0.055930885 | J79: 0.046983245 | K79: 0.051343699 | L79: 0.057468913 | M79: 0.047710133 | N79: 0.040249374 | O79: 0.037244184 | P79: 0.065568035 | Q79: 0.098040146 | R79: 0.076010093 | S79: 0.12684023 | T79: 0.14881813 | U79: 0.13451711 | V79: 0.14261328 | W79: 0.12547473 | X79: 0.093914381 | Y79: 0.094978323 | Z79: 0.095753812 | AA79: 0.074943742 | AB79: 0.071046695 | AC79: 0.047244925 | AD79: 0.039871648 | AE79: 0.058621311 | AF79: 0.055845325 | AG79: 0.033831108 | AH79: 0.027450307 | AI79: 0.027671155 | AJ79: 0.044404255 | AK79: 0.23647035 | AL79: 0.073708964 | AM79: 0.12732073 | AN79: 0.11255208 | AO79: 0.10455429 | AP79: 0.085238499 | AQ79: 0.083763757 | AR79: 0.16725985 | AS79: 0.14236365 | AT79: 0.15144783 | AU79: 0.11042286 | AV79: 0.12766347
B80: Final | C80: 0.069448729 | D80: 0.074734487 | E80: 0.017590188 | F80: 0.011421337 | G80: 0.072418313 | H80: 0.15185546 | I80: 0.055930885 | J80: 0.046983245 | K80: 0.051343699 | L80: 0.057468913 | M80: 0.047710133 | N80: 0.040249374 | O80: 0.037244184 | P80: 0.065568035 | Q80: 0.098040146 | R80: 0.076010093 | S80: 0.12684023 | T80: 0.14881813 | U80: 0.13451711 | V80: 0.14261328 | W80: 0.12547473 | X80: 0.093914381 | Y80: 0.094978323 | Z80: 0.095753812 | AA80: 0.074943742 | AB80: 0.071046695 | AC80: 0.047244925 | AD80: 0.039871648 | AE80: 0.058621311 | AF80: 0.055845325 | AG80: 0.033831108 | AH80: 0.027450307 | AI80: 0.027671155 | AJ80: 0.044404255 | AK80: 0.23647035 | AL80: 0.073708964 | AM80: 0.12732073 | AN80: 0.11255208 | AO80: 0.10455429 | AP80: 0.085238499 | AQ80: 0.083763757 | AR80: 0.16725985 | AS80: 0.14236365 | AT80: 0.15144783 | AU80: 0.11042286 | AV80: 0.13 | AW80: 0.089 | AX80: 0.107 | AY80: 0.108 | AZ80: 0.086 | BA80: 0.075
A81: China | B81: IMF data | AU81: 0 | AV81: 0 | AW81: 0 | AX81: 0.0054347826 | AY81: 0.0054347826 | AZ81: 0.0054347826 | BA81: 0.0054347826 | BC81: https://www.imf.org/en/Publications/CR/Issues/2024/08/01/Peoples-Republic-of-China-2024-Article-IV-Consultation-Press-Release-Staff-Report-and-552803 | BD81: Foreign currency
B82: World Bank data | D82: 0.025120238 | E82: 0.026919765 | F82: 0.032023085 | G82: 0.025704885 | H82: 0.025990471 | I82: 0.038668764 | J82: 0.049657123 | K82: 0.057274006 | L82: 0.061994533 | M82: 0.09239437 | N82: 0.11715074 | O82: 0.11901685 | P82: 0.11981829 | Q82: 0.16786009 | R82: 0.18323301 | S82: 0.1671429 | T82: 0.16116772 | U82: 0.10724648 | V82: 0.10500333 | W82: 0.088942193 | X82: 0.067106874 | Y82: 0.057020667 | Z82: 0.05331072 | AA82: 0.025089139 | AB82: 0.023065941 | AC82: 0.018781648 | AD82: 0.013366823 | AE82: 0.0091552364 | AF82: 0.0071567878 | AG82: 0.0092685978 | AH82: 0.0069889934 | AI82: 0.0043923486 | AJ82: 0.004567878 | AK82: 0.0049564672 | AL82: 0.010740577 | AM82: 0.0057023252 | AN82: 0.0052437256 | AO82: 0.0053413554 | AP82: 0.0073080871 | AQ82: 0.0088669313 | AR82: 0.010649986 | AS82: 0.02089402 | AT82: 0.025367327 | AU82: 0.016899765 | AV82: 0.020777749 | AW82: 0.013289876 | AX82: 0.01200823 | AY82: 0.0056451539 | AZ82: 0.0048209087 | BA82: 0.024508663
B83: Final | D83: 0.025120238 | E83: 0.026919765 | F83: 0.032023085 | G83: 0.025704885 | H83: 0.025990471 | I83: 0.038668764 | J83: 0.049657123 | K83: 0.057274006 | L83: 0.061994533 | M83: 0.09239437 | N83: 0.11715074 | O83: 0.11901685 | P83: 0.11981829 | Q83: 0.16786009 | R83: 0.18323301 | S83: 0.1671429 | T83: 0.16116772 | U83: 0.10724648 | V83: 0.10500333 | W83: 0.088942193 | X83: 0.067106874 | Y83: 0.057020667 | Z83: 0.05331072 | AA83: 0.025089139 | AB83: 0.023065941 | AC83: 0.018781648 | AD83: 0.013366823 | AE83: 0.0091552364 | AF83: 0.0071567878 | AG83: 0.0092685978 | AH83: 0.0069889934 | AI83: 0.0043923486 | AJ83: 0.004567878 | AK83: 0.0049564672 | AL83: 0.010740577 | AM83: 0.0057023252 | AN83: 0.0052437256 | AO83: 0.0053413554 | AP83: 0.0073080871 | AQ83: 0.0088669313 | AR83: 0.010649986 | AS83: 0.02089402 | AT83: 0.025367327 | AU83: 0.016899765 | AV83: 0.020777749 | AW83: 0.013289876 | AX83: 0.01200823 | AY83: 0.0056451539 | AZ83: 0.0048209087 | BA83: 0.024508663
A84: Colombia | B84: IMF data | AU84: 0.090909091 | AV84: 0.14197531 | AW84: 0.14880952 | AX84: 0.12716763 | AY84: 0.10169492 | AZ84: 0.12222222 | BA84: 0.1043956 | BC84: https://www.imf.org/en/Publications/CR/Issues/2025/09/29/Colombia-2025-Article-IV-Consultation-Press-Release-Staff-Report-and-Statement-by-the-570803 | BD84: Foreign currency
B85: World Bank data | C85: 0.10759336 | D85: 0.12506346 | E85: 0.15437934 | F85: 0.15429712 | G85: 0.18300037 | H85: 0.2399 | I85: 0.30816594 | J85: 0.33207284 | K85: 0.37562553 | L85: 0.32785663 | M85: 0.32609296 | N85: 0.29780215 | O85: 0.27475129 | P85: 0.18307705 | Q85: 0.1662349 | R85: 0.13595889 | S85: 0.11011343 | T85: 0.093875816 | U85: 0.11025803 | V85: 0.20347484 | W85: 0.15014218 | X85: 0.183317 | Y85: 0.20442676 | Z85: 0.23342936 | AA85: 0.12688499 | AB85: 0.17800627 | AC85: 0.11540141 | AD85: 0.085351967 | AE85: 0.062455547 | AF85: 0.057688921 | AG85: 0.057340521 | AH85: 0.04686808 | AI85: 0.046592893 | AJ85: 0.038805084 | AK85: 0.047411334 | AL85: 0.059686456 | AM85: 0.074620654 | AN85: 0.122688 | AO85: 0.10305676 | AP85: 0.089258209 | AQ85: 0.098456156 | AR85: 0.1545506 | AS85: 0.093281612 | AT85: 0.11837745 | AU85: 0.1488849 | AV85: 0.096538452
B86: Final | C86: 0.10759336 | D86: 0.12506346 | E86: 0.15437934 | F86: 0.15429712 | G86: 0.18300037 | H86: 0.2399 | I86: 0.30816594 | J86: 0.33207284 | K86: 0.37562553 | L86: 0.32785663 | M86: 0.32609296 | N86: 0.29780215 | O86: 0.27475129 | P86: 0.18307705 | Q86: 0.1662349 | R86: 0.13595889 | S86: 0.11011343 | T86: 0.093875816 | U86: 0.11025803 | V86: 0.20347484 | W86: 0.15014218 | X86: 0.183317 | Y86: 0.20442676 | Z86: 0.23342936 | AA86: 0.12688499 | AB86: 0.17800627 | AC86: 0.11540141 | AD86: 0.085351967 | AE86: 0.062455547 | AF86: 0.057688921 | AG86: 0.057340521 | AH86: 0.04686808 | AI86: 0.046592893 | AJ86: 0.038805084 | AK86: 0.047411334 | AL86: 0.059686456 | AM86: 0.074620654 | AN86: 0.122688 | AO86: 0.10305676 | AP86: 0.089258209 | AQ86: 0.098456156 | AR86: 0.1545506 | AS86: 0.093281612 | AT86: 0.11837745 | AU86: 0.1488849 | AV86: 0.14197531 | AW86: 0.14880952 | AX86: 0.12716763 | AY86: 0.10169492 | AZ86: 0.12222222 | BA86: 0.1043956
A87: Comoros | B87: IMF data | AU87: 0.136 | AV87: 0.12 | AW87: 0.111 | AX87: 0.131 | AY87: 0.142 | AZ87: 0.151 | BA87: 0.118 | BB87: 46054 | BC87: https://www.imf.org/en/Publications/CR/Issues/2024/12/19/The-Union-of-the-Comoros-Third-Review-under-the-Extended-Credit-Facility-Arrangement-and-559754 | BD87: Foreign currency
B88: World Bank data | C88: 0.0065818172 | D88: 0.012268048 | E88: 0.017683218 | F88: 0.037766152 | G88: 0.074891608 | H88: 0.04964289 | I88: 0.034987947 | J88: 0.01869067 | K88: 0.0090773079 | L88: 0.015385852 | M88: 0.012412644 | N88: 0.11467037 | O88: 0.070691748 | P88: 0.028241946 | Q88: 0.048279748 | R88: 0.015693618 | S88: 0.028994886 | T88: 0.051649113 | U88: 0.057820645 | V88: 0.082821881 | W88: 0.09064325 | X88: 0.063362849 | Y88: 0.088859353 | Z88: 0.050792513 | AA88: 0.048453903 | AB88: 0.051902707 | AC88: 0.046842747 | AD88: 0.27473974 | AE88: 0.098427843 | AF88: 0.093611957 | AG88: 0.027068299 | AH88: 0.027365035 | AI88: 0.072218819 | AJ88: 0.0020863829 | AK88: 0.0047909406 | AL88: 0.035484282 | AM88: 0.046989816 | AN88: 0.019828181 | AO88: 0.036059919 | AP88: 0.048612381 | AQ88: 0.048947608 | AR88: 0.016337708 | AS88: 0.027288668 | AT88: 0.086070625 | AU88: 0.10534608 | AV88: 0.16423559
B89: Final | C89: 0.0065818172 | D89: 0.012268048 | E89: 0.017683218 | F89: 0.037766152 | G89: 0.074891608 | H89: 0.04964289 | I89: 0.034987947 | J89: 0.01869067 | K89: 0.0090773079 | L89: 0.015385852 | M89: 0.012412644 | N89: 0.11467037 | O89: 0.070691748 | P89: 0.028241946 | Q89: 0.048279748 | R89: 0.015693618 | S89: 0.028994886 | T89: 0.051649113 | U89: 0.057820645 | V89: 0.082821881 | W89: 0.09064325 | X89: 0.063362849 | Y89: 0.088859353 | Z89: 0.050792513 | AA89: 0.048453903 | AB89: 0.051902707 | AC89: 0.046842747 | AD89: 0.27473974 | AE89: 0.098427843 | AF89: 0.093611957 | AG89: 0.027068299 | AH89: 0.027365035 | AI89: 0.072218819 | AJ89: 0.0020863829 | AK89: 0.0047909406 | AL89: 0.035484282 | AM89: 0.046989816 | AN89: 0.019828181 | AO89: 0.036059919 | AP89: 0.048612381 | AQ89: 0.048947608 | AR89: 0.016337708 | AS89: 0.027288668 | AT89: 0.086070625 | AU89: 0.10534608 | AV89: 0.12 | AW89: 0.111 | AX89: 0.131 | AY89: 0.142 | AZ89: 0.151 | BA89: 0.118
A90: Congo, DR | B90: IMF data | AU90: 0.061 | AV90: 0.066 | AW90: 0.057 | AX90: 0.072 | AY90: 0.082 | AZ90: 0.08 | BA90: 0.088 | BB90: 46266 | BC90: https://www.imf.org/-/media/files/publications/cr/2026/english/1codea2026002.pdf | BD90: Foreign currency
B91: World Bank data | C91: 0.072459797 | D91: 0.05831423 | E91: 0.028506297 | F91: 0.04319324 | G91: 0.11193971 | H91: 0.14870933 | I91: 0.12093259 | J91: 0.13033821 | K91: 0.091041452 | L91: 0.14568074 | M91: 0.078912421 | N91: 0.039236283 | O91: 0.017722231 | P91: 0.0031067601 | Q91: 0.0024562993 | R91: 0.0069758603 | S91: 0.081054494 | T91: 0.00017053362 | U91: 0.0040235895 | V91: 0.047783096 | W91: 0.041146133 | X91: 0.012401293 | Y91: 2.0734979 | Z91: 0.32121903 | AA91: 0.18175723 | AB91: 0.18977902 | AC91: 0.19612809 | AD91: 0.28922308 | AE91: 0.26793106 | AF91: 0.25127415 | AG91: 0.084620155 | AH91: 0.075250385 | AI91: 0.049570926 | AJ91: 0.064524681 | AK91: 0.053575424 | AL91: 0.058272411 | AM91: 0.084309125 | AN91: 0.081672247 | AO91: 0.063532713 | AP91: 0.062051421 | AQ91: 0.058304045 | AR91: 0.045480452 | AS91: 0.077123755 | AT91: 0.047780699 | AU91: 0.040888279 | AV91: 0.063697932
B92: Final | C92: 0.072459797 | D92: 0.05831423 | E92: 0.028506297 | F92: 0.04319324 | G92: 0.11193971 | H92: 0.14870933 | I92: 0.12093259 | J92: 0.13033821 | K92: 0.091041452 | L92: 0.14568074 | M92: 0.078912421 | N92: 0.039236283 | O92: 0.017722231 | P92: 0.0031067601 | Q92: 0.0024562993 | R92: 0.0069758603 | S92: 0.081054494 | T92: 0.00017053362 | U92: 0.0040235895 | V92: 0.047783096 | W92: 0.041146133 | X92: 0.012401293 | Y92: 0.139 | Z92: 0.32121903 | AA92: 0.18175723 | AB92: 0.18977902 | AC92: 0.19612809 | AD92: 0.28922308 | AE92: 0.26793106 | AF92: 0.25127415 | AG92: 0.084620155 | AH92: 0.075250385 | AI92: 0.049570926 | AJ92: 0.064524681 | AK92: 0.053575424 | AL92: 0.058272411 | AM92: 0.084309125 | AN92: 0.081672247 | AO92: 0.063532713 | AP92: 0.062051421 | AQ92: 0.058304045 | AR92: 0.045480452 | AS92: 0.077123755 | AT92: 0.047780699 | AU92: 0.040888279 | AV92: 0.066 | AW92: 0.057 | AX92: 0.072 | AY92: 0.082 | AZ92: 0.08 | BA92: 0.088 | BD92: 2002 set to average of surrounding years as high payments due to arrears clearance
A93: Congo, R | B93: IMF data | AU93: 0.239 | AV93: 0.14 | AW93: 0.164 | AX93: 0.145 | AY93: 0.164 | AZ93: 0.141 | BA93: 0.126 | BB93: 46113 | BC93: https://www.imf.org/-/media/files/publications/cr/2026/english/1cogea2026001-source-pdf.pdf | BD93: Foreign currency
B94: World Bank data | L94: 0.58478038 | M94: 0.61545915 | N94: 0.40592638 | O94: 0.22777031 | P94: 0.19829464 | Q94: =AVERAGE(O94,P94,R94,S94) -> 0.30141668 | R94: 0.29022899 | S94: 0.48937279 | T94: 0.18044606 | U94: 0.065955786 | V94: 0.010359936 | W94: 0.017232674 | X94: 0.098187462 | Y94: 0.029571162 | Z94: 0.061402464 | AA94: 0.14946291 | AB94: 0.047369512 | AC94: 0.024840543 | AD94: 0.031419689 | AE94: 0.029391389 | AF94: 0.061565406 | AG94: 0.023549274 | AH94: 0.018857599 | AI94: 0.025192604 | AJ94: 0.061301518 | AK94: 0.071650481 | AL94: 0.14692653 | AM94: 0.13529588 | AN94: 0.16420995 | AO94: 0.13813535 | AP94: 0.14647736 | AQ94: 0.27745604 | AR94: 0.16330366 | AS94: 0.29751123 | AT94: 0.28141396 | AU94: 0.28329314 | AV94: 0.16724706 | BD94: 1995 averaged to surrounding years due to high amount due to arrears clearance
B95: Final | L95: 0.58478038 | M95: 0.61545915 | N95: 0.40592638 | O95: 0.22777031 | P95: 0.19829464 | Q95: =Q94 -> 0.30141668 | R95: 0.29022899 | S95: 0.48937279 | T95: 0.18044606 | U95: 0.065955786 | V95: 0.010359936 | W95: 0.017232674 | X95: 0.098187462 | Y95: 0.029571162 | Z95: 0.061402464 | AA95: 0.14946291 | AB95: 0.047369512 | AC95: 0.024840543 | AD95: 0.031419689 | AE95: 0.029391389 | AF95: 0.061565406 | AG95: 0.023549274 | AH95: 0.018857599 | AI95: 0.025192604 | AJ95: 0.061301518 | AK95: 0.071650481 | AL95: 0.14692653 | AM95: 0.13529588 | AN95: 0.16420995 | AO95: 0.13813535 | AP95: 0.14647736 | AQ95: 0.27745604 | AR95: 0.16330366 | AS95: 0.29751123 | AT95: 0.28141396 | AU95: 0.28329314 | AV95: 0.14 | AW95: 0.164 | AX95: 0.145 | AY95: 0.164 | AZ95: 0.141 | BA95: 0.126
A96: Costa Rica | B96: IMF data | AU96: ='3. MAC DSF calcs'!D78 -> 0.20805369 | AV96: 0.21333333 | AW96: 0.16556291 | AX96: 0.17218543 | AY96: 0.1192053 | AZ96: 0.17880795 | BA96: 0.13907285 | BB96: 46174 | BC96: https://www.imf.org/-/media/files/publications/cr/2026/english/1criea2026001.pdf | BD96: Foreign currency
B97: Final | AU97: =AU96 -> 0.20805369 | AV97: 0.21333333 | AW97: 0.16556291 | AX97: 0.17218543 | AY97: 0.1192053 | AZ97: 0.17880795 | BA97: 0.13907285
A98: Cote d'Ivoire | B98: IMF data | AU98: 0.365 | AV98: 0.344 | AW98: 0.177 | AX98: 0.159 | AY98: 0.179 | AZ98: 0.162 | BA98: 0.169 | BB98: 46204 | BC98: https://www.imf.org/-/media/files/publications/cr/2026/english/1civea2026002.pdf | BD98: Foreign currency
B99: World Bank data | C99: 0.48238193 | D99: 0.61826683 | E99: 0.72853882 | F99: 0.68528464 | G99: 0.6086981 | H99: 0.61504368 | I99: 0.60063069 | J99: 0.4247164 | K99: 0.37390695 | L99: 0.33996727 | M99: 0.34987453 | N99: 0.400654 | O99: 0.33754272 | P99: 0.32137928 | Q99: 0.52219999 | R99: 0.43767696 | S99: 0.41386141 | T99: 0.26802208 | U99: 0.36753108 | V99: 0.47360093 | W99: 0.39967734 | X99: 0.19866605 | Y99: 0.27843719 | Z99: 0.16890313 | AA99: 0.078617047 | AB99: 0.039599148 | AC99: 0.023282018 | AD99: 0.04998123 | AE99: 0.16940315 | AF99: 0.20414487 | AG99: 0.11248511 | AH99: 0.11840207 | AI99: 0.063489 | AJ99: 0.08612959 | AK99: 0.090113597 | AL99: 0.06836271 | AM99: 0.15633772 | AN99: 0.23963136 | AO99: 0.14799893 | AP99: 0.2911201 | AQ99: 0.21903888 | AR99: 0.13132424 | AS99: 0.19163785 | AT99: 0.25658063 | AU99: 0.34712288 | AV99: 0.22397941
B100: Final | C100: 0.48238193 | D100: 0.61826683 | E100: 0.72853882 | F100: 0.68528464 | G100: 0.6086981 | H100: 0.61504368 | I100: 0.60063069 | J100: 0.4247164 | K100: 0.37390695 | L100: 0.33996727 | M100: 0.34987453 | N100: 0.400654 | O100: 0.33754272 | P100: 0.32137928 | Q100: 0.52219999 | R100: 0.43767696 | S100: 0.41386141 | T100: 0.26802208 | U100: 0.36753108 | V100: 0.47360093 | W100: 0.39967734 | X100: 0.19866605 | Y100: 0.27843719 | Z100: 0.16890313 | AA100: 0.078617047 | AB100: 0.039599148 | AC100: 0.023282018 | AD100: 0.04998123 | AE100: 0.16940315 | AF100: 0.20414487 | AG100: 0.11248511 | AH100: 0.11840207 | AI100: 0.063489 | AJ100: 0.08612959 | AK100: 0.090113597 | AL100: 0.06836271 | AM100: 0.15633772 | AN100: 0.23963136 | AO100: 0.14799893 | AP100: 0.2911201 | AQ100: 0.21903888 | AR100: 0.13132424 | AS100: 0.19163785 | AT100: 0.25658063 | AU100: 0.34712288 | AV100: 0.344 | AW100: 0.177 | AX100: 0.159 | AY100: 0.179 | AZ100: 0.162 | BA100: 0.169
...

Sheet 3. MAC DSF calcs
B1: 2022 | C1: 2023 | D1: 2024 | E1: =D1+1 -> 2025 | F1: =E1+1 -> 2026 | G1: =F1+1 -> 2027 | H1: =G1+1 -> 2028 | I1: =H1+1 -> 2029 | J1: =I1+1 -> 2030
A2: Albania | D2: =D3/D4 -> 0.10035842 | E2: =E3/E4 -> 0.14893617 | F2: =F3/F4 -> 0.066433566 | G2: =G3/G4 -> 0.1358885 | H2: =H3/H4 -> 0.12152778 | I2: =I3/I4 -> 0.053191489 | J2: =J3/J4 -> 0.09375
A3: Foreign currency debt service % GDP | D3: 2.8 | E3: 4.2 | F3: 1.9 | G3: 3.9 | H3: 3.5 | I3: 1.5 | J3: 2.7
A4: Goevrnment revenue % GDP | D4: 27.9 | E4: 28.2 | F4: 28.6 | G4: 28.7 | H4: 28.8 | I4: 28.2 | J4: 28.8
A6: Angola | D6: =D7/D8 -> 0.51807229 | E6: =E7/E8 -> 0.43243243 | F6: =F7/F8 -> 0.4375 | G6: =G7/G8 -> 0.61764706 | H6: =H7/H8 -> 0.56617647 | I6: =I7/I8 -> 0.49264706 | J6: =J7/J8 -> 0.51851852
A7: Foreign currency debt service % GDP | D7: 8.6 | E7: 6.4 | F7: 6.3 | G7: 8.4 | H7: 7.7 | I7: 6.7 | J7: 7
A8: Goevrnment revenue % GDP | D8: 16.6 | E8: 14.8 | F8: 14.4 | G8: 13.6 | H8: 13.6 | I8: 13.6 | J8: 13.5
A9: Public external debt service $ billion | E9: 4.3 | F9: 9.7 | G9: 9.7 | H9: 13.3 | I9: 12.6 | J9: 11.4
A10: Government revenue % GDP | E10: 14.8 | F10: 14.4 | G10: 13.6 | H10: 13.6 | I10: 13.6 | J10: 13.5
A11: GDP $ WEO | E11: 141.728 | F11: 152.354 | G11: 154.464 | H11: 159.152 | I11: 164.468 | J11: 171.593
A12: External debt service % revenue | E12: =E9/(E11*(E10/100)) -> 0.20499869 | F12: =F9/(F11*(F10/100)) -> 0.44213549 | G12: =G9/(G11*(G10/100)) -> 0.46174856 | H12: =H9/(H11*(H10/100)) -> 0.61446993 | I12: =I9/(I11*(I10/100)) -> 0.56331359 | J12: =J9/(J11*(J10/100)) -> 0.49212057
A14: Antigua & Barbuda | B14: =B15/B16 -> 0.10555556 | C14: =C15/C16 -> 0.1257485 | D14: =D15/D16 -> 0.14155251 | E14: =E15/E16 -> 0.071428571 | F14: =F15/F16 -> 0.096330275 | G14: =G15/G16 -> 0.11428571 | H14: =H15/H16 -> 0.12857143 | I14: =I15/I16 -> 0.12980769 | J14: =J15/J16 -> 0.13461538
A15: Foreign currency debt service % GDP | B15: 1.9 | C15: 2.1 | D15: 3.1 | E15: 1.6 | F15: 2.1 | G15: 2.4 | H15: 2.7 | I15: 2.7 | J15: 2.8
A16: Goevrnment revenue % GDP | B16: 18 | C16: 16.7 | D16: 21.9 | E16: 22.4 | F16: 21.8 | G16: 21 | H16: 21 | I16: 20.8 | J16: 20.8
A18: Argentina | D18: =D19/D20 -> 0.30357143 | E18: =E19/E20 -> 0.16352201 | F18: =F19/F20 -> 0.30322581 | G18: =G19/G20 -> 0.27848101 | H18: =H19/H20 -> 0.32298137 | I18: =I19/I20 -> 0.3902439 | J18: =J19/J20 -> 0.36585366
A19: Foreign currency debt service % GDP | D19: 5.1 | E19: 2.6 | F19: 4.7 | G19: 4.4 | H19: 5.2 | I19: 6.4 | J19: 6
A20: Government revenue % GDP | D20: 16.8 | E20: 15.9 | F20: 15.5 | G20: 15.8 | H20: 16.1 | I20: 16.4 | J20: 16.4
A21: Public external debt AMT $ billion | D21: 6.9 | E21: 6.9 | F21: 7.5 | G21: 7.5 | H21: 8 | I21: 7.8 | J21: 7.5
A22: Public external debt INT $ billion | D22: 4 | E22: 3.9 | F22: 4.4 | G22: 4.5 | H22: 4.7 | I22: 5 | J22: 5.1
A23: GDP $ billion WEO | D23: 637.234 | E23: 681.485 | F23: 688.378 | G23: 703.668 | H23: 746.843 | I23: 789.967 | J23: 833.284
A24: External debt service % government revenue | D24: =(D21+D22)/(D23*(D20/100)) -> 0.10181653 | E24: =(E21+E22)/(E23*(E20/100)) -> 0.099671348 | F24: =(F21+F22)/(F23*(F20/100)) -> 0.11152912 | G24: =(G21+G22)/(G23*(G20/100)) -> 0.10793352 | H24: =(H21+H22)/(H23*(H20/100)) -> 0.10562058 | I24: =(I21+I22)/(I23*(I20/100)) -> 0.098800052 | J24: =(J21+J22)/(J23*(J20/100)) -> 0.09220058
A26: Armenia | D26: =D27/D28 -> 0.1 | E26: =E27/E28 -> 0.1496063 | F26: =F27/F28 -> 0.09765625 | G26: =G27/G28 -> 0.08203125 | H26: =H27/H28 -> 0.081712062 | I26: =I27/I28 -> 0.14396887 | J26: =J27/J28 -> 0.097276265
A27: Foreign currency debt service % GDP | D27: 2.5 | E27: 3.8 | F27: 2.5 | G27: 2.1 | H27: 2.1 | I27: 3.7 | J27: 2.5
A28: Government revenue % GDP | D28: 25 | E28: 25.4 | F28: 25.6 | G28: 25.6 | H28: 25.7 | I28: 25.7 | J28: 25.7
A30: Aruba | D30: =D31/D32 -> 0.29795918 | E30: =E31/E32 -> 0.25531915 | F30: =F31/F32 -> 0.28947368 | G30: =G31/G32 -> 0.25 | H30: =H31/H32 -> 0.3245614 | I30: =I31/I32 -> 0.39823009 | J30: =J31/J32 -> 0.21875
A31: Foreign currency debt service % GDP | D31: 7.3 | E31: 6 | F31: 6.6 | G31: 5.7 | H31: 7.4 | I31: 9 | J31: 4.9
A32: Government revenue % GDP | D32: 24.5 | E32: 23.5 | F32: 22.8 | G32: 22.8 | H32: 22.8 | I32: 22.6 | J32: 22.4
A34: Azerbaijan | D34: =D35/D36 -> 0.012589928 | E34: =E35/E36 -> 0.019230769 | F34: =F35/F36 -> 0.017681729 | G34: =G35/G36 -> 0.025641026 | H34: =H35/H36 -> 0.034013605 | I34: =I35/I36 -> 0.042154567 | J34: =J35/J36 -> 0.053268765
A35: Foreign currency debt service % GDP | D35: 0.7 | E35: 1 | F35: 0.9 | G35: 1.2 | H35: 1.5 | I35: 1.8 | J35: 2.2
A36: Government revenue % GDP | D36: 55.6 | E36: 52 | F36: 50.9 | G36: 46.8 | H36: 44.1 | I36: 42.7 | J36: 41.3
A38: The Bahamas | B38: =B39/B40 -> 0.2985782 | C38: =C39/C40 -> 0.30275229 | D38: =D39/D40 -> 0.38862559 | E38: =E39/E40 -> 0.54545455 | F38: =F39/F40 -> 0.28828829 | G38: =G39/G40 -> 0.29279279 | H38: =H39/H40 -> 0.29279279 | I38: =I39/I40 -> 0.28378378 | J38: =J39/J40 -> 0.28828829
A39: Foreign currency debt service % GDP | B39: 6.3 | C39: 6.6 | D39: 8.2 | E39: 12 | F39: 6.4 | G39: 6.5 | H39: 6.5 | I39: 6.3 | J39: 6.4
A40: Government revenue % GDP | B40: 21.1 | C40: 21.8 | D40: 21.1 | E40: 22 | F40: 22.2 | G40: 22.2 | H40: 22.2 | I40: 22.2 | J40: 22.2
A42: Barbados | C42: =C43/C44 -> 0.14285714 | D42: =D43/D44 -> 0.15972222 | E42: =E43/E44 -> 0.14179104 | F42: =F43/F44 -> 0.12280702 | G42: =G43/G44 -> 0.12781955 | H42: =H43/H44 -> 0.13962264 | I42: =I43/I44 -> 0.14015152 | J42: =J43/J44 -> 0.14828897
A43: Foreign currency debt service % GDP | C43: 3.8 | D43: 4.6 | E43: 3.8 | F43: 3.5 | G43: 3.4 | H43: 3.7 | I43: 3.7 | J43: 3.9
A44: Government revenue % GDP | C44: 26.6 | D44: 28.8 | E44: 26.8 | F44: 28.5 | G44: 26.6 | H44: 26.5 | I44: 26.4 | J44: 26.3
A46: Belize | D46: =D47/D48 -> 0.15546218 | E46: =E47/E48 -> 0.14345992 | F46: =F47/F48 -> 0.14345992 | G46: =G47/G48 -> 0.14345992 | H46: =H47/H48 -> 0.14345992 | I46: =I47/I48 -> 0.14345992 | J46: =J47/J48 -> 0.1350211
A47: Foreign currency debt service % GDP | D47: 3.7 | E47: 3.4 | F47: 3.4 | G47: 3.4 | H47: 3.4 | I47: 3.4 | J47: 3.2
A48: Government revenue % GDP | D48: 23.8 | E48: 23.7 | F48: 23.7 | G48: 23.7 | H48: 23.7 | I48: 23.7 | J48: 23.7
A50: Bolivia | D50: =D51/D52 -> 0.10915493 | E50: =E51/E52 -> 0.11290323 | F50: =F51/F52 -> 0.11570248 | G50: =G51/G52 -> 0.096638655 | H50: =H51/H52 -> 0.097046414 | I50: =I51/I52 -> 0.063559322 | J50: =J51/J52 -> 0.055319149
A51: Foreign currency debt service % GDP | D51: 3.1 | E51: 2.8 | F51: 2.8 | G51: 2.3 | H51: 2.3 | I51: 1.5 | J51: 1.3
A52: Government revenue % GDP | D52: 28.4 | E52: 24.8 | F52: 24.2 | G52: 23.8 | H52: 23.7 | I52: 23.6 | J52: 23.5
A54: Bosnia and Herzegovina | D54: =D55/D56 -> 0 | E54: =E55/E56 -> 0.060747664 | F54: =F55/F56 -> 0.056737589 | G54: =G55/G56 -> 0.063529412 | H54: =H55/H56 -> 0.068235294 | I54: =I55/I56 -> 0.068075117 | J54: =J55/J56 -> 0.070422535
A55: Foreign currency debt service % GDP | D55: 0 | E55: 2.6 | F55: 2.4 | G55: 2.7 | H55: 2.9 | I55: 2.9 | J55: 3
A56: Government revenue % GDP | D56: 42 | E56: 42.8 | F56: 42.3 | G56: 42.5 | H56: 42.5 | I56: 42.6 | J56: 42.6
A58: Botswana | D58: =D59/D60 -> 0.026819923 | E58: =E59/E60 -> 0.041493776 | F58: =F59/F60 -> 0.048192771 | G58: =G59/G60 -> 0.050980392 | H58: =H59/H60 -> 0.049618321 | I58: =I59/I60 -> 0.044776119 | J58: =J59/J60 -> 0.044117647
A59: Foreign currency debt service % GDP | D59: 0.7 | E59: 1 | F59: 1.2 | G59: 1.3 | H59: 1.3 | I59: 1.2 | J59: 1.2
A60: Government revenue % GDP | D60: 26.1 | E60: 24.1 | F60: 24.9 | G60: 25.5 | H60: 26.2 | I60: 26.8 | J60: 27.2
A62: Brazil | D62: =D63/D64 -> 0.0050632911 | E62: =E63/E64 -> 0.017766497 | F62: =F63/F64 -> 0.012658228 | G62: =G63/G64 -> 0.012285012 | H62: =H63/H64 -> 0.012406948 | I62: =I63/I64 -> 0.012345679 | J62: =J63/J64 -> 0.012376238
A63: Foreign currency debt service % GDP | D63: 0.2 | E63: 0.7 | F63: 0.5 | G63: 0.5 | H63: 0.5 | I63: 0.5 | J63: 0.5
A64: Government revenue % GDP | D64: 39.5 | E64: 39.4 | F64: 39.5 | G64: 40.7 | H64: 40.3 | I64: 40.5 | J64: 40.4
A66: Bulgaria | D66: =D67/D68 -> 0.06031746 | E66: =E67/E68 -> 0.018018018 | F66: =F67/F68 -> 0.024539877 | G66: =G67/G68 -> 0.055384615 | H66: =H67/H68 -> 0.055214724 | I66: =I67/I68 -> 0.07120743 | J66: =J67/J68 -> 0.053125
A67: Foreign currency debt service % GDP | D67: 1.9 | E67: 0.6 | F67: 0.8 | G67: 1.8 | H67: 1.8 | I67: 2.3 | J67: 1.7
A68: Government revenue % GDP | D68: 31.5 | E68: 33.3 | F68: 32.6 | G68: 32.5 | H68: 32.6 | I68: 32.3 | J68: 32
A70: China | D70: =D71/D72 -> 0 | E70: =E71/E72 -> 0 | F70: =F71/F72 -> 0 | G70: =G71/G72 -> 0.0054347826 | H70: =H71/H72 -> 0.0054347826 | I70: =I71/I72 -> 0.0054347826 | J70: =J71/J72 -> 0.0054347826
A71: Foreign currency debt service % GDP | D71: 0 | E71: 0 | F71: 0 | G71: 0.1 | H71: 0.1 | I71: 0.1 | J71: 0.1
A72: Government revenue % GDP | D72: 18.5 | E72: 18.2 | F72: 18.3 | G72: 18.4 | H72: 18.4 | I72: 18.4 | J72: 18.4
A74: Colombia | D74: =D75/D76 -> 0.090909091 | E74: =E75/E76 -> 0.14197531 | F74: =F75/F76 -> 0.14880952 | G74: =G75/G76 -> 0.12716763 | H74: =H75/H76 -> 0.10169492 | I74: =I75/I76 -> 0.12222222 | J74: =J75/J76 -> 0.1043956
A75: Foreign currency debt service % GDP | D75: 1.5 | E75: 2.3 | F75: 2.5 | G75: 2.2 | H75: 1.8 | I75: 2.2 | J75: 1.9
A76: Government revenue % GDP | D76: 16.5 | E76: 16.2 | F76: 16.8 | G76: 17.3 | H76: 17.7 | I76: 18 | J76: 18.2
A78: Costa Rica | D78: =D79/D80 -> 0.20805369 | E78: =E79/E80 -> 0.22222222 | F78: =F79/F80 -> 0.15492958 | G78: =G79/G80 -> 0.17730496 | H78: =H79/H80 -> 0.12857143 | I78: =I79/I80 -> 0.20289855 | J78: =J79/J80 -> 0.22627737
A79: Foreign currency debt service % GDP | D79: 3.1 | E79: 3.2 | F79: 2.2 | G79: 2.5 | H79: 1.8 | I79: 2.8 | J79: 3.1
A80: Government revenue % GDP | D80: 14.9 | E80: 14.4 | F80: 14.2 | G80: 14.1 | H80: 14 | I80: 13.8 | J80: 13.7
A82: Dominican Republic | D82: =D83/D84 -> 0.22560976 | E82: =E83/E84 -> 0.175 | F82: =F83/F84 -> 0.13548387 | G82: =G83/G84 -> 0.2 | H82: =H83/H84 -> 0.20645161 | I82: =I83/I84 -> 0.24516129 | J82: =J83/J84 -> 0.23870968
A83: Foreign currency debt service % GDP | D83: 3.7 | E83: 2.8 | F83: 2.1 | G83: 3.1 | H83: 3.2 | I83: 3.8 | J83: 3.7
A84: Government revenue % GDP | D84: 16.4 | E84: 16 | F84: 15.5 | G84: 15.5 | H84: 15.5 | I84: 15.5 | J84: 15.5
L85: 2024
A86: Ecuador | D86: =D89*$N$90 -> 0.123 | E86: =E89*$N$90 -> 0.10148184 | F86: =F89*$N$90 -> 0.1416574 | G86: =G89*$N$90 -> 0.10453841 | H86: =H89*$N$90 -> 0.10321514 | I86: =I89*$N$90 -> 0.096337077 | J86: =J89*$N$90 -> 0.094185759
A87: Local currency debt service | D87: 9.5 | E87: 7.5 | F87: 11 | G87: 7.9 | H87: 7.8 | I87: 7.2 | J87: 7 | L87: 9.5
A88: Government revenue % GDP | D88: 37.1 | E88: 35.5 | F88: 37.3 | G88: 36.3 | H88: 36.3 | I88: 35.9 | J88: 35.7 | L88: 37.1
A89: Local currency debt service as % government revenue | D89: =D87/D88 -> 0.25606469 | E89: =E87/E88 -> 0.21126761 | F89: =F87/F88 -> 0.29490617 | G89: =G87/G88 -> 0.21763085 | H89: =H87/H88 -> 0.21487603 | I89: =I87/I88 -> 0.2005571 | J89: =J87/J88 -> 0.19607843 | L89: =L87/L88 -> 0.25606469
K90: External debt service | L90: 0.123 | M90: Percentage of debt service external | N90: =L90/L89 -> 0.48034737
A91: Egypt | D91: =D92/D93 -> 0.45517241 | E91: =E92/E93 -> 0.67549669 | F91: =F92/F93 -> 0.41975309 | G91: =G92/G93 -> 0.36419753 | H91: =H92/H93 -> 0.37735849 | I91: =I92/I93 -> 0.33333333 | J91: =J92/J93 -> 0.26415094
A92: Foreign currency debt service % GDP | D92: 6.6 | E92: 10.2 | F92: 6.8 | G92: 5.9 | H92: 6 | I92: 5.3 | J92: 4.2
A93: Government revenue % GDP | D93: 14.5 | E93: 15.1 | F93: 16.2 | G93: 16.2 | H93: 15.9 | I93: 15.9 | J93: 15.9
L94: 2024
A95: El Salvador | D95: =D98*0.679 -> 0.34585768 | E95: =E98*0.679 -> 0.3357417 | F95: =F98*0.679 -> 0.21967647 | G95: =G98*0.679 -> 0.24713603 | H95: =H98*0.679 -> 0.22387319 | I95: =I98*0.679 -> 0.27061594 | J95: =J98*0.679 -> 0.23863406
A96: Local currency debt service | D96: 13.6 | E96: 13.4 | F96: 8.8 | G96: 9.9 | H96: 9.1 | I96: 11 | J96: 9.7 | L96: 13.6
A97: Government revenue % GDP | D97: 26.7 | E97: 27.1 | F97: 27.2 | G97: 27.2 | H97: 27.6 | I97: 27.6 | J97: 27.6 | L97: 26.7
A98: Local currency debt service as % government revenue | D98: =D96/D97 -> 0.5093633 | E98: =E96/E97 -> 0.49446494 | F98: =F96/F97 -> 0.32352941 | G98: =G96/G97 -> 0.36397059 | H98: =H96/H97 -> 0.32971014 | I98: =I96/I97 -> 0.39855072 | J98: =J96/J97 -> 0.35144928 | L98: =L96/L97 -> 0.5093633
K99: External debt service | L99: 0.346 | M99: Percentage of debt service external | N99: =L99/L98 -> 0.67927941
A100: Equatorial Guinea | D100: =D101/D102 -> 0.072625698 | E100: =E101/E102 -> 0.084269663 | F100: =F101/F102 -> 0.089820359 | G100: =G101/G102 -> 0.10759494 | H100: =H101/H102 -> 0.13071895 | I100: =I101/I102 -> 0.16107383 | J100: =J101/J102 -> 0.18367347
A101: Foreign currency debt service % GDP | D101: 1.3 | E101: 1.5 | F101: 1.5 | G101: 1.7 | H101: 2 | I101: 2.4 | J101: 2.7
A102: Government revenue % GDP | D102: 17.9 | E102: 17.8 | F102: 16.7 | G102: 15.8 | H102: 15.3 | I102: 14.9 | J102: 14.7
A104: Eswatini | D104: =D105/D106 -> 0.095846645 | E104: =E105/E106 -> 0.09540636 | F104: =F105/F106 -> 0.1056338 | G104: =G105/G106 -> 0.12758621 | H104: =H105/H106 -> 0.12110727 | I104: =I105/I106 -> 0.11418685 | J104: =J105/J106 -> 0.086206897
A105: Foreign currency debt service % GDP | D105: 3 | E105: 2.7 | F105: 3 | G105: 3.7 | H105: 3.5 | I105: 3.3 | J105: 2.5
A106: Government revenue % GDP | D106: 31.3 | E106: 28.3 | F106: 28.4 | G106: 29 | H106: 28.9 | I106: 28.9 | J106: 29
A108: Fiji | D108: =D109/D110 -> 0.089552239 | E108: =E109/E110 -> 0.086021505 | F108: =F109/F110 -> 0.091575092 | G108: =G109/G110 -> 0.088235294 | H108: =H109/H110 -> 0.083941606 | I108: =I109/I110 -> 0.076363636 | J108: =J109/J110 -> 0.076642336
A109: Foreign currency debt service % GDP | D109: 2.4 | E109: 2.4 | F109: 2.5 | G109: 2.4 | H109: 2.3 | I109: 2.1 | J109: 2.1
A110: Government revenue % GDP | D110: 26.8 | E110: 27.9 | F110: 27.3 | G110: 27.2 | H110: 27.4 | I110: 27.5 | J110: 27.4
A112: Gabon | D112: =D113/D114 -> 0.28571429 | E112: =E113/E114 -> 0.44571429 | F112: =F113/F114 -> 0.24277457 | G112: =G113/G114 -> 0.23976608 | H112: =H113/H114 -> 0.22352941 | I112: =I113/I114 -> 0.36470588 | J112: =J113/J114 -> 0.35294118
A113: Foreign currency debt service % GDP | D113: 5.2 | E113: 7.8 | F113: 4.2 | G113: 4.1 | H113: 3.8 | I113: 6.2 | J113: 6
A114: Government revenue % GDP | D114: 18.2 | E114: 17.5 | F114: 17.3 | G114: 17.1 | H114: 17 | I114: 17 | J114: 17
A116: Georgia | D116: =D117/D118 -> 0.076642336 | E116: =E117/E118 -> 0.074626866 | F116: =F117/F118 -> 0.10984848 | G116: =G117/G118 -> 0.061068702 | H116: =H117/H118 -> 0.061302682 | I116: =I117/I118 -> 0.053846154 | J116: =J117/J118 -> 0.05019305
A117: Foreign currency debt service % GDP | D117: 2.1 | E117: 2 | F117: 2.9 | G117: 1.6 | H117: 1.6 | I117: 1.4 | J117: 1.3
A118: Government revenue % GDP | D118: 27.4 | E118: 26.8 | F118: 26.4 | G118: 26.2 | H118: 26.1 | I118: 26 | J118: 25.9
A120: Guatemala | D120: =D121/D122 -> 0.032258065 | E120: =E121/E122 -> 0.079365079 | F120: =F121/F122 -> 0.125 | G120: =G121/G122 -> 0.11023622 | H120: =H121/H122 -> 0.11811024 | I120: =I121/I122 -> 0.1023622 | J120: =J121/J122 -> 0.078740157
A121: Foreign currency debt service % GDP | D121: 0.4 | E121: 1 | F121: 1.6 | G121: 1.4 | H121: 1.5 | I121: 1.3 | J121: 1
A122: Government revenue % GDP | D122: 12.4 | E122: 12.6 | F122: 12.8 | G122: 12.7 | H122: 12.7 | I122: 12.7 | J122: 12.7
A124: India | D124: =D125/D126 -> 0.014705882 | E124: =E125/E126 -> 0.014851485 | F124: =F125/F126 -> 0.014851485 | G124: =G125/G126 -> 0.014851485 | H124: =H125/H126 -> 0.0099009901 | I124: =I125/I126 -> 0.0099009901 | J124: =J125/J126 -> 0.0099009901
...

Sheet 4. IMF debt distress
A1: Assessment at end of the year | B1: 2007 | C1: 2008 | D1: =C1+1 -> 2009 | E1: =D1+1 -> 2010 | F1: =E1+1 -> 2011 | G1: =F1+1 -> 2012 | H1: =G1+1 -> 2013 | I1: =H1+1 -> 2014 | J1: =I1+1 -> 2015 | K1: =J1+1 -> 2016 | L1: 2017 | M1: 2018 | N1: 2019 | O1: 2020 | P1: 2021 | Q1: 2022 | R1: 2023 | S1: 2024 | T1: 2025 | U1: 2026
A2: Afghanistan | B2: High | C2: High | D2: High | E2: High | F2: High | G2: High | H2: High | I2: High | J2: High | K2: High | L2: High | M2: High | N2: High | O2: High | P2: High | Q2: High | R2: High | S2: High | T2: High | U2: High
A3: Bangladesh | B3: Low | C3: Low | D3: Low | E3: Low | F3: Low | G3: Low | H3: Low | I3: Low | J3: Low | K3: Low | L3: Low | M3: Low | N3: Low | O3: Low | P3: Low | Q3: Low | R3: Low | S3: Low | T3: Moderate | U3: Moderate
A4: Benin | B4: Moderate | C4: Moderate | D4: Moderate | E4: Moderate | F4: Low | G4: Low | H4: Low | I4: Low | J4: Low | K4: Low | L4: Moderate | M4: Moderate | N4: Moderate | O4: Moderate | P4: Moderate | Q4: Moderate | R4: Moderate | S4: Moderate | T4: Moderate | U4: Moderate
A5: Bhutan | B5: Moderate | C5: Moderate | D5: Moderate | E5: Moderate | F5: Moderate | G5: Moderate | H5: Moderate | I5: Moderate | J5: Moderate | K5: Moderate | L5: Moderate | M5: Moderate | N5: Moderate | O5: Moderate | P5: Moderate | Q5: Moderate | R5: Moderate | S5: Moderate | T5: Moderate | U5: Moderate
A6: Burkina Faso | B6: Moderate | C6: High | D6: High | E6: High | F6: High | G6: Moderate | H6: Moderate | I6: Moderate | J6: Moderate | K6: Moderate | L6: Moderate | M6: Moderate | N6: Moderate | O6: Moderate | P6: Moderate | Q6: Moderate | R6: Moderate | S6: Moderate | T6: Moderate | U6: Moderate
A7: Burundi | B7: High | C7: In debt distress | D7: High | E7: High | F7: High | G7: High | H7: High | I7: High | J7: High | K7: High | L7: High | M7: High | N7: High | O7: High | P7: High | Q7: High | R7: High | S7: High | T7: High | U7: High
A8: Cambodia | B8: Moderate | C8: Moderate | D8: Moderate | E8: Moderate | F8: Moderate | G8: Low | H8: Low | I8: Low | J8: Low | K8: Low | L8: Low | M8: Low | N8: Low | O8: Low | P8: Low | Q8: Low | R8: Low | S8: Low | T8: Low | U8: Low
A9: Cameroon | B9: Low | C9: Low | D9: Low | E9: Low | F9: Low | G9: Low | H9: Low | I9: Moderate | J9: High | K9: High | L9: High | M9: High | N9: High | O9: High | P9: High | Q9: High | R9: High | S9: High | T9: High | U9: High
A10: Cabo Verde | B10: Low | C10: Low | D10: Low | E10: Low | F10: Low | G10: Low | H10: Low | I10: Moderate | J10: Moderate | K10: High | L10: High | M10: High | N10: High | O10: High | P10: High | Q10: Moderate | R10: Moderate | S10: Moderate | T10: Moderate | U10: Moderate
A11: CAR | B11: High | C11: High | D11: Moderate | E11: Moderate | F11: Moderate | G11: Moderate | H11: Moderate | I11: High | J11: High | K11: High | L11: High | M11: High | N11: High | O11: High | P11: High | Q11: High | R11: High | S11: High | T11: High | U11: High
A12: Chad | B12: High | C12: High | D12: Moderate | E12: Moderate | F12: Moderate | G12: Moderate | H12: High | I12: High | J12: High | K12: High | L12: In debt distress | M12: High | N12: High | O12: High | P12: In debt distress | Q12: In debt distress | R12: High | S12: High | T12: High | U12: High
A13: Comoros | B13: In debt distress | C13: In debt distress | D13: In debt distress | E13: In debt distress | F13: In debt distress | G13: In debt distress | H13: High | I13: High | J13: Moderate | K13: Moderate | L13: Moderate | M13: Moderate | N13: Moderate | O13: Moderate | P13: High | Q13: High | R13: High | S13: High | T13: High | U13: High
... A25: Guinea-Bissau | B25: In debt distress | C25: In debt distress | D25: In debt distress | E25: High | F25: Moderate | G25: Moderate | H25: Moderate | I25: Moderate | J25: Moderate | K25: Moderate | L25: Moderate | M25: Moderate | N25: Moderate | O25: Moderate | P25: High | Q25: High | R25: High | S25: High | T25: High | U25: High
A26: Guyana | E26: Moderate | F26: Moderate | G26: Moderate | H26: Moderate | I26: Moderate | J26: Moderate | K26: Moderate | L26: Moderate | M26: Moderate | N26: Moderate | O26: Moderate | P26: Moderate | Q26: Moderate | R26: Moderate | S26: Moderate | T26: Low | U26: Low
A27: Haiti | B27: High | C27: High | D27: High | E27: High | F27: High | G27: High | H27: High | I27: High | J27: Moderate | K27: Moderate | L27: High | M27: High | N27: High | O27: High | P27: High | Q27: High | R27: High | S27: High | T27: High | U27: High
A28: Honduras | B28: Moderate | C28: Low | D28: Low | E28: Low | F28: Low | G28: Low | H28: Low | I28: Moderate | J28: Moderate | K28: Moderate | L28: Moderate | M28: Moderate | N28: Low | O28: Low | P28: Low | Q28: Low | R28: Low | S28: Low | T28: Low | U28: Low
A29: Kenya | B29: Low | C29: Low | D29: Low | E29: Low | F29: Low | G29: Low | H29: Low | I29: Low | J29: Low | K29: Low | L29: Low | M29: Moderate | N29: Moderate | O29: High | P29: High | Q29: High | R29: High | S29: High | T29: High | U29: High
A30: Kiribati | F30: High | G30: High | H30: High | I30: High | J30: High | K30: High | L30: High | M30: High | N30: High | O30: High | P30: High | Q30: High | R30: High | S30: High | T30: High | U30: High
A31: Kyrgyz Rep | B31: Moderate | C31: Moderate | D31: Moderate | E31: Moderate | F31: Moderate | G31: Moderate | H31: Moderate | I31: Moderate | J31: Moderate | K31: Moderate | L31: Moderate | M31: Moderate | N31: Moderate | O31: Moderate | P31: Moderate | Q31: Moderate | R31: Moderate | S31: Moderate | T31: Moderate | U31: Moderate
A32: Lao PDR | B32: High | C32: High | D32: High | E32: High | F32: High | G32: Moderate | H32: Moderate | I32: Moderate | J32: Moderate | K32: Moderate | L32: High | M32: High | N32: High | O32: High | P32: High | Q32: High | R32: In debt distress | S32: In debt distress | T32: In debt distress | U32: In debt distress
A33: Lesotho | B33: Moderate | C33: Moderate | D33: Moderate | E33: Moderate | F33: Moderate | G33: Moderate | H33: Moderate | I33: Moderate | J33: Moderate | K33: Moderate | L33: Moderate | M33: Low | N33: Moderate | O33: Moderate | P33: Moderate | Q33: Moderate | R33: Moderate | S33: Moderate | T33: Moderate | U33: Moderate
A34: Liberia | B34: In debt distress | C34: In debt distress | D34: In debt distress | E34: Low | F34: Low | G34: Low | H34: Low | I34: Low | J34: Moderate | K34: Moderate | L34: Moderate | M34: Moderate | N34: Moderate | O34: Moderate | P34: Moderate | Q34: Moderate | R34: Moderate | S34: Moderate | T34: Moderate | U34: Moderate
A35: Madagascar | B35: Low | C35: Low | D35: Low | E35: Low | F35: Low | G35: Low | H35: Low | I35: Low | J35: Moderate | K35: Moderate | L35: Moderate | M35: Moderate | N35: Low | O35: Moderate | P35: Moderate | Q35: Moderate | R35: Moderate | S35: Moderate | T35: Moderate | U35: Moderate
A36: Malawi | B36: Moderate | C36: Moderate | D36: Moderate | E36: Moderate | F36: Moderate | G36: Moderate | H36: Moderate | I36: Moderate | J36: Moderate | K36: Moderate | L36: Moderate | M36: Moderate | N36: Moderate | O36: Moderate | P36: High | Q36: In debt distress | R36: In debt distress | S36: In debt distress | T36: In debt distress | U36: In debt distress
A37: Maldives | D37: Moderate | E37: Moderate | F37: Moderate | G37: Moderate | H37: Moderate | I37: Moderate | J37: Moderate | K37: High | L37: High | M37: High | N37: High | O37: High | P37: High | Q37: High | R37: High | S37: High | T37: High | U37: High
A38: Mali | B38: Low | C38: Low | D38: Low | E38: Low | F38: Moderate | G38: Moderate | H38: Moderate | I38: Moderate | J38: Moderate | K38: Moderate | L38: Moderate | M38: Moderate | N38: Moderate | O38: Moderate | P38: Moderate | Q38: Moderate | R38: Moderate | S38: Moderate | T38: Moderate | U38: Moderate
A39: Marshall Islands | H39: High | I39: High | J39: High | K39: High | L39: High | M39: High | N39: High | O39: High | P39: High | Q39: High | R39: High | S39: High | T39: Moderate | U39: Moderate
A40: Mauritania | B40: Moderate | C40: Moderate | D40: Moderate | E40: Moderate | F40: Moderate | G40: Moderate | H40: Moderate | I40: High | J40: High | K40: High | L40: High | M40: High | N40: High | O40: High | P40: High | Q40: High | R40: Moderate | S40: Moderate | T40: Moderate | U40: Moderate
A41: Micronesia | J41: High | K41: High | L41: High | M41: High | N41: High | O41: High | P41: High | Q41: High | R41: High | S41: High | T41: High | U41: Moderate
A42: Moldova | B42: Low | C42: Low | D42: Low | E42: Low | F42: Low | G42: Low | H42: Low | I42: Low | J42: Low | K42: Low | L42: Low | M42: Low | N42: Low | O42: Low | P42: Low | Q42: Low | R42: Low | S42: Low | T42: Low | U42: Low
A43: Mozambique | B43: Low | C43: Low | D43: Low | E43: Low | F43: Low | G43: Low | H43: Moderate | I43: Moderate | J43: Moderate | K43: In debt distress | L43: In debt distress | M43: In debt distress | N43: In debt distress | O43: In debt distress | P43: In debt distress | Q43: In debt distress | R43: In debt distress | S43: High | T43: High | U43: High
A44: Myanmar | B44: In debt distress | C44: In debt distress | D44: In debt distress | E44: In debt distress | F44: In debt distress | G44: In debt distress | H44: Low | I44: Low | J44: Low | K44: Low | L44: Low | M44: Low | N44: Low | O44: Low | P44: Low | Q44: Low | R44: Low | S44: Low | T44: Low | U44: Low
A45: Nepal | B45: High | C45: Moderate | D45: Moderate | E45: Moderate | F45: Moderate | G45: Moderate | H45: Moderate | I45: Low | J45: Low | K45: Low | L45: Low | M45: Low | N45: Low | O45: Low | P45: Low | Q45: Low | R45: Low | S45: Low | T45: Low | U45: Low
A46: Nicaragua | B46: Moderate | C46: Moderate | D46: Moderate | E46: Moderate | F46: Moderate | G46: Moderate | H46: Moderate | I46: Moderate | J46: Moderate | K46: Moderate | L46: Moderate | M46: Moderate | N46: Moderate | O46: Moderate | P46: Moderate | Q46: Moderate | R46: Moderate | S46: Moderate | T46: Moderate | U46: Moderate
A47: Niger | B47: Moderate | C47: Moderate | D47: Moderate | E47: Low | F47: Moderate | G47: Moderate | H47: Moderate | I47: Moderate | J47: Moderate | K47: Moderate | L47: Moderate | M47: Moderate | N47: Moderate | O47: Moderate | P47: Moderate | Q47: Moderate | R47: Moderate | S47: Moderate | T47: High | U47: High
A48: Papua New Guinea | B48: Moderate | C48: Moderate | D48: Moderate | E48: Moderate | F48: Moderate | G48: Low | H48: Low | I48: Low | J48: Low | K48: Low | L48: Moderate | M48: Moderate | N48: Moderate | O48: High | P48: High | Q48: High | R48: High | S48: High | T48: High | U48: High
A49: Rwanda | B49: High | C49: Moderate | D49: Moderate | E49: Moderate | F49: Moderate | G49: Moderate | H49: Low | I49: Low | J49: Low | K49: Low | L49: Low | M49: Low | N49: Low | O49: Moderate | P49: Moderate | Q49: Moderate | R49: Moderate | S49: Moderate | T49: Moderate | U49: Moderate
A50: Samoa | B50: Low | C50: Low | D50: Low | E50: Low | F50: Low | G50: Moderate | H50: High | I50: High | J50: Moderate | K50: Moderate | L50: High | M50: High | N50: High | O50: High | P50: High | Q50: High | R50: High | S50: High | T50: High | U50: High
A51: Sao Tome and Principe | B51: Moderate | C51: High | D51: High | E51: High | F51: High | G51: High | H51: High | I51: High | J51: High | K51: High | L51: High | M51: In debt distress | N51: In debt distress | O51: In debt distress | P51: In debt distress | Q51: In debt distress | R51: In debt distress | S51: In debt distress | T51: In debt distress | U51: In debt distress
A52: Senegal | B52: Low | C52: Low | D52: Low | E52: Low | F52: Low | G52: Low | H52: Low | I52: Low | J52: Low | K52: Low | L52: Low | M52: Low | N52: Low | O52: Moderate | P52: Moderate | Q52: Moderate | R52: Moderate | S52: Moderate | T52: Moderate | U52: Moderate
A53: Sierra Leone | B53: Moderate | C53: Moderate | D53: Moderate | E53: Moderate | F53: Moderate | G53: Moderate | H53: Moderate | I53: Moderate | J53: Moderate | K53: Moderate | L53: Moderate | M53: High | N53: High | O53: High | P53: High | Q53: High | R53: High | S53: High | T53: High | U53: High
... A55: Somalia | B55: In debt distress | C55: In debt distress | D55: In debt distress | E55: In debt distress | F55: In debt distress | G55: In debt distress | H55: In debt distress | I55: In debt distress | J55: In debt distress | K55: In debt distress | L55: In debt distress | M55: In debt distress | N55: In debt distress | O55: In debt distress | P55: In debt distress | Q55: In debt distress | R55: In debt distress | S55: Moderate | T55: Moderate | U55: Moderate
A56: South Sudan | I56: Moderate | J56: Moderate | K56: Moderate | L56: In debt distress | M56: In debt distress | N56: In debt distress | O56: In debt distress | P56: High | Q56: High | R56: High | S56: High | T56: High | U56: High
A57: St Vincent and the Grenadines | D57: Moderate | E57: Moderate | F57: Moderate | G57: Moderate | H57: Moderate | I57: Moderate | J57: Moderate | K57: High | L57: High | M57: High | N57: High | O57: High | P57: High | Q57: High | R57: High | S57: High | T57: High | U57: High
A58: Sudan | B58: In debt distress | C58: In debt distress | D58: In debt distress | E58: In debt distress | F58: In debt distress | G58: In debt distress | H58: In debt distress | I58: In debt distress | J58: In debt distress | K58: In debt distress | L58: In debt distress | M58: In debt distress | N58: In debt distress | O58: In debt distress | P58: In debt distress | Q58: In debt distress | R58: In debt distress | S58: In debt distress | T58: In debt distress | U58: In debt distress
A59: Tajikistan | B59: High | C59: High | D59: High | E59: High | F59: High | G59: High | H59: High | I59: High | J59: High | K59: High | L59: High | M59: High | N59: High | O59: High | P59: High | Q59: High | R59: High | S59: High | T59: High | U59: High
A60: Tanzania | B60: Low | C60: Low | D60: Low | E60: Low | F60: Low | G60: Low | H60: Low | I60: Low | J60: Low | K60: Low | L60: Low | M60: Low | N60: Low | O60: Low | P60: Moderate | Q60: Moderate | R60: Moderate | S60: Moderate | T60: Moderate | U60: Moderate
A61: Timor Leste | E61: Low | F61: Low | G61: Low | H61: Low | I61: Low | J61: Low | K61: Moderate | L61: Moderate | M61: Moderate | N61: Low | O61: Low | P61: Moderate | Q61: Moderate | R61: Moderate | S61: Moderate | T61: Moderate | U61: Moderate
A62: Togo | B62: In debt distress | C62: In debt distress | D62: In debt distress | E62: Moderate | F62: Moderate | G62: Moderate | H62: Moderate | I62: Moderate | J62: Moderate | K62: Moderate | L62: Moderate | M62: Moderate | N62: Moderate | O62: Moderate | P62: Moderate | Q62: Moderate | R62: Moderate | S62: Moderate | T62: Moderate | U62: Moderate
A63: Tonga | B63: High | C63: High | D63: High | E63: High | F63: High | G63: High | H63: Moderate | I63: Moderate | J63: Moderate | K63: Moderate | L63: Moderate | M63: High | N63: High | O63: High | P63: High | Q63: High | R63: High | S63: High | T63: High | U63: High
A64: Tuvalu | I64: High | J64: High | K64: High | L64: High | M64: High | N64: High | O64: High | P64: High | Q64: High | R64: High | S64: High | T64: High | U64: High
A65: Uganda | B65: Low | C65: Low | D65: Low | E65: Low | F65: Low | G65: Low | H65: Low | I65: Low | J65: Low | K65: Low | L65: Low | M65: Low | N65: Low | O65: Low | P65: Moderate | Q65: Moderate | R65: Moderate | S65: Moderate | T65: Moderate | U65: Moderate
A66: Uzbekistan | M66: Low | N66: Low | O66: Low | P66: Low | Q66: Low | R66: Low | S66: Low | T66: Low | U66: Low
A67: Vanuatu | D67: Low | E67: Low | F67: Low | G67: Low | H67: Low | I67: Low | J67: Moderate | K67: Moderate | L67: Moderate | M67: Moderate | N67: Moderate | O67: Moderate | P67: Moderate | Q67: Moderate | R67: Moderate | S67: Moderate | T67: Moderate | U67: Moderate
A68: Yemen | B68: High | C68: High | D68: High | E68: High | F68: High | G68: High | H68: Moderate | I68: Moderate | J68: Moderate | K68: Moderate | L68: Moderate | M68: Moderate | N68: Moderate | O68: Moderate | P68: Moderate | Q68: Moderate | R68: Moderate | S68: Moderate | T68: Moderate | U68: In debt distress
A69: Zambia | B69: Low | C69: Low | D69: Low | E69: Low | F69: Low | G69: Low | H69: Low | I69: Low | J69: Moderate | K69: Moderate | L69: High | M69: High | N69: High | O69: High | P69: High | Q69: In debt distress | R69: In debt distress | S69: In debt distress | T69: High | U69: High
A70: Zimbabwe | B70: In debt distress | C70: In debt distress | D70: In debt distress | E70: In debt distress | F70: In debt distress | G70: In debt distress | H70: In debt distress | I70: In debt distress | J70: In debt distress | K70: In debt distress | L70: In debt distress | M70: In debt distress | N70: In debt distress | O70: In debt distress | P70: In debt distress | Q70: In debt distress | R70: In debt distress | S70: In debt distress | T70: In debt distress | U70: In debt distress
A72: Assessment at end of the year | B72: 2007 | C72: 2008 | D72: =C72+1 -> 2009 | E72: =D72+1 -> 2010 | F72: =E72+1 -> 2011 | G72: =F72+1 -> 2012 | H72: =G72+1 -> 2013 | I72: =H72+1 -> 2014 | J72: =I72+1 -> 2015 | K72: =J72+1 -> 2016 | L72: 2017 | M72: 2018 | N72: 2019 | O72: 2020 | P72: 2021 | Q72: 2022 | R72: 2023 | S72: 2024 | T72: 2025 | U72: 2026
A73: Afghanistan | B73: =IF(B2="None",1,IF(B2="Low",1,IF(B2="Moderate",2,IF(B2="High",3,IF(B2="In debt distress",4,""))))) -> 3 | C73: =IF(C2="None",1,IF(C2="Low",1,IF(C2="Moderate",2,IF(C2="High",3,IF(C2="In debt distress",4,""))))) -> 3 | D73: =IF(D2="None",1,IF(D2="Low",1,IF(D2="Moderate",2,IF(D2="High",3,IF(D2="In debt distress",4,""))))) -> 3 | E73: =IF(E2="None",1,IF(E2="Low",1,IF(E2="Moderate",2,IF(E2="High",3,IF(E2="In debt distress",4,""))))) -> 3 | F73: =IF(F2="None",1,IF(F2="Low",1,IF(F2="Moderate",2,IF(F2="High",3,IF(F2="In debt distress",4,""))))) -> 3 | G73: =IF(G2="None",1,IF(G2="Low",1,IF(G2="Moderate",2,IF(G2="High",3,IF(G2="In debt distress",4,""))))) -> 3 | H73: =IF(H2="None",1,IF(H2="Low",1,IF(H2="Moderate",2,IF(H2="High",3,IF(H2="In debt distress",4,""))))) -> 3 | I73: =IF(I2="None",1,IF(I2="Low",1,IF(I2="Moderate",2,IF(I2="High",3,IF(I2="In debt distress",4,""))))) -> 3 | ... U73: =IF(U2="None",1,IF(U2="Low",1,IF(U2="Moderate",2,IF(U2="High",3,IF(U2="In debt distress",4,""))))) -> 3
A74: Bangladesh | B74: =IF(B3="None",1,IF(B3="Low",1,IF(B3="Moderate",2,IF(B3="High",3,IF(B3="In debt distress",4,""))))) -> 1 | C74: =IF(C3="None",1,IF(C3="Low",1,IF(C3="Moderate",2,IF(C3="High",3,IF(C3="In debt distress",4,""))))) -> 1 | D74: =IF(D3="None",1,IF(D3="Low",1,IF(D3="Moderate",2,IF(D3="High",3,IF(D3="In debt distress",4,""))))) -> 1 | E74: =IF(E3="None",1,IF(E3="Low",1,IF(E3="Moderate",2,IF(E3="High",3,IF(E3="In debt distress",4,""))))) -> 1 | F74: =IF(F3="None",1,IF(F3="Low",1,IF(F3="Moderate",2,IF(F3="High",3,IF(F3="In debt distress",4,""))))) -> 1 | G74: =IF(G3="None",1,IF(G3="Low",1,IF(G3="Moderate",2,IF(G3="High",3,IF(G3="In debt distress",4,""))))) -> 1 | H74: =IF(H3="None",1,IF(H3="Low",1,IF(H3="Moderate",2,IF(H3="High",3,IF(H3="In debt distress",4,""))))) -> 1 | I74: =IF(I3="None",1,IF(I3="Low",1,IF(I3="Moderate",2,IF(I3="High",3,IF(I3="In debt distress",4,""))))) -> 1 | ... U74: =IF(U3="None",1,IF(U3="Low",1,IF(U3="Moderate",2,IF(U3="High",3,IF(U3="In debt distress",4,""))))) -> 2
A75: Benin | B75: =IF(B4="None",1,IF(B4="Low",1,IF(B4="Moderate",2,IF(B4="High",3,IF(B4="In debt distress",4,""))))) -> 2 | C75: =IF(C4="None",1,IF(C4="Low",1,IF(C4="Moderate",2,IF(C4="High",3,IF(C4="In debt distress",4,""))))) -> 2 | D75: =IF(D4="None",1,IF(D4="Low",1,IF(D4="Moderate",2,IF(D4="High",3,IF(D4="In debt distress",4,""))))) -> 2 | E75: =IF(E4="None",1,IF(E4="Low",1,IF(E4="Moderate",2,IF(E4="High",3,IF(E4="In debt distress",4,""))))) -> 2 | F75: =IF(F4="None",1,IF(F4="Low",1,IF(F4="Moderate",2,IF(F4="High",3,IF(F4="In debt distress",4,""))))) -> 1 | G75: =IF(G4="None",1,IF(G4="Low",1,IF(G4="Moderate",2,IF(G4="High",3,IF(G4="In debt distress",4,""))))) -> 1 | H75: =IF(H4="None",1,IF(H4="Low",1,IF(H4="Moderate",2,IF(H4="High",3,IF(H4="In debt distress",4,""))))) -> 1 | I75: =IF(I4="None",1,IF(I4="Low",1,IF(I4="Moderate",2,IF(I4="High",3,IF(I4="In debt distress",4,""))))) -> 1 | ... U75: =IF(U4="None",1,IF(U4="Low",1,IF(U4="Moderate",2,IF(U4="High",3,IF(U4="In debt distress",4,""))))) -> 2
A76: Bhutan | B76: =IF(B5="None",1,IF(B5="Low",1,IF(B5="Moderate",2,IF(B5="High",3,IF(B5="In debt distress",4,""))))) -> 2 | C76: =IF(C5="None",1,IF(C5="Low",1,IF(C5="Moderate",2,IF(C5="High",3,IF(C5="In debt distress",4,""))))) -> 2 | D76: =IF(D5="None",1,IF(D5="Low",1,IF(D5="Moderate",2,IF(D5="High",3,IF(D5="In debt distress",4,""))))) -> 2 | E76: =IF(E5="None",1,IF(E5="Low",1,IF(E5="Moderate",2,IF(E5="High",3,IF(E5="In debt distress",4,""))))) -> 2 | F76: =IF(F5="None",1,IF(F5="Low",1,IF(F5="Moderate",2,IF(F5="High",3,IF(F5="In debt distress",4,""))))) -> 2 | G76: =IF(G5="None",1,IF(G5="Low",1,IF(G5="Moderate",2,IF(G5="High",3,IF(G5="In debt distress",4,""))))) -> 2 | H76: =IF(H5="None",1,IF(H5="Low",1,IF(H5="Moderate",2,IF(H5="High",3,IF(H5="In debt distress",4,""))))) -> 2 | I76: =IF(I5="None",1,IF(I5="Low",1,IF(I5="Moderate",2,IF(I5="High",3,IF(I5="In debt distress",4,""))))) -> 2 | ... U76: =IF(U5="None",1,IF(U5="Low",1,IF(U5="Moderate",2,IF(U5="High",3,IF(U5="In debt distress",4,""))))) -> 2
A77: Burkina Faso | B77: =IF(B6="None",1,IF(B6="Low",1,IF(B6="Moderate",2,IF(B6="High",3,IF(B6="In debt distress",4,""))))) -> 2 | C77: =IF(C6="None",1,IF(C6="Low",1,IF(C6="Moderate",2,IF(C6="High",3,IF(C6="In debt distress",4,""))))) -> 3 | D77: =IF(D6="None",1,IF(D6="Low",1,IF(D6="Moderate",2,IF(D6="High",3,IF(D6="In debt distress",4,""))))) -> 3 | E77: =IF(E6="None",1,IF(E6="Low",1,IF(E6="Moderate",2,IF(E6="High",3,IF(E6="In debt distress",4,""))))) -> 3 | F77: =IF(F6="None",1,IF(F6="Low",1,IF(F6="Moderate",2,IF(F6="High",3,IF(F6="In debt distress",4,""))))) -> 3 | G77: =IF(G6="None",1,IF(G6="Low",1,IF(G6="Moderate",2,IF(G6="High",3,IF(G6="In debt distress",4,""))))) -> 2 | H77: =IF(H6="None",1,IF(H6="Low",1,IF(H6="Moderate",2,IF(H6="High",3,IF(H6="In debt distress",4,""))))) -> 2 | I77: =IF(I6="None",1,IF(I6="Low",1,IF(I6="Moderate",2,IF(I6="High",3,IF(I6="In debt distress",4,""))))) -> 2 | ... U77: =IF(U6="None",1,IF(U6="Low",1,IF(U6="Moderate",2,IF(U6="High",3,IF(U6="In debt distress",4,""))))) -> 2
A78: Burundi | B78: =IF(B7="None",1,IF(B7="Low",1,IF(B7="Moderate",2,IF(B7="High",3,IF(B7="In debt distress",4,""))))) -> 3 | C78: =IF(C7="None",1,IF(C7="Low",1,IF(C7="Moderate",2,IF(C7="High",3,IF(C7="In debt distress",4,""))))) -> 4 | D78: =IF(D7="None",1,IF(D7="Low",1,IF(D7="Moderate",2,IF(D7="High",3,IF(D7="In debt distress",4,""))))) -> 3 | E78: =IF(E7="None",1,IF(E7="Low",1,IF(E7="Moderate",2,IF(E7="High",3,IF(E7="In debt distress",4,""))))) -> 3 | F78: =IF(F7="None",1,IF(F7="Low",1,IF(F7="Moderate",2,IF(F7="High",3,IF(F7="In debt distress",4,""))))) -> 3 | G78: =IF(G7="None",1,IF(G7="Low",1,IF(G7="Moderate",2,IF(G7="High",3,IF(G7="In debt distress",4,""))))) -> 3 | H78: =IF(H7="None",1,IF(H7="Low",1,IF(H7="Moderate",2,IF(H7="High",3,IF(H7="In debt distress",4,""))))) -> 3 | I78: =IF(I7="None",1,IF(I7="Low",1,IF(I7="Moderate",2,IF(I7="High",3,IF(I7="In debt distress",4,""))))) -> 3 | ... U78: =IF(U7="None",1,IF(U7="Low",1,IF(U7="Moderate",2,IF(U7="High",3,IF(U7="In debt distress",4,""))))) -> 3
A79: Cambodia | B79: =IF(B8="None",1,IF(B8="Low",1,IF(B8="Moderate",2,IF(B8="High",3,IF(B8="In debt distress",4,""))))) -> 2 | C79: =IF(C8="None",1,IF(C8="Low",1,IF(C8="Moderate",2,IF(C8="High",3,IF(C8="In debt distress",4,""))))) -> 2 | D79: =IF(D8="None",1,IF(D8="Low",1,IF(D8="Moderate",2,IF(D8="High",3,IF(D8="In debt distress",4,""))))) -> 2 | E79: =IF(E8="None",1,IF(E8="Low",1,IF(E8="Moderate",2,IF(E8="High",3,IF(E8="In debt distress",4,""))))) -> 2 | F79: =IF(F8="None",1,IF(F8="Low",1,IF(F8="Moderate",2,IF(F8="High",3,IF(F8="In debt distress",4,""))))) -> 2 | G79: =IF(G8="None",1,IF(G8="Low",1,IF(G8="Moderate",2,IF(G8="High",3,IF(G8="In debt distress",4,""))))) -> 1 | H79: =IF(H8="None",1,IF(H8="Low",1,IF(H8="Moderate",2,IF(H8="High",3,IF(H8="In debt distress",4,""))))) -> 1 | I79: =IF(I8="None",1,IF(I8="Low",1,IF(I8="Moderate",2,IF(I8="High",3,IF(I8="In debt distress",4,""))))) -> 1 | ... U79: =IF(U8="None",1,IF(U8="Low",1,IF(U8="Moderate",2,IF(U8="High",3,IF(U8="In debt distress",4,""))))) -> 1
A80: Cameroon | B80: =IF(B9="None",1,IF(B9="Low",1,IF(B9="Moderate",2,IF(B9="High",3,IF(B9="In debt distress",4,""))))) -> 1 | C80: =IF(C9="None",1,IF(C9="Low",1,IF(C9="Moderate",2,IF(C9="High",3,IF(C9="In debt distress",4,""))))) -> 1 | D80: =IF(D9="None",1,IF(D9="Low",1,IF(D9="Moderate",2,IF(D9="High",3,IF(D9="In debt distress",4,""))))) -> 1 | E80: =IF(E9="None",1,IF(E9="Low",1,IF(E9="Moderate",2,IF(E9="High",3,IF(E9="In debt distress",4,""))))) -> 1 | F80: =IF(F9="None",1,IF(F9="Low",1,IF(F9="Moderate",2,IF(F9="High",3,IF(F9="In debt distress",4,""))))) -> 1 | G80: =IF(G9="None",1,IF(G9="Low",1,IF(G9="Moderate",2,IF(G9="High",3,IF(G9="In debt distress",4,""))))) -> 1 | H80: =IF(H9="None",1,IF(H9="Low",1,IF(H9="Moderate",2,IF(H9="High",3,IF(H9="In debt distress",4,""))))) -> 1 | I80: =IF(I9="None",1,IF(I9="Low",1,IF(I9="Moderate",2,IF(I9="High",3,IF(I9="In debt distress",4,""))))) -> 2 | ... U80: =IF(U9="None",1,IF(U9="Low",1,IF(U9="Moderate",2,IF(U9="High",3,IF(U9="In debt distress",4,""))))) -> 3
A81: Cabo Verde | B81: =IF(B10="None",1,IF(B10="Low",1,IF(B10="Moderate",2,IF(B10="High",3,IF(B10="In debt distress",4,""))))) -> 1 | C81: =IF(C10="None",1,IF(C10="Low",1,IF(C10="Moderate",2,IF(C10="High",3,IF(C10="In debt distress",4,""))))) -> 1 | D81: =IF(D10="None",1,IF(D10="Low",1,IF(D10="Moderate",2,IF(D10="High",3,IF(D10="In debt distress",4,""))))) -> 1 | E81: =IF(E10="None",1,IF(E10="Low",1,IF(E10="Moderate",2,IF(E10="High",3,IF(E10="In debt distress",4,""))))) -> 1 | F81: =IF(F10="None",1,IF(F10="Low",1,IF(F10="Moderate",2,IF(F10="High",3,IF(F10="In debt distress",4,""))))) -> 1 | G81: =IF(G10="None",1,IF(G10="Low",1,IF(G10="Moderate",2,IF(G10="High",3,IF(G10="In debt distress",4,""))))) -> 1 | H81: =IF(H10="None",1,IF(H10="Low",1,IF(H10="Moderate",2,IF(H10="High",3,IF(H10="In debt distress",4,""))))) -> 1 | I81: =IF(I10="None",1,IF(I10="Low",1,IF(I10="Moderate",2,IF(I10="High",3,IF(I10="In debt distress",4,""))))) -> 2 | ... U81: =IF(U10="None",1,IF(U10="Low",1,IF(U10="Moderate",2,IF(U10="High",3,IF(U10="In debt distress",4,""))))) -> 2
A82: CAR | B82: =IF(B11="None",1,IF(B11="Low",1,IF(B11="Moderate",2,IF(B11="High",3,IF(B11="In debt distress",4,""))))) -> 3 | C82: =IF(C11="None",1,IF(C11="Low",1,IF(C11="Moderate",2,IF(C11="High",3,IF(C11="In debt distress",4,""))))) -> 3 | D82: =IF(D11="None",1,IF(D11="Low",1,IF(D11="Moderate",2,IF(D11="High",3,IF(D11="In debt distress",4,""))))) -> 2 | E82: =IF(E11="None",1,IF(E11="Low",1,IF(E11="Moderate",2,IF(E11="High",3,IF(E11="In debt distress",4,""))))) -> 2 | F82: =IF(F11="None",1,IF(F11="Low",1,IF(F11="Moderate",2,IF(F11="High",3,IF(F11="In debt distress",4,""))))) -> 2 | G82: =IF(G11="None",1,IF(G11="Low",1,IF(G11="Moderate",2,IF(G11="High",3,IF(G11="In debt distress",4,""))))) -> 2 | H82: =IF(H11="None",1,IF(H11="Low",1,IF(H11="Moderate",2,IF(H11="High",3,IF(H11="In debt distress",4,""))))) -> 2 | I82: =IF(I11="None",1,IF(I11="Low",1,IF(I11="Moderate",2,IF(I11="High",3,IF(I11="In debt distress",4,""))))) -> 3 | ... U82: =IF(U11="None",1,IF(U11="Low",1,IF(U11="Moderate",2,IF(U11="High",3,IF(U11="In debt distress",4,""))))) -> 3
A83: Chad | B83: =IF(B12="None",1,IF(B12="Low",1,IF(B12="Moderate",2,IF(B12="High",3,IF(B12="In debt distress",4,""))))) -> 3 | C83: =IF(C12="None",1,IF(C12="Low",1,IF(C12="Moderate",2,IF(C12="High",3,IF(C12="In debt distress",4,""))))) -> 3 | D83: =IF(D12="None",1,IF(D12="Low",1,IF(D12="Moderate",2,IF(D12="High",3,IF(D12="In debt distress",4,""))))) -> 2 | E83: =IF(E12="None",1,IF(E12="Low",1,IF(E12="Moderate",2,IF(E12="High",3,IF(E12="In debt distress",4,""))))) -> 2 | F83: =IF(F12="None",1,IF(F12="Low",1,IF(F12="Moderate",2,IF(F12="High",3,IF(F12="In debt distress",4,""))))) -> 2 | G83: =IF(G12="None",1,IF(G12="Low",1,IF(G12="Moderate",2,IF(G12="High",3,IF(G12="In debt distress",4,""))))) -> 2 | H83: =IF(H12="None",1,IF(H12="Low",1,IF(H12="Moderate",2,IF(H12="High",3,IF(H12="In debt distress",4,""))))) -> 3 | I83: =IF(I12="None",1,IF(I12="Low",1,IF(I12="Moderate",2,IF(I12="High",3,IF(I12="In debt distress",4,""))))) -> 3 | ... U83: =IF(U12="None",1,IF(U12="Low",1,IF(U12="Moderate",2,IF(U12="High",3,IF(U12="In debt distress",4,""))))) -> 3
A84: Comoros | B84: =IF(B13="None",1,IF(B13="Low",1,IF(B13="Moderate",2,IF(B13="High",3,IF(B13="In debt distress",4,""))))) -> 4 | C84: =IF(C13="None",1,IF(C13="Low",1,IF(C13="Moderate",2,IF(C13="High",3,IF(C13="In debt distress",4,""))))) -> 4 | D84: =IF(D13="None",1,IF(D13="Low",1,IF(D13="Moderate",2,IF(D13="High",3,IF(D13="In debt distress",4,""))))) -> 4 | E84: =IF(E13="None",1,IF(E13="Low",1,IF(E13="Moderate",2,IF(E13="High",3,IF(E13="In debt distress",4,""))))) -> 4 | F84: =IF(F13="None",1,IF(F13="Low",1,IF(F13="Moderate",2,IF(F13="High",3,IF(F13="In debt distress",4,""))))) -> 4 | G84: =IF(G13="None",1,IF(G13="Low",1,IF(G13="Moderate",2,IF(G13="High",3,IF(G13="In debt distress",4,""))))) -> 4 | H84: =IF(H13="None",1,IF(H13="Low",1,IF(H13="Moderate",2,IF(H13="High",3,IF(H13="In debt distress",4,""))))) -> 3 | I84: =IF(I13="None",1,IF(I13="Low",1,IF(I13="Moderate",2,IF(I13="High",3,IF(I13="In debt distress",4,""))))) -> 3 | ... U84: =IF(U13="None",1,IF(U13="Low",1,IF(U13="Moderate",2,IF(U13="High",3,IF(U13="In debt distress",4,""))))) -> 3
... A89: Dominica | B89: =IF(B18="None",1,IF(B18="Low",1,IF(B18="Moderate",2,IF(B18="High",3,IF(B18="In debt distress",4,""))))) -> 2 | C89: =IF(C18="None",1,IF(C18="Low",1,IF(C18="Moderate",2,IF(C18="High",3,IF(C18="In debt distress",4,""))))) -> 2 | D89: =IF(D18="None",1,IF(D18="Low",1,IF(D18="Moderate",2,IF(D18="High",3,IF(D18="In debt distress",4,""))))) -> 2 | E89: =IF(E18="None",1,IF(E18="Low",1,IF(E18="Moderate",2,IF(E18="High",3,IF(E18="In debt distress",4,""))))) -> 2 | F89: =IF(F18="None",1,IF(F18="Low",1,IF(F18="Moderate",2,IF(F18="High",3,IF(F18="In debt distress",4,""))))) -> 2 | G89: =IF(G18="None",1,IF(G18="Low",1,IF(G18="Moderate",2,IF(G18="High",3,IF(G18="In debt distress",4,""))))) -> 2 | H89: =IF(H18="None",1,IF(H18="Low",1,IF(H18="Moderate",2,IF(H18="High",3,IF(H18="In debt distress",4,""))))) -> 2 | I89: =IF(I18="None",1,IF(I18="Low",1,IF(I18="Moderate",2,IF(I18="High",3,IF(I18="In debt distress",4,""))))) -> 2 | ... U89: =IF(U18="None",1,IF(U18="Low",1,IF(U18="Moderate",2,IF(U18="High",3,IF(U18="In debt distress",4,""))))) -> 2
A90: Eritrea | B90: 4 | C90: 4 | D90: 4 | E90: 4 | F90: 4 | G90: 4 | H90: 4 | I90: 4 | J90: 4 | K90: 4 | L90: 4 | M90: 4 | N90: 4 | O90: 4 | P90: 4 | Q90: 4 | R90: 4 | S90: 4 | T90: 4 | U90: 4
A91: Ethiopia | B91: =IF(B19="None",1,IF(B19="Low",1,IF(B19="Moderate",2,IF(B19="High",3,IF(B19="In debt distress",4,""))))) -> 2 | C91: =IF(C19="None",1,IF(C19="Low",1,IF(C19="Moderate",2,IF(C19="High",3,IF(C19="In debt distress",4,""))))) -> 2 | D91: =IF(D19="None",1,IF(D19="Low",1,IF(D19="Moderate",2,IF(D19="High",3,IF(D19="In debt distress",4,""))))) -> 2 | E91: =IF(E19="None",1,IF(E19="Low",1,IF(E19="Moderate",2,IF(E19="High",3,IF(E19="In debt distress",4,""))))) -> 1 | F91: =IF(F19="None",1,IF(F19="Low",1,IF(F19="Moderate",2,IF(F19="High",3,IF(F19="In debt distress",4,""))))) -> 1 | G91: =IF(G19="None",1,IF(G19="Low",1,IF(G19="Moderate",2,IF(G19="High",3,IF(G19="In debt distress",4,""))))) -> 1 | H91: =IF(H19="None",1,IF(H19="Low",1,IF(H19="Moderate",2,IF(H19="High",3,IF(H19="In debt distress",4,""))))) -> 1 | I91: =IF(I19="None",1,IF(I19="Low",1,IF(I19="Moderate",2,IF(I19="High",3,IF(I19="In debt distress",4,""))))) -> 1 | ... U91: =IF(U19="None",1,IF(U19="Low",1,IF(U19="Moderate",2,IF(U19="High",3,IF(U19="In debt distress",4,""))))) -> 4
A92: The Gambia | B92: =IF(B21="None",1,IF(B21="Low",1,IF(B21="Moderate",2,IF(B21="High",3,IF(B21="In debt distress",4,""))))) -> 2 | C92: =IF(C21="None",1,IF(C21="Low",1,IF(C21="Moderate",2,IF(C21="High",3,IF(C21="In debt distress",4,""))))) -> 3 | D92: =IF(D21="None",1,IF(D21="Low",1,IF(D21="Moderate",2,IF(D21="High",3,IF(D21="In debt distress",4,""))))) -> 3 | E92: =IF(E21="None",1,IF(E21="Low",1,IF(E21="Moderate",2,IF(E21="High",3,IF(E21="In debt distress",4,""))))) -> 3 | F92: =IF(F21="None",1,IF(F21="Low",1,IF(F21="Moderate",2,IF(F21="High",3,IF(F21="In debt distress",4,""))))) -> 3 | G92: =IF(G21="None",1,IF(G21="Low",1,IF(G21="Moderate",2,IF(G21="High",3,IF(G21="In debt distress",4,""))))) -> 3 | H92: =IF(H21="None",1,IF(H21="Low",1,IF(H21="Moderate",2,IF(H21="High",3,IF(H21="In debt distress",4,""))))) -> 2 | I92: =IF(I21="None",1,IF(I21="Low",1,IF(I21="Moderate",2,IF(I21="High",3,IF(I21="In debt distress",4,""))))) -> 2 | ... U92: =IF(U21="None",1,IF(U21="Low",1,IF(U21="Moderate",2,IF(U21="High",3,IF(U21="In debt distress",4,""))))) -> 3
A93: Ghana | B93: =IF(B22="None",1,IF(B22="Low",1,IF(B22="Moderate",2,IF(B22="High",3,IF(B22="In debt distress",4,""))))) -> 2 | C93: =IF(C22="None",1,IF(C22="Low",1,IF(C22="Moderate",2,IF(C22="High",3,IF(C22="In debt distress",4,""))))) -> 2 | D93: =IF(D22="None",1,IF(D22="Low",1,IF(D22="Moderate",2,IF(D22="High",3,IF(D22="In debt distress",4,""))))) -> 2 | E93: =IF(E22="None",1,IF(E22="Low",1,IF(E22="Moderate",2,IF(E22="High",3,IF(E22="In debt distress",4,""))))) -> 2 | F93: =IF(F22="None",1,IF(F22="Low",1,IF(F22="Moderate",2,IF(F22="High",3,IF(F22="In debt distress",4,""))))) -> 2 | G93: =IF(G22="None",1,IF(G22="Low",1,IF(G22="Moderate",2,IF(G22="High",3,IF(G22="In debt distress",4,""))))) -> 2 | H93: =IF(H22="None",1,IF(H22="Low",1,IF(H22="Moderate",2,IF(H22="High",3,IF(H22="In debt distress",4,""))))) -> 2 | I93: =IF(I22="None",1,IF(I22="Low",1,IF(I22="Moderate",2,IF(I22="High",3,IF(I22="In debt distress",4,""))))) -> 2 | ... U93: =IF(U22="None",1,IF(U22="Low",1,IF(U22="Moderate",2,IF(U22="High",3,IF(U22="In debt distress",4,""))))) -> 2
A94: Grenada | B94: =IF(B23="None",1,IF(B23="Low",1,IF(B23="Moderate",2,IF(B23="High",3,IF(B23="In debt distress",4,""))))) -> 3 | C94: =IF(C23="None",1,IF(C23="Low",1,IF(C23="Moderate",2,IF(C23="High",3,IF(C23="In debt distress",4,""))))) -> 3 | D94: =IF(D23="None",1,IF(D23="Low",1,IF(D23="Moderate",2,IF(D23="High",3,IF(D23="In debt distress",4,""))))) -> 3 | E94: =IF(E23="None",1,IF(E23="Low",1,IF(E23="Moderate",2,IF(E23="High",3,IF(E23="In debt distress",4,""))))) -> 3 | F94: =IF(F23="None",1,IF(F23="Low",1,IF(F23="Moderate",2,IF(F23="High",3,IF(F23="In debt distress",4,""))))) -> 3 | G94: =IF(G23="None",1,IF(G23="Low",1,IF(G23="Moderate",2,IF(G23="High",3,IF(G23="In debt distress",4,""))))) -> 3 | H94: =IF(H23="None",1,IF(H23="Low",1,IF(H23="Moderate",2,IF(H23="High",3,IF(H23="In debt distress",4,""))))) -> 3 | I94: =IF(I23="None",1,IF(I23="Low",1,IF(I23="Moderate",2,IF(I23="High",3,IF(I23="In debt distress",4,""))))) -> 4 | ... U94: =IF(U23="None",1,IF(U23="Low",1,IF(U23="Moderate",2,IF(U23="High",3,IF(U23="In debt distress",4,""))))) -> 4
A95: Guinea | B95: =IF(B24="None",1,IF(B24="Low",1,IF(B24="Moderate",2,IF(B24="High",3,IF(B24="In debt distress",4,""))))) -> 4 | C95: =IF(C24="None",1,IF(C24="Low",1,IF(C24="Moderate",2,IF(C24="High",3,IF(C24="In debt distress",4,""))))) -> 4 | D95: =IF(D24="None",1,IF(D24="Low",1,IF(D24="Moderate",2,IF(D24="High",3,IF(D24="In debt distress",4,""))))) -> 4 | E95: =IF(E24="None",1,IF(E24="Low",1,IF(E24="Moderate",2,IF(E24="High",3,IF(E24="In debt distress",4,""))))) -> 4 | F95: =IF(F24="None",1,IF(F24="Low",1,IF(F24="Moderate",2,IF(F24="High",3,IF(F24="In debt distress",4,""))))) -> 4 | G95: =IF(G24="None",1,IF(G24="Low",1,IF(G24="Moderate",2,IF(G24="High",3,IF(G24="In debt distress",4,""))))) -> 2 | H95: =IF(H24="None",1,IF(H24="Low",1,IF(H24="Moderate",2,IF(H24="High",3,IF(H24="In debt distress",4,""))))) -> 2 | I95: =IF(I24="None",1,IF(I24="Low",1,IF(I24="Moderate",2,IF(I24="High",3,IF(I24="In debt distress",4,""))))) -> 2 | ... U95: =IF(U24="None",1,IF(U24="Low",1,IF(U24="Moderate",2,IF(U24="High",3,IF(U24="In debt distress",4,""))))) -> 2
A96: Guinea-Bissau | B96: =IF(B25="None",1,IF(B25="Low",1,IF(B25="Moderate",2,IF(B25="High",3,IF(B25="In debt distress",4,""))))) -> 4 | C96: =IF(C25="None",1,IF(C25="Low",1,IF(C25="Moderate",2,IF(C25="High",3,IF(C25="In debt distress",4,""))))) -> 4 | D96: =IF(D25="None",1,IF(D25="Low",1,IF(D25="Moderate",2,IF(D25="High",3,IF(D25="In debt distress",4,""))))) -> 4 | E96: =IF(E25="None",1,IF(E25="Low",1,IF(E25="Moderate",2,IF(E25="High",3,IF(E25="In debt distress",4,""))))) -> 3 | F96: =IF(F25="None",1,IF(F25="Low",1,IF(F25="Moderate",2,IF(F25="High",3,IF(F25="In debt distress",4,""))))) -> 2 | G96: =IF(G25="None",1,IF(G25="Low",1,IF(G25="Moderate",2,IF(G25="High",3,IF(G25="In debt distress",4,""))))) -> 2 | H96: =IF(H25="None",1,IF(H25="Low",1,IF(H25="Moderate",2,IF(H25="High",3,IF(H25="In debt distress",4,""))))) -> 2 | I96: =IF(I25="None",1,IF(I25="Low",1,IF(I25="Moderate",2,IF(I25="High",3,IF(I25="In debt distress",4,""))))) -> 2 | ... U96: =IF(U25="None",1,IF(U25="Low",1,IF(U25="Moderate",2,IF(U25="High",3,IF(U25="In debt distress",4,""))))) -> 3
A97: Guyana | B97: =IF(B26="None",1,IF(B26="Low",1,IF(B26="Moderate",2,IF(B26="High",3,IF(B26="In debt distress",4,""))))) | C97: =IF(C26="None",1,IF(C26="Low",1,IF(C26="Moderate",2,IF(C26="High",3,IF(C26="In debt distress",4,""))))) | D97: =IF(D26="None",1,IF(D26="Low",1,IF(D26="Moderate",2,IF(D26="High",3,IF(D26="In debt distress",4,""))))) | E97: =IF(E26="None",1,IF(E26="Low",1,IF(E26="Moderate",2,IF(E26="High",3,IF(E26="In debt distress",4,""))))) -> 2 | F97: =IF(F26="None",1,IF(F26="Low",1,IF(F26="Moderate",2,IF(F26="High",3,IF(F26="In debt distress",4,""))))) -> 2 | G97: =IF(G26="None",1,IF(G26="Low",1,IF(G26="Moderate",2,IF(G26="High",3,IF(G26="In debt distress",4,""))))) -> 2 | H97: =IF(H26="None",1,IF(H26="Low",1,IF(H26="Moderate",2,IF(H26="High",3,IF(H26="In debt distress",4,""))))) -> 2 | I97: =IF(I26="None",1,IF(I26="Low",1,IF(I26="Moderate",2,IF(I26="High",3,IF(I26="In debt distress",4,""))))) -> 2 | ... U97: =IF(U26="None",1,IF(U26="Low",1,IF(U26="Moderate",2,IF(U26="High",3,IF(U26="In debt distress",4,""))))) -> 1
A98: Haiti | B98: =IF(B27="None",1,IF(B27="Low",1,IF(B27="Moderate",2,IF(B27="High",3,IF(B27="In debt distress",4,""))))) -> 3 | C98: =IF(C27="None",1,IF(C27="Low",1,IF(C27="Moderate",2,IF(C27="High",3,IF(C27="In debt distress",4,""))))) -> 3 | D98: =IF(D27="None",1,IF(D27="Low",1,IF(D27="Moderate",2,IF(D27="High",3,IF(D27="In debt distress",4,""))))) -> 3 | E98: =IF(E27="None",1,IF(E27="Low",1,IF(E27="Moderate",2,IF(E27="High",3,IF(E27="In debt distress",4,""))))) -> 3 | F98: =IF(F27="None",1,IF(F27="Low",1,IF(F27="Moderate",2,IF(F27="High",3,IF(F27="In debt distress",4,""))))) -> 3 | G98: =IF(G27="None",1,IF(G27="Low",1,IF(G27="Moderate",2,IF(G27="High",3,IF(G27="In debt distress",4,""))))) -> 3 | H98: =IF(H27="None",1,IF(H27="Low",1,IF(H27="Moderate",2,IF(H27="High",3,IF(H27="In debt distress",4,""))))) -> 3 | I98: =IF(I27="None",1,IF(I27="Low",1,IF(I27="Moderate",2,IF(I27="High",3,IF(I27="In debt distress",4,""))))) -> 3 | ... U98: =IF(U27="None",1,IF(U27="Low",1,IF(U27="Moderate",2,IF(U27="High",3,IF(U27="In debt distress",4,""))))) -> 3
A99: Honduras | B99: =IF(B28="None",1,IF(B28="Low",1,IF(B28="Moderate",2,IF(B28="High",3,IF(B28="In debt distress",4,""))))) -> 2 | C99: =IF(C28="None",1,IF(C28="Low",1,IF(C28="Moderate",2,IF(C28="High",3,IF(C28="In debt distress",4,""))))) -> 1 | D99: =IF(D28="None",1,IF(D28="Low",1,IF(D28="Moderate",2,IF(D28="High",3,IF(D28="In debt distress",4,""))))) -> 1 | E99: =IF(E28="None",1,IF(E28="Low",1,IF(E28="Moderate",2,IF(E28="High",3,IF(E28="In debt distress",4,""))))) -> 1 | F99: =IF(F28="None",1,IF(F28="Low",1,IF(F28="Moderate",2,IF(F28="High",3,IF(F28="In debt distress",4,""))))) -> 1 | G99: =IF(G28="None",1,IF(G28="Low",1,IF(G28="Moderate",2,IF(G28="High",3,IF(G28="In debt distress",4,""))))) -> 1 | H99: =IF(H28="None",1,IF(H28="Low",1,IF(H28="Moderate",2,IF(H28="High",3,IF(H28="In debt distress",4,""))))) -> 1 | I99: =IF(I28="None",1,IF(I28="Low",1,IF(I28="Moderate",2,IF(I28="High",3,IF(I28="In debt distress",4,""))))) -> 2 | ... U99: =IF(U28="None",1,IF(U28="Low",1,IF(U28="Moderate",2,IF(U28="High",3,IF(U28="In debt distress",4,""))))) -> 1
A100: Kenya | B100: =IF(B29="None",1,IF(B29="Low",1,IF(B29="Moderate",2,IF(B29="High",3,IF(B29="In debt distress",4,""))))) -> 1 | C100: =IF(C29="None",1,IF(C29="Low",1,IF(C29="Moderate",2,IF(C29="High",3,IF(C29="In debt distress",4,""))))) -> 1 | D100: =IF(D29="None",1,IF(D29="Low",1,IF(D29="Moderate",2,IF(D29="High",3,IF(D29="In debt distress",4,""))))) -> 1 | E100: =IF(E29="None",1,IF(E29="Low",1,IF(E29="Moderate",2,IF(E29="High",3,IF(E29="In debt distress",4,""))))) -> 1 | F100: =IF(F29="None",1,IF(F29="Low",1,IF(F29="Moderate",2,IF(F29="High",3,IF(F29="In debt distress",4,""))))) -> 1 | G100: =IF(G29="None",1,IF(G29="Low",1,IF(G29="Moderate",2,IF(G29="High",3,IF(G29="In debt distress",4,""))))) -> 1 | H100: =IF(H29="None",1,IF(H29="Low",1,IF(H29="Moderate",2,IF(H29="High",3,IF(H29="In debt distress",4,""))))) -> 1 | I100: =IF(I29="None",1,IF(I29="Low",1,IF(I29="Moderate",2,IF(I29="High",3,IF(I29="In debt distress",4,""))))) -> 1 | ... U100: =IF(U29="None",1,IF(U29="Low",1,IF(U29="Moderate",2,IF(U29="High",3,IF(U29="In debt distress",4,""))))) -> 3
A101: Kiribati | B101: =IF(B30="None",1,IF(B30="Low",1,IF(B30="Moderate",2,IF(B30="High",3,IF(B30="In debt distress",4,""))))) | C101: =IF(C30="None",1,IF(C30="Low",1,IF(C30="Moderate",2,IF(C30="High",3,IF(C30="In debt distress",4,""))))) | D101: =IF(D30="None",1,IF(D30="Low",1,IF(D30="Moderate",2,IF(D30="High",3,IF(D30="In debt distress",4,""))))) | E101: =IF(E30="None",1,IF(E30="Low",1,IF(E30="Moderate",2,IF(E30="High",3,IF(E30="In debt distress",4,""))))) | F101: =IF(F30="None",1,IF(F30="Low",1,IF(F30="Moderate",2,IF(F30="High",3,IF(F30="In debt distress",4,""))))) -> 3 | G101: =IF(G30="None",1,IF(G30="Low",1,IF(G30="Moderate",2,IF(G30="High",3,IF(G30="In debt distress",4,""))))) -> 3 | H101: =IF(H30="None",1,IF(H30="Low",1,IF(H30="Moderate",2,IF(H30="High",3,IF(H30="In debt distress",4,""))))) -> 3 | I101: =IF(I30="None",1,IF(I30="Low",1,IF(I30="Moderate",2,IF(I30="High",3,IF(I30="In debt distress",4,""))))) -> 3 | ... U101: =IF(U30="None",1,IF(U30="Low",1,IF(U30="Moderate",2,IF(U30="High",3,IF(U30="In debt distress",4,""))))) -> 3
A102: Kyrgyz Rep | B102: =IF(B31="None",1,IF(B31="Low",1,IF(B31="Moderate",2,IF(B31="High",3,IF(B31="In debt distress",4,""))))) -> 2 | C102: =IF(C31="None",1,IF(C31="Low",1,IF(C31="Moderate",2,IF(C31="High",3,IF(C31="In debt distress",4,""))))) -> 2 | D102: =IF(D31="None",1,IF(D31="Low",1,IF(D31="Moderate",2,IF(D31="High",3,IF(D31="In debt distress",4,""))))) -> 2 | E102: =IF(E31="None",1,IF(E31="Low",1,IF(E31="Moderate",2,IF(E31="High",3,IF(E31="In debt distress",4,""))))) -> 2 | F102: =IF(F31="None",1,IF(F31="Low",1,IF(F31="Moderate",2,IF(F31="High",3,IF(F31="In debt distress",4,""))))) -> 2 | G102: =IF(G31="None",1,IF(G31="Low",1,IF(G31="Moderate",2,IF(G31="High",3,IF(G31="In debt distress",4,""))))) -> 2 | H102: =IF(H31="None",1,IF(H31="Low",1,IF(H31="Moderate",2,IF(H31="High",3,IF(H31="In debt distress",4,""))))) -> 2 | I102: =IF(I31="None",1,IF(I31="Low",1,IF(I31="Moderate",2,IF(I31="High",3,IF(I31="In debt distress",4,""))))) -> 2 | ... U102: =IF(U31="None",1,IF(U31="Low",1,IF(U31="Moderate",2,IF(U31="High",3,IF(U31="In debt distress",4,""))))) -> 2
A103: Lao PDR | B103: =IF(B32="None",1,IF(B32="Low",1,IF(B32="Moderate",2,IF(B32="High",3,IF(B32="In debt distress",4,""))))) -> 3 | C103: =IF(C32="None",1,IF(C32="Low",1,IF(C32="Moderate",2,IF(C32="High",3,IF(C32="In debt distress",4,""))))) -> 3 | D103: =IF(D32="None",1,IF(D32="Low",1,IF(D32="Moderate",2,IF(D32="High",3,IF(D32="In debt distress",4,""))))) -> 3 | E103: =IF(E32="None",1,IF(E32="Low",1,IF(E32="Moderate",2,IF(E32="High",3,IF(E32="In debt distress",4,""))))) -> 3 | F103: =IF(F32="None",1,IF(F32="Low",1,IF(F32="Moderate",2,IF(F32="High",3,IF(F32="In debt distress",4,""))))) -> 3 | G103: =IF(G32="None",1,IF(G32="Low",1,IF(G32="Moderate",2,IF(G32="High",3,IF(G32="In debt distress",4,""))))) -> 2 | H103: =IF(H32="None",1,IF(H32="Low",1,IF(H32="Moderate",2,IF(H32="High",3,IF(H32="In debt distress",4,""))))) -> 2 | I103: =IF(I32="None",1,IF(I32="Low",1,IF(I32="Moderate",2,IF(I32="High",3,IF(I32="In debt distress",4,""))))) -> 2 | ... U103: =IF(U32="None",1,IF(U32="Low",1,IF(U32="Moderate",2,IF(U32="High",3,IF(U32="In debt distress",4,""))))) -> 4
... A136: Uganda | B136: =IF(B65="None",1,IF(B65="Low",1,IF(B65="Moderate",2,IF(B65="High",3,IF(B65="In debt distress",4,""))))) -> 1 | C136: =IF(C65="None",1,IF(C65="Low",1,IF(C65="Moderate",2,IF(C65="High",3,IF(C65="In debt distress",4,""))))) -> 1 | D136: =IF(D65="None",1,IF(D65="Low",1,IF(D65="Moderate",2,IF(D65="High",3,IF(D65="In debt distress",4,""))))) -> 1 | E136: =IF(E65="None",1,IF(E65="Low",1,IF(E65="Moderate",2,IF(E65="High",3,IF(E65="In debt distress",4,""))))) -> 1 | F136: =IF(F65="None",1,IF(F65="Low",1,IF(F65="Moderate",2,IF(F65="High",3,IF(F65="In debt distress",4,""))))) -> 1 | G136: =IF(G65="None",1,IF(G65="Low",1,IF(G65="Moderate",2,IF(G65="High",3,IF(G65="In debt distress",4,""))))) -> 1 | H136: =IF(H65="None",1,IF(H65="Low",1,IF(H65="Moderate",2,IF(H65="High",3,IF(H65="In debt distress",4,""))))) -> 1 | I136: =IF(I65="None",1,IF(I65="Low",1,IF(I65="Moderate",2,IF(I65="High",3,IF(I65="In debt distress",4,""))))) -> 1 | ... U136: =IF(U65="None",1,IF(U65="Low",1,IF(U65="Moderate",2,IF(U65="High",3,IF(U65="In debt distress",4,""))))) -> 2
A137: Uzbekistan | M137: 1 | N137: 1 | O137: 1 | P137: 1 | Q137: 1 | R137: 1 | S137: 1 | T137: 1 | U137: 1
A138: Vanuatu | B138: =IF(B67="None",1,IF(B67="Low",1,IF(B67="Moderate",2,IF(B67="High",3,IF(B67="In debt distress",4,""))))) | C138: =IF(C67="None",1,IF(C67="Low",1,IF(C67="Moderate",2,IF(C67="High",3,IF(C67="In debt distress",4,""))))) | D138: =IF(D67="None",1,IF(D67="Low",1,IF(D67="Moderate",2,IF(D67="High",3,IF(D67="In debt distress",4,""))))) -> 1 | E138: =IF(E67="None",1,IF(E67="Low",1,IF(E67="Moderate",2,IF(E67="High",3,IF(E67="In debt distress",4,""))))) -> 1 | F138: =IF(F67="None",1,IF(F67="Low",1,IF(F67="Moderate",2,IF(F67="High",3,IF(F67="In debt distress",4,""))))) -> 1 | G138: =IF(G67="None",1,IF(G67="Low",1,IF(G67="Moderate",2,IF(G67="High",3,IF(G67="In debt distress",4,""))))) -> 1 | H138: =IF(H67="None",1,IF(H67="Low",1,IF(H67="Moderate",2,IF(H67="High",3,IF(H67="In debt distress",4,""))))) -> 1 | I138: =IF(I67="None",1,IF(I67="Low",1,IF(I67="Moderate",2,IF(I67="High",3,IF(I67="In debt distress",4,""))))) -> 1 | ... U138: =IF(U67="None",1,IF(U67="Low",1,IF(U67="Moderate",2,IF(U67="High",3,IF(U67="In debt distress",4,""))))) -> 2
A139: Yemen | B139: =IF(B68="None",1,IF(B68="Low",1,IF(B68="Moderate",2,IF(B68="High",3,IF(B68="In debt distress",4,""))))) -> 3 | C139: =IF(C68="None",1,IF(C68="Low",1,IF(C68="Moderate",2,IF(C68="High",3,IF(C68="In debt distress",4,""))))) -> 3 | D139: =IF(D68="None",1,IF(D68="Low",1,IF(D68="Moderate",2,IF(D68="High",3,IF(D68="In debt distress",4,""))))) -> 3 | E139: =IF(E68="None",1,IF(E68="Low",1,IF(E68="Moderate",2,IF(E68="High",3,IF(E68="In debt distress",4,""))))) -> 3 | F139: =IF(F68="None",1,IF(F68="Low",1,IF(F68="Moderate",2,IF(F68="High",3,IF(F68="In debt distress",4,""))))) -> 3 | G139: =IF(G68="None",1,IF(G68="Low",1,IF(G68="Moderate",2,IF(G68="High",3,IF(G68="In debt distress",4,""))))) -> 3 | H139: =IF(H68="None",1,IF(H68="Low",1,IF(H68="Moderate",2,IF(H68="High",3,IF(H68="In debt distress",4,""))))) -> 2 | I139: =IF(I68="None",1,IF(I68="Low",1,IF(I68="Moderate",2,IF(I68="High",3,IF(I68="In debt distress",4,""))))) -> 2 | ... U139: =IF(U68="None",1,IF(U68="Low",1,IF(U68="Moderate",2,IF(U68="High",3,IF(U68="In debt distress",4,""))))) -> 4
A140: Zambia | B140: =IF(B69="None",1,IF(B69="Low",1,IF(B69="Moderate",2,IF(B69="High",3,IF(B69="In debt distress",4,""))))) -> 1 | C140: =IF(C69="None",1,IF(C69="Low",1,IF(C69="Moderate",2,IF(C69="High",3,IF(C69="In debt distress",4,""))))) -> 1 | D140: =IF(D69="None",1,IF(D69="Low",1,IF(D69="Moderate",2,IF(D69="High",3,IF(D69="In debt distress",4,""))))) -> 1 | E140: =IF(E69="None",1,IF(E69="Low",1,IF(E69="Moderate",2,IF(E69="High",3,IF(E69="In debt distress",4,""))))) -> 1 | F140: =IF(F69="None",1,IF(F69="Low",1,IF(F69="Moderate",2,IF(F69="High",3,IF(F69="In debt distress",4,""))))) -> 1 | G140: =IF(G69="None",1,IF(G69="Low",1,IF(G69="Moderate",2,IF(G69="High",3,IF(G69="In debt distress",4,""))))) -> 1 | H140: =IF(H69="None",1,IF(H69="Low",1,IF(H69="Moderate",2,IF(H69="High",3,IF(H69="In debt distress",4,""))))) -> 1 | I140: =IF(I69="None",1,IF(I69="Low",1,IF(I69="Moderate",2,IF(I69="High",3,IF(I69="In debt distress",4,""))))) -> 1 | ... U140: =IF(U69="None",1,IF(U69="Low",1,IF(U69="Moderate",2,IF(U69="High",3,IF(U69="In debt distress",4,""))))) -> 3
A141: Zimbabwe | B141: =IF(B70="None",1,IF(B70="Low",1,IF(B70="Moderate",2,IF(B70="High",3,IF(B70="In debt distress",4,""))))) -> 4 | C141: =IF(C70="None",1,IF(C70="Low",1,IF(C70="Moderate",2,IF(C70="High",3,IF(C70="In debt distress",4,""))))) -> 4 | D141: =IF(D70="None",1,IF(D70="Low",1,IF(D70="Moderate",2,IF(D70="High",3,IF(D70="In debt distress",4,""))))) -> 4 | E141: =IF(E70="None",1,IF(E70="Low",1,IF(E70="Moderate",2,IF(E70="High",3,IF(E70="In debt distress",4,""))))) -> 4 | F141: =IF(F70="None",1,IF(F70="Low",1,IF(F70="Moderate",2,IF(F70="High",3,IF(F70="In debt distress",4,""))))) -> 4 | G141: =IF(G70="None",1,IF(G70="Low",1,IF(G70="Moderate",2,IF(G70="High",3,IF(G70="In debt distress",4,""))))) -> 4 | H141: =IF(H70="None",1,IF(H70="Low",1,IF(H70="Moderate",2,IF(H70="High",3,IF(H70="In debt distress",4,""))))) -> 4 | I141: =IF(I70="None",1,IF(I70="Low",1,IF(I70="Moderate",2,IF(I70="High",3,IF(I70="In debt distress",4,""))))) -> 4 | ... U141: =IF(U70="None",1,IF(U70="Low",1,IF(U70="Moderate",2,IF(U70="High",3,IF(U70="In debt distress",4,""))))) -> 4
B142: =SUM(B73:B141) -> 142 | C142: =SUM(C73:C141) -> 142 | D142: =SUM(D73:D141) -> 143 | E142: =SUM(E73:E141) -> 136 | F142: =SUM(F73:F141) -> 140 | G142: =SUM(G73:G141) -> 133 | H142: =SUM(H73:H141) -> 130 | I142: =SUM(I73:I141) -> 139 | ... U142: =SUM(U73:U141) -> 174
B143: =B142/56 -> 2.5357143 | C143: =C142/57 -> 2.4912281 | D143: =D142/60 -> 2.3833333 | E143: =E142/62 -> 2.1935484 | F143: =F142/63 -> 2.2222222 | G143: =G142/63 -> 2.1111111 | H143: =H142/64 -> 2.03125 | I143: =I142/66 -> 2.1060606 | J143: =J142/67 -> 2.2089552 | K143: =K142/67 -> 2.2985075 | L143: =L142/67 -> 2.4626866 | M143: =M142/68 -> 2.5147059 | N143: =N142/69 -> 2.4492754 | O143: =O142/69 -> 2.5072464 | P143: =P142/69 -> 2.5942029 | Q143: =Q142/69 -> 2.6086957 | R143: =R142/69 -> 2.6086957 | S143: =S142/69 -> 2.5942029 | T143: =T142/69 -> 2.5507246 | U143: =U142/69 -> 2.5217391
A144: Low | B144: 13 | C144: 14 | D144: 15 | E144: 19 | F144: 18 | G144: 19 | H144: 21 | I144: 19 | J144: 13 | K144: 12 | L144: 10 | M144: 11 | N144: 13 | O144: 10 | P144: 7 | Q144: 7 | R144: 7 | S144: 7 | T144: 7 | U144: 8
A145: Moderate | B145: 18 | C145: 17 | D145: 21 | E145: 22 | F145: 24 | G145: 27 | H145: 27 | I145: 29 | J145: 35 | K145: 32 | L145: 28 | M145: 24 | N145: 22 | O145: 24 | P145: 23 | Q145: 24 | R145: 25 | S145: 26 | T145: 26 | U145: 26
A146: High | B146: 15 | C146: 14 | D146: 14 | E146: 15 | F146: 14 | G146: 12 | H146: 13 | I146: 14 | J146: 15 | K146: 18 | L146: 21 | M146: 24 | N146: 24 | O146: 26 | P146: 30 | Q146: 27 | R146: 25 | S146: 24 | T146: 26 | U146: 24
A147: In debt distress | B147: 12 | C147: 13 | D147: 11 | E147: 7 | F147: 8 | G147: 6 | H147: 4 | I147: 5 | J147: 5 | K147: 6 | L147: 9 | M147: 10 | N147: 10 | O147: 9 | P147: 9 | Q147: 11 | R147: 12 | S147: 12 | T147: 10 | U147: 11
B148: =SUM(B144:B147) -> 58 | C148: =SUM(C144:C147) -> 58 | D148: =SUM(D144:D147) -> 61 | E148: =SUM(E144:E147) -> 63 | F148: =SUM(F144:F147) -> 64 | G148: =SUM(G144:G147) -> 64 | H148: =SUM(H144:H147) -> 65 | I148: =SUM(I144:I147) -> 67 | ... O148: =SUM(O144:O147) -> 69 | P148: 69 | Q148: 69 | R148: 69 | S148: =SUM(S144:S147) -> 69 | T148: =SUM(T144:T147) -> 69 | U148: =SUM(U144:U147) -> 69
A149: Per cent high or in debt distress | B149: =(B146+B147)/B148 -> 0.46551724 | C149: =(C146+C147)/C148 -> 0.46551724 | D149: =(D146+D147)/D148 -> 0.40983607 | E149: =(E146+E147)/E148 -> 0.34920635 | F149: =(F146+F147)/F148 -> 0.34375 | G149: =(G146+G147)/G148 -> 0.28125 | H149: =(H146+H147)/H148 -> 0.26153846 | I149: =(I146+I147)/I148 -> 0.28358209 | ... U149: =(U146+U147)/U148 -> 0.50724638
...

Sheet 5. Public spending averages
A1: Country | C1: IMF risk rating | D1: PRGT / CF eligible | E1: External debt service average 2020-2025 | F1: Health spending (Index 2019 = 100) | M1: Education spending (Index 2019 = 100) | T1: Government spending not including interest (Index 2019 = 100)
